Workbook
Name bbStatus: #REF!
Name bbStatus: #REF!

Sheet Work Request numbers and descr.
E1: GS1 data pool - Data attributes do-it-yourself, garden and pets
E2: Work Request numbers and descriptions | J2: =CHAR(160)
A3: =COLUMN() -> 1 | B3: =COLUMN() -> 2 | C3: =COLUMN() -> 3 | D3: =COLUMN() -> 4 | E3: =COLUMN() -> 5 | F3: =COLUMN() -> 6 | G3: =COLUMN() -> 7
A4: Sprint sessie | B4: Datum | C4: WR nr | D4: Submitter | E4: Description NL | F4: Description ENG | G4: Status
C5: CHANGE-4500 | D5: GS1 Benelux | E5: Diverse kleine wijzigingen (Typo's e.d.) onder mandaat doorvoeren voor release 3.1.35. | F5: By mandate changes release 3.1.35. | G5: Af
C6: CHANGE-4508 | D6: GS1 Benelux | E6: Toevoegen FR vertalingen GPC Mei 2025 Publicatie. | F6: Add FR Translation GPC May 2025 Publication. | G6: Af
C7: CHANGE-4460 | D7: GS1 Benelux | E7: Doorvoeren wijzigingen als gevolg van GDSN codelijst wijzigingen voor de Mei 2026 release (3.1.35). | F7: Implement GDSN Codelist changes May 2026 release (3.1.35). | G7: Af
C8: CHANGE-4462 | D8: GS1 Benelux | E8: Doorvoeren wijzigingen als gevolg van GDSN attribuut wijzigingen voor de Mei 2026 release (3.1.35). | F8: Implement GDSN Attribute changes May 2026 release (3.1.35). | G8: Af
C9: CHANGE-4469 | D9: GS1 Benelux | E9: Doorvoeren wijzigingen in GPC namen en definities als gevolg van de GPC November 2025 publicatie voor de Mei 2026 release (3.1.35). | F9: Implement new GPC November 2025 Publication for the May 2026 release (3.1.35). | G9: Af
C10: CHANGE-4499 | D10: Procter & Gamble | E10: Toevoegen / wijzigen codelijsten met Stibat codes. | F10: Update Codelists for Stibat. | G10: Af
C11: CHANGE-4545 | D11: Varo | E11: Wijzigen / toeveogen attributen in GPC brick 10003486 'Doe-het-zelf Scharen (Niet-Aangedreven) '. | F11: Update GPC brick 10003486 'Heavy-Duty Shears (Non Powered) '. | G11: Af
C12: CHANGE-4571 | D12: LightMakers B.V. | E12: Toevoegen hout attributen in GPC brick 10005636 'Lampstandaards/Voetstukken'. | F12: Add the wood attributes to brick 10005636 'Lampstands/Bases'. | G12: Af
C13: CHANGE-4569 | D13: GS1 Netherlands | E13: Toevoegen attribuut 7.252 'Oorsprong van hout' aan GPC brick '10005253 Zwembad/Vijver/Waterpartij Benodigdheden/Accessoires/Gereedschappen'. | F13: Add 7.252 'Origin of wood'to GPC brick 10005253 'Pool/Pond/Water Feature Supplies/Accessories/Tools'. | G13: Af
C14: CHANGE-4567 | D14: Dijk Natural Collections | E14: Toevoegen hout attributen aan GPC brick 10002240 'Schilderijen'. | F14: Add the wood attributes to brick 10002240 'Paintings'. | G14: Af
C15: CHANGE-4566 | D15: Varo | E15: Wijzigen naar optioneel voor attribuut 8.429 'Indicator oplaadbaar' in GPC brick 10005642 'Fakkels/Lantaarns/Zaklampen (Aangedreven)'. | F15: Change attribute 8.429 'Rechargeable indicator' to optional for GPC brick 10005642 'Torches/Lanterns/Flashlights (Powered)'. | G15: Af
C16: CHANGE-4542 | D16: GS1 Benelux | E16: Corrigeren attribuutdefinitie voor attribuut 0.163 'Gemiddelde levensduur'. | F16: Correct attributedefinition for attribute 0.163 'Averagelife'. | G16: Af
... C39: CHANGE-4519 | D39: Varo | E39: Activeren GPC brick 10003787 'Beitels/Gutsen - Assortimenten'. | F39: Activate GPC brick 10003787 Chisels/Gouges Variety Packs | G39: Af

Sheet Fielddefinitions
D1: GS1 data pool - Data attributes do-it-yourself, garden and pets
D2: Field definitions
B3: 2 | C3: 3 | D3: 4 | E3: 5 | F3: 6 | G3: 7 | H3: 8 | I3: 9 | J3: 10 | K3: 11 | L3: 12 | M3: 13 | N3: 14 | O3: 15 | P3: 16 | Q3: 17 | R3: 18 | S3: 19 | T3: 20 | U3: 21 | V3: 22 | W3: 23 | X3: 24 | Y3: 25 | Z3: 26 | AB3: 28 | AC3: 29 | AD3: 30 | AE3: 31 | AF3: 32 | AG3: 33 | AH3: 34 | AI3: 35 | AJ3: 36 | AK3: 37 | AL3: 38 | AM3: 39 | AN3: 40 | AO3: 41
A4: FieldID | B4: FieldID replaced by | C4: FieldID deprecation date | D4: Attributename Dutch | E4: Definition Dutch | F4: Instruction Dutch | G4: Remark(s) Dutch | H4: Format | I4: Min Len | J4: Max Len | K4: Deci- mals | L4: Example | M4: UoM fixed | N4: Picklist ID | O4: Repeat | P4: Mand GDSN | Q4: Mand Funct | R4: Depen-dency | S4: Version | T4: GDSN name | U4: Attributename English | V4: Definition English | W4: Instruction English | X4: Remark(s) English | Y4: Attribute Category | Z4: XML Path | AA4: NA | AB4: Multi lingual | AC4: GDSN/ FREE? | AD4: Sort | AE4: Fixed or Commercial Field | AF4: Group | AG4: Group Repeat | AH4: Attributename French | AI4: Definition French | AJ4: Instruction French | AK4: Remark(s) French | AL4: Dependant field mandatory | AM4: BMS-ID | AN4: Validation-ID | AO4: Changed in this version
A5: 0.111 | D5: Code verpakkingstype | E5: Code die het type verpakking aangeeft. | F5: Bepaal de hoofdverpakkingselementen waaruit de verpakking van het product bestaat en benoem deze met een ‘specifiek’ verpakkingstype uit de codelijst. Zie online handleiding voor een beschrijving van de codes: - GS1 Belu: https://www.gs1belu.org/nl/documentatie/richtlijnen-keuze-verpakkingstype - GS1 NL: https://www.gs1.nl/kennisbank/gs1-data-source/levensmiddelen-drogisterij/codelijsten/codes-voor-verpakkingstypes/ Een hoofdverpakkingselement is dat deel van de verpakking dat - het product zijn vorm geeft; - het grootste verpakkingselement rondom het product is; - het overgrote deel van de productinformatie en afbeeldingen bevat; - essentieel is voor het behoud van de integriteit van het product. Bepaal tevens de verpakkingselementen die deel uitmaken van de geïdentificeerde hoofverpakkingselementen en hiervan door de consument (tijdens het gebruik en of aanbieding tot verwerking) of tijdens het post consumer verwerkingsproces (vb.: recyclage) gescheiden kunnen worden. Ken aan elk van deze verpakkingselementen de verpakkingstypecode 'PUG' (Verpakt, geen specificatie) toe. Voorbeeld 1: Chips verpakt in een zak. De zak is het enige hoofdverpakkingselement. Er zijn geen andere verpakkingselementen die deel uitmaken van de zak en hiervan door de consument of tijdens het post consumer verwerkingsproces gescheiden kunnen worden. Voorbeeld 2: Frisdrank verpakt in een fles met een dop en een label. De fles is het enige hoofdverpakkingselement. De dop en het label zijn verpakkingselementen die deel uitmaken van de fles en hiervan door de consument (vb. dop) of tijdens het post consumer verwerkingsproces (vb.: label) gescheiden kunnen worden. Voorbeeld 3: Tandpasta verpakt in een tube met een dop erop en een afsluitfolie die vervolgens verpakt wordt in een doos met folie eromheen. De tube en de doos zijn hoofdverpakkingselementen. De dop en de afsluitfolie zijn verpakkingselementen die deel uitmaken van de tube en hiervan door de consument gescheiden kunnen worden. De folie is een verpakkingselement dat deel uitmaakt van de doos en hiervan door de consument gescheiden kan worden. Als je de code 'CR' in dit veld invult, vul dan ook het veld 'Indicator emballageartikel/herbruikbaar artikel' (isPackagingMarkedReturnable) in. | H5: Picklist | I5: 1 | J5: 3 | L5: BX | N5: PackageTypeCode_GDSN | P5: No | Q5: Yes | S5: 6.0.2 | T5: packagingTypeCode | U5: Packaging type code | V5: Code indicating the type of packaging. | W5: Determine the main packaging elements that make up the product’s packaging and assign to each of them a specific packaging type from the code list. See the online manual for a description of the codes: - GS1 Belu: https://www.gs1belu.org/nl/documentatie/richtlijnen-keuze-verpakkingstype - GS1 NL: https://www.gs1.nl/kennisbank/gs1-data-source/levensmiddelen-drogisterij/codelijsten/codes-voor-verpakkingstypes/ A main packaging element is that part of the packaging which - gives the product its structural form or shape - is the largest packaging element around the product; - contains the bulk of the trade item's information and imaging - is essential for the preservation of the products integrity Also determine the packaging elements that are part of the identified main packaging elements and which can be separated from them by the consumer (during use and/or disposal) or during the post-consumer processing phase (e.g., recycling). Assign to each of these packaging elements the packaging type code 'PUG' (Packed, unspecified). Example 1: Chips packed in a bag. The bag is the only main packaging element. There are no other packaging elements that are part of the bag and can be separated from it by the consumer or during the post-consumer processing phase. Example 2: Soft drink packed in a bottle with a cap and a label. The bottle is the only main packaging element. The cap and the label are packaging elements that are part of the bottle and can be separated from it by the consumer (e.g., cap) or during the post-consumer processing phase (e.g., label). Example 3: Toothpaste packed in a tube with a cap and a sealing foil, which is then packed in a box with shrink film around it. The tube and the box are main packaging elements. The cap and the sealing foil are packaging elements that are part of the tube and can be separated from it by the consumer. The shrink film is a packaging element that is part of the box and can be separated from it by the consumer. If you fill in the code 'CR' in this field, then also fill in the 'Packaging marked returnable indicator' (isPackagingMarkedReturnable) field. | Y5: Packaging | Z5: /catalogue_item_notification:catalogueItemNotificationMessage/transaction/documentCommand/catalogue_item_notification:catalogueItemNotification/catalogueItem/tradeItem/tradeItemInformation/extension/*[namespace-uri()='urn:gs1:gdsn:packaging_information:xsd:3' and local-name()='packagingInformationModule']/packaging/packagingTypeCode | AC5: GDSN | AD5: S0024 | AE5: FF | AF5: 0.111 | AG5: 999 | AH5: Code du type d’emballage | AI5: Code indiquant le type d'emballage. | AJ5: Déterminez les éléments d’emballage principaux qui composent l’emballage du produit et identifiez-les à l’aide d’un type d’emballage spécifique issu de la liste de codes. Consultez le manuel en ligne pour une description des codes : - GS1 Belu : Directives choix type d’emballage | GS1 Belgium & Luxembourg - GS1 NL : https://www.gs1.nl/kennisbank/gs1-data-source/levensmiddelen-drogisterij/codelijsten/codes-voor-verpakkingstypes/ Un élément d’emballage principal est la partie de l’emballage qui : - donne sa forme au produit ; - constitue l’élément d’emballage le plus grand autour du produit ; - contient la grande majorité des informations produit et des visuels ; - est essentielle au maintien de l’intégrité du produit. Déterminez également les éléments d’emballage qui font partie des éléments d’emballage principaux identifiés et qui peuvent en être séparés par le consommateur (lors de l’utilisation et/ou de la mise à disposition pour le traitement) ou lors du processus de traitement post-consommation (par exemple : recyclage). Attribuez à chacun de ces éléments d’emballage le code de type d’emballage ‘PUG’ (Emballé, pas de spécification). Exemple 1 : Chips emballées dans un sachet. Le sachet est le seul élément d’emballage principal. Il n’existe pas d’autre élément d’emballage faisant partie du sachet et pouvant en être séparé par le consommateur ou lors du processus de traitement post-consommation. Exemple 2 : Boisson rafraîchissante emballée dans une bouteille avec un bouchon et une étiquette. La bouteille est le seul élément d’emballage principal. Le bouchon et l’étiquette sont des éléments d’emballage faisant partie de la bouteille et pouvant en être séparés par le consommateur (p. ex. le bouchon) ou lors du processus de traitement post-consommation (p. ex. l’étiquette). Exemple 3 : Dentifrice emballé dans un tube avec un bouchon et un film de scellage, puis emballé dans une boîte entourée d’un film. Le tube et la boîte sont des éléments d’emballage principaux. Le bouchon et le film de scellage sont des éléments d’emballage faisant partie du tube et pouvant en être séparés par le consommateur. Le film est un élément d’emballage faisant partie de la boîte et pouvant en être séparé par le consommateur. Si vous renseignez le code ‘CR’ dans ce champ, veuillez également compléter le champ ‘Indicateur d'article d'emballage/article réutilisable ‘ (isPackagingMarkedReturnable). | AM5: 2186 | AO5: CHANGE-4114
A6: 0.136 | D6: Classificatie verpakkingsmateriaal | E6: Identificeert de classificatie van het verpakkingsmateriaal dat in elke verpakkingscomponent wordt gebruikt. Er wordt aangenomen dat de classificatie van een verpakkingsmateriaal een bredere materiaalgroep is waar andere verpakkingsmaterialen onder passen zoals geclassificeerd door een specifiek bureau. Deze eigenschap wordt ingevuld door een lokale codelijst. | F6: Geef voor alle enkelvoudige polymeer verpakkingsmaterialen (POLYMER …) en alle samengestelde verpakkingsmaterialen (COMPOSITE of LAMINATED_CARTON) die minstens één polymeer‑materiaalcomponent bevatten aan of deze vormvast [RIGID] of flexibel [FLEXIBLE]zijn. Gebruik tevens het veld ‘Classificatie samengesteld verpakkingsmateriaal’ om aan te geven of de afzonderlijke polymere materiaalcomponenten van het samengestelde verpakkingsmateriaal vormvast [RIGID] of flexibel [FLEXIBLE] zijn. Voorbeeld: enkelvoudig polymeer verpakkingsmateriaal * Code verpakkingstype: BO (fles) * Code verpakkingsmateriaal: POLYMER_PE (Polyethyleen (PE)) * Classificatie verpakkingsmateriaal: RIGID Voorbeeld: samengesteld verpakkingsmateriaal met een polymere materiaalcomponent * Code verpakkingstype: BG (zak) * Code verpakkingsmateriaal: COMPOSITE * Classificatie verpakkingsmateriaal: FLEXIBLE * Samengesteld verpakkingsmateriaal - Code verpakkingsmateriaal: POLYMER_PE (Polyethyleen (PE)) * Classificatie samengesteld verpakkingsmateriaal: FLEXIBLE * Samengesteld verpakkingsmateriaal - Code verpakkingsmateriaal: METAL_ALUMINIUM (Aluminium) | G6: Verplicht als het attribuut 'Code verpakkingsmateriaal' een POLYMER bevat of als het attribuut 'Code verpakkingsmateriaal' de codes 'COMPOSITE' of 'LAMINATED_CARTON' bevat en het attribuut 'Samengesteld verpakkingsmateriaal - Code verpakkingsmateriaa'l minstens 1 maal een POLYMER bevat. | H6: Picklist | I6: 1 | J6: 80 | L6: RIGID | N6: NL_PackagingMaterialClassificationCodeReferencecodeList | P6: No | S6: 3.1.27 | T6: packagingMaterialClassificationCodeReference | U6: Packaging material classification code reference | V6: Identifies the packing material classification used in each packaging component. It is assumed that a packaging material classification would be a broader material grouping that other packaging materials would fit under as classified by a specific agency. This attribute is populated by local code lists. | W6: For all single polymer packaging materials (POLYMER …) and all composite packaging materials (COMPOSITE or LAMINATED_CARTON) containing at least one polymer material component, indicate whether they are rigid [RIGID] or flexible [FLEXIBLE]. Also use the field ‘Composite material detail packaging material classification code’ to indicate whether the individual polymer material components of the composite packaging material, are rigid [RIGID] or flexible [FLEXIBLE]. Example: single polymeric packaging material * Packaging type code: BO (bottle) * Packaging material type code: POLYMER_PE (Polyethylene (PE)) * Packaging material classification code: RIGID Example: composite packaging material with a polymeric material component * Packaging type code: BG (bag). * Packaging material code: COMPOSITE * Packaging material classification code: FLEXIBLE * Composite material detail packaging material type code: POLYMER_PE (Polyethylene (PE)) * Composite material detail packaging material classification code: FLEXIBLE * Composite material detail packaging material type code: METAL_ALUMINIUM (Aluminium) | X6: Mandatory if the field 'Packaging material type code' contains a POLYMER or if 'Packaging material type code' equals 'COMPOSITE" or 'LAMINATED_CARTON' and 'Composite material detail packaging material type code' contains at least one POLYMER. | Y6: Packaging | Z6: /catalogue_item_notification:catalogueItemNotificationMessage/transaction/documentCommand/catalogue_item_notification:catalogueItemNotification/catalogueItem/tradeItem/tradeItemInformation/extension/*[namespace-uri()='urn:gs1:gdsn:packaging_information:xsd:3' and local-name()='packagingInformationModule']/packaging/packagingMaterial/packagingMaterialClassificationCodeReference | AC6: GDSN | AD6: S0026.10 | AE6: FF | AF6: 0.114 | AG6: 999 | AH6: Classification du matériau d'emballage | AI6: Identifie la classification du matériau d'emballage utilisé dans chaque composant de l'emballage. On suppose que la classification des matériaux d'emballage correspond à un groupe de matériaux plus large dans lequel s'inscrivent les autres matériaux d'emballage classés par une agence spécifique. Cet attribut est alimenté par des listes de codes locaux. | AJ6: Pour tous les matériaux d’emballage monocomposant en polymère (POLYMER …) et pour les matériaux d’emballage composites (COMPOSITE ou LAMINATED_CARTON) contenant au moins un composant en matériau polymère, indiquez si cuex-ci sont rigide [RIGID] ou flexible [FLEXIBLE]. Utilisez également le champ 'Classification du matériau d'emballage composite' pour indiquer si les composants polymères individuels du matériau d’emballage composite sont rigides [RIGID] ou flexibles [FLEXIBLE]. Exemple: matériau mono en polymère * Code du type d’emballage : BO (bouteille) * Code du matériau d’emballage : POLYMER_PE (Polyéthylène (PE)) * Classification du matériau d’emballage : RIGID Exemple: matériau composite avec un composant en matériau polymère * Code du type d’emballage : BG (sachet) * Code du matériau d’emballage : COMPOSITE * Classification du matériau d’emballage : FLEXIBLE * Matériau d’emballage composite : Code du matériau d’emballage: POLYMER_PE (Polyéthylène (PE)) * Classification du matériau d’emballage composite : FLEXIBLE * Matériau d’emballage composite : Code du matériau d’emballage : METAL_ALUMINIUM (Aluminium) | AK6: Si le champ 'Code de matériau d'emballage' est un POLYMER ou si l'attribut 'Code de matériau d'emballage' est rempli avec le code 'COMPOSITE' ou 'LAMINATED_CARTON' et 'Matériau d’emballage composite : Code du matériau d'emballage' contient au moins 1 POLYMER. | AM6: 2220 | AO6: CHANGE-4111
A7: 0.137 | D7: Samengesteld verpakkingsmateriaal - Classificatie verpakkingsmateriaal | E7: Identificeert de classificatie van het verpakkingsmateriaal dat in elke verpakkingscomponent wordt gebruikt. Er wordt aangenomen dat de classificatie van een verpakkingsmateriaal een bredere materiaalgroep is waar andere verpakkingsmaterialen onder passen zoals geclassificeerd door een specifiek bureau. Deze eigenschap wordt ingevuld door een lokale codelijst. | F7: Geef voor alle polymeer materiaalcomponenten (POLYMER …) van een samengesteld verpakkingsmateriaal aan of deze vormvast [RIGID] of flexibel [FLEXIBLE] zijn. Gebruik tevens het veld ‘Classificatie verpakkingsmateriaal’ om aan te geven of het samengestelde verpakkingsmateriaal zelf vormvast [RIGID] of flexibel [FLEXIBLE] is. Voorbeeld: samengesteld verpakkingsmateriaal met een polymere materiaalcomponent * Code verpakkingstype: BG (zak) * Code verpakkingsmateriaal: COMPOSITE * Classificatie verpakkingsmateriaal: FLEXIBLE * Samengesteld verpakkingsmateriaal - Code verpakkingsmateriaal: POLYMER_PE (Polyethyleen (PE)) * Classificatie samengesteld verpakkingsmateriaal: FLEXIBLE * Samengesteld verpakkingsmateriaal - Code verpakkingsmateriaal: METAL_ALUMINIUM (Aluminium) | G7: Verplicht als het veld 'Samengesteld verpakkingsmateriaal - Code verpakkingsmateriaal' een POLYMER is. | H7: Picklist | I7: 1 | J7: 80 | L7: RIGID | N7: NL_PackagingMaterialClassificationCodeReferencecodeList | P7: No | S7: 3.1.27 | T7: packagingMaterialClassificationCodeReference | U7: Packaging composite material classification code reference | V7: Identifies the packing material classification used in each packaging component. It is assumed that a packaging material classification would be a broader material grouping that other packaging materials would fit under as classified by a specific agency. This attribute is populated by local code lists. | W7: For all polymer material components (POLYMER …) of a composite packaging material, indicate whether they are rigid [RIGID] or flexible [FLEXIBLE]. Also use field ‘Packaging material classification code’ to indicate whether the composite packaging material itself is rigid [RIGID] or flexible [FLEXIBLE]. Example: composite material with a polymer material component * Packaging type code: BG (bag). * Packaging material code: COMPOSITE * Packaging material classification code: FLEXIBLE * Composite material detail packaging material type code: POLYMER_PE (Polyethylene (PE)) * Composite material detail packaging material classification code: FLEXIBLE * Composite material detail packaging material type code: METAL_ALUMINIUM (Aluminium) | X7: Mandatory if the field 'Composite material detail packaging material type code' is populated with a POLYMER. | Y7: Packaging | Z7: /catalogue_item_notification:catalogueItemNotificationMessage/transaction/documentCommand/catalogue_item_notification:catalogueItemNotification/catalogueItem/tradeItem/tradeItemInformation/extension/*[namespace-uri()='urn:gs1:gdsn:packaging_information:xsd:3' and local-name()='packagingInformationModule']/packaging/packagingMaterial/compositeMaterialDetail/packagingMaterialClassificationCodeReference | AC7: GDSN | AD7: S0026.11 | AE7: FF | AF7: 0.119 | AG7: 999 | AH7: Classification du matériau d'emballage composite | AI7: Identifie la classification du matériau d'emballage utilisé dans chaque composant de l'emballage. On suppose que la classification des matériaux d'emballage correspond à un groupe de matériaux plus large dans lequel s'inscrivent les autres matériaux d'emballage classés par une agence spécifique. Cet attribut est alimenté par des listes de codes locaux. | AJ7: Pour tous les composants en matériau polymère (POLYMER …) d’un matériau d’emballage composite, indiquez si cuex-ci sont rigide [RIGID] ou flexible [FLEXIBLE]. Utilisez également le champ ' Classification du matériau d’emballage ' pour indiquer si le matériau d’emballage composite lui‑même est rigide [RIGID] ou flexible [FLEXIBLE]. Exemple: matériau composite avec un composant en matériau polymère * Code du type d’emballage : BG (sachet) * Code du matériau d’emballage : COMPOSITE * Classification du matériau d’emballage : FLEXIBLE * Matériau d’emballage composite : Code du matériau d’emballage: POLYMER_PE (Polyéthylène (PE)) * Classification du matériau d’emballage composite : FLEXIBLE * Matériau d’emballage composite : Code du matériau d’emballage : METAL_ALUMINIUM (Aluminium) | AK7: Si le champ 'Code de matériau d'emballage composite' est un POLYMER. | AM7: 2242 | AO7: CHANGE-4111
A8: 0.114 | D8: Code verpakkingsmateriaal | E8: De materialen die voor de verpakking van het artikel zijn gebruikt, bijvoorbeeld glas of kunststof. Deze materiaalinformatie kan door data-afnemers worden gebruikt voor: - Berekening van belastingen/bijdragen/accijnzen. - Berekening/schatting van koolstofvoetafdruk (optimalisatie van hulpbronnen). - Het bepalen van het gebruikte materiaal. | F8: Bepaal voor elke verpakkingselement uit welke materialen het bestaat. Dit kunnen enkelvoudige (mono) of samengestelde (composiet) materialen zijn. Een samengesteld materiaal is een materiaal dat bestaat uit twee of meer verschillende materialen die, wanneer ze worden gecombineerd, eigenschappen hebben die verschillen van de afzonderlijke componenten. Deze afzonderlijke componenten kunnen niet mechanisch van elkaar gescheiden worden. Als het verpakkingselement bestaat uit een enkelvoudig materiaal, selecteer dan een specifiek verpakkingsmateriaal uit de codelijst. Gebruik de codes ‘PLASTIC_BIO_PLASTIC’, ‘PLASTIC_OTHER’ of ‘PLASTIC_THERMOPLASTICS’ niet. Gebruik in plaats daarvan één van de POLYMER-codes. Als het verpakkingselement uit een samengesteld materiaal bestaat, selecteer dan code ‘COMPOSITE’. Voor drankkartons selecteer je in dat geval code ‘LAMINATED_CARTON’. Gebruik het veld ‘Samengesteld verpakkingsmateriaal - Code verpakkingsmateriaal’ om de verschillende materiaalcomponenten waaruit het samengestelde materiaal bestaat, te specificeren. Voorbeeld: enkelvoudig (mono) materiaal * Code verpakkingstype: BO (fles) * Code verpakkingsmateriaal: POLYMER_PE (Polyethyleen (PE)) Voorbeeld: samengesteld (composiet) materiaal * Code verpakkingstype: BG (zak) * Code verpakkingsmateriaal: COMPOSITE * Samengesteld verpakkingsmateriaal - Code verpakkingsmateriaal: POLYMER_PE (Polyethyleen (PE)) * Samengesteld verpakkingsmateriaal - Code verpakkingsmateriaal: METAL_ALUMINUM (Aluminium) Green-Score: Indien GDSN wordt gebruikt om productinformatie te delen die vereist is om de ecoscore van producten te berekenen overeenkomstig de “Green-Score”-methodologie van het “Green-Score Collective”, moet de standaardinformatie die vereist is op de verpakking van de consumenteneenheid zoals die in het schap wordt weergegeven, worden verstrekt overeenkomstig de huidige instructies. In aanvulling op de huidige instructies moet het attribuut “Packaging Material Type Code” worden gebruikt om het materiaaltype te specificeren voor alle verpakkingstypes die worden vermeld in “Packaging Type Code”. Als de “Code soort verpakkingsmateriaal” gelijk is aan “COMPOSITE” of “LAMINATED_CARTON”, gebruik dan het attribuut “Samengestelde verpakking: Code verpakkingstype” om het type verpakkingsmateriaal te definiëren. Raadpleeg de 'Handleiding aanlevering Green-score gerelateerde product informatie' voor meer informatie over het delen van Green-score relevante productinformatie in GDSN: https://www.gs1belu.org/nl/documentatie/handleiding-aanlevering-Green-score-gerelateerde-product-informatie | H8: Picklist | I8: 1 | J8: 80 | L8: GLASS | N8: PackagingMaterialTypeCode | P8: No | S8: 9.4.0 | T8: packagingMaterialTypeCode | U8: Packaging material type code | V8: The materials used for the packaging of the trade item, for example glass or plastic. This material information can be used by data recipients for: - Tax calculations/fees/duties calculation - Carbon footprint calculations/estimations (resource optimisation) - To determine the material used | W8: For each packaging element, determine what materials it is made of. This can be single (mono) or composite materials. A composite material is a material that is made of two or more different materials when combined, produce a material with characteristics different from the individual components. These individual components cannot be separated mechanically. If the packaging element consists of a single material, select a specific packaging material type from the code list. Do not use codes ‘PLASTIC_BIO_PLASTIC’, ‘PLASTIC_OTHER’ or ‘PLASTIC_THERMOPLASTICS’. Instead, use one of the POLYMER codes. If the packaging element consists of a composite material, select code ‘COMPOSITE’. For beverage cartons, select ‘LAMINATED_CARTON’. Use the field ‘Composite material detail packaging material type code’ to specify the different material components the composite material is made of. Example: single (mono) material * Packaging type code: BO (bottle) * Packaging material type code: POLYMER_PE (Polyethylene (PE)) Example: composite material * Packaging type code: BG (bag) * Packaging material type code: COMPOSITE * Composite material detail packaging material type code: POLYMER_PE (Polyethylene (PE) * Composite material detail packaging material type code: METAL_ALUMINUM (Aluminium) Green-score: In case GDSN is used to share product information required to calculate the products Green-score in line with the 'Green-score' methodology of 'Green-score Collective', standard required packaging info of the consumer unit as presented on shelf needs to be supplied in line with current instructions. In addition to the current instructions field “Packaging material type code” needs to be used to specify the material type for all packaging types listed in ' Packaging type code '. In case “Packaging material type code” equals 'COMPOSITE' or 'LAMINATED_CARTON' use field “Composite material detail packaging material type code” to define the packaging material type. For more information on how to share Green-score relevant information+F26 in GDSN check out 'Manual on delivery of Green-score related product information': https://www.gs1belu.org/en/documentation/manual-delivery-green-score-related-product-information | Y8: Packaging | Z8: /catalogue_item_notification:catalogueItemNotificationMessage/transaction/documentCommand/catalogue_item_notification:catalogueItemNotification/catalogueItem/tradeItem/tradeItemInformation/extension/*[namespace-uri()='urn:gs1:gdsn:packaging_information:xsd:3' and local-name()='packagingInformationModule']/packaging/packagingMaterial/packagingMaterialTypeCode | AC8: GDSN | AD8: S0026.2 | AE8: FF | AF8: 0.114 | AG8: 999 | AH8: Code de matériau d'emballage | AI8: Les matériaux utilisés pour l'emballage de l'article, par exemple du verre ou du plastique. Ces informations de matériaux peuvent être utilisées par des collecteurs de données pour: - Le calcul d'impôts/taxes/accises. - Le calcul/l'estimation de l'empreinte carbone (optimisation des ressources). - La détermination du matériau utilisé. | AJ8: Pour chaque élément d’emballage, déterminez de quels matériaux il est constitué. Il peut s’agir de matériaux monocomposants (mono) ou de matériaux composites. Un matériau composite est un matériau constitué de deux ou plusieurs matériaux différents qui, une fois combinés, présentent des caractéristiques différentes de celles des composants individuels. Ces composants ne peuvent pas être séparés mécaniquement. Si l’élément d’emballage est composé d’un mono matériau, sélectionnez un code spécifique de matériau d’emballage dans la liste de codes. N’utilisez pas les codes 'PLASTIC_BIO_PLASTIC', 'PLASTIC_OTHER' ou 'PLASTIC_THERMOPLASTICS'. Utilisez l’un des codes POLYMER. Si l’élément d’emballage est constitué d’un matériau composite, sélectionnez le code 'COMPOSITE'. Pour les cartons pour boissons, sélectionnez 'LAMINATED_CARTON'. Utilisez le champ 'Matériau d’emballage composite : Code du matériau d’emballage' pour spécifier les différents composants dont se compose le matériau composite. Exemple: matériau mono * Code du type d’emballage: BO (Bouteille) * Code de matériau d’emballage: POLYMER_PE (Polyéthylène (PE)) Exemple: matériau composite * Code du type d’emballage: BG (sachet) * Code de matériau d’emballage: COMPOSITE * Matériau d’emballage composite : Code du matériau d’emballage: POLYMER_PE (Polyéthylène (PE)) * Matériau d’emballage composite : Code du matériau d’emballage: METAL_ALUMINUM (Aluminium) Green-Score: Si GDSN est utilisé pour partager les informations des produits nécessaires au calcul de l'écoscore des produits conformément à la méthodologie 'Green-Score' du 'Collectif Green-Score', les informations standard requises sur l'emballage de l'unité consommateur telle que présentée en rayon doivent être fournies conformément aux instructions actuelles. En plus des instructions actuelles, l'attribut 'Code de type de matériau d'emballage' doit être utilisé pour spécifier le type de matériau pour tous les types d'emballage énumérés dans 'Code du type d'emballage'. Si le 'Code de type de matériau d'emballage' est égal à 'COMPOSITE' ou 'LAMINATED_CARTON', utilisez l'attribut 'Emballage composite: Code de type d'emballage' pour définir le type de matériau d'emballage. Pour plus d'informations sur la manière de partager les informations relatives au Green-score dans le GDSN, consultez 'Manuel consacré à la fourniture des informations produits relatives au Green-score': https://www.gs1belu.org/fr/documentation/manuel-consacre-la-fourniture-des-informations-produits-relatives-au-green-score | AM8: 2206 | AO8: CHANGE-4107
A9: 0.115 | D9: Verpakkingsmateriaal dikte | E9: De dikte van het verpakkingsmateriaal. | F9: Voor alle enkelvoudige aluminium verpakkingsmaterialen (METAL_ALUMINUM) moet de dikte van het verpakkingsmateriaal worden opgegeven. Voorbeeld: enkelvoudig aluminium verpakkingsmateriaal * Code verpakkingstype: CNG (Blik) * Code verpakkingsmateriaal: METAL_ALUMINUM (Aluminium) * Verpakkingsmateriaal dikte: 100 * Eenheid materiaaldikte: 4H (Micrometer) Voor samengestelde verpakkingsmaterialen (COMPOSITE of LAMINATED_CARTON) die aluminium materiaalcomponenten (METAL_ALUMINUM) bevatten met een gewicht dat minimaal 50% van het totale gewicht van het samengestelde verpakkingsmateriaal bedraagt, moet de dikte van het verpakkingsmateriaal worden opgegeven. Het is aan te raden ook het veld ‘Samengesteld verpakkingsmateriaal – Materiaaldikte’ te gebruiken om de dikte van de afzonderlijke aluminium materiaalcomponenten van het samengestelde verpakkingsmateriaal op te geven. Voorbeeld: samengesteld verpakkingsmateriaal met een aluminium materiaalcomponent * Code verpakkingstype: BG (zak) * Code verpakkingsmateriaal: COMPOSITE * Verpakkingsmateriaal dikte: 120 * Eenheid materiaaldikte: 4H (Micrometer) * Samengesteld verpakkingsmateriaal - Code verpakkingsmateriaal: POLYMER_PE (Polyethyleen (PE)) * Samengesteld verpakkingsmateriaal - Code verpakkingsmateriaal:METAL_ALUMINUM (Aluminium) * Samengesteld verpakkingsmateriaal - Materiaaldikte: 100 * Samengesteld verpakkingsmateriaal - Eenheid materiaaldikte: 4H (Micrometer) De aanbevolen meeteenheid voor het opgeven van de dikte van het materiaal is micrometer (4H). | G9: Verplicht als 'Code verpakkingsmateriaal' gelijk is aan METAL_ALUMINUM. Verplicht als 'Code verpakkingsmateriaal' gelijk is aan ‘COMPOSITE’ en het ‘Samengesteld verpakkingsmateriaal - Code verpakkingsmateriaal’ voor minstens één van de materiaalcomponenten ‘METAL_ALUMINUM’ is, en het gewicht van de ‘METAL_ALUMINUM’-componenten 50% of meer bedraagt van het totale gewicht van het samengestelde materiaal. | H9: NumberPicklist | I9: 1 | J9: 70 | K9: 3 | L9: 30 | N9: MeasurementUnitCode_GDSN | P9: No | S9: 9.4.0 | T9: packagingMaterialThickness | U9: Packaging material thickness | V9: The thickness of a packaging material. | W9: For all single aluminium packaging materials (METAL_ALUMINUM) specify the thickness of the packaging material. Example: single metal packaging material * Packaging type code: CNG (CAN). * Packaging material type code: METAL_ALUMINUM (Aluminium) * Packaging material thickness: 100 * Packaging material thickness UOM: 4H (Micrometre) For composite packaging materials (COMPOSITE or LAMINATED_CARTON) containing aluminium material components (METAL_ALUMINUM) with a weigth which is minimum 50% of the total weight of the composite packaging material, specify the thickness of the packaging material. Advice is to also use field 'Composite material detail packaging material thickness' to specify the thickness of the individual aluminium material components of the composite packaging material. Example: composite packaging material containing an aluminium material component * Packaging type code: BG (bag). * Packaging material code: COMPOSITE * Packaging material thickness: 120 * Packaging material thickness UOM: 4H (Micrometre) * Composite material detail packaging material type code: POLYMER_PE (Polyethylene (PE)) * Composite material detail packaging material type code: METAL_ALUMINUM (Aluminium) * Composite material detail packaging material thickness: 100 * Composite material detail packaging material thickness UOM: 4H (Micrometre) The recommended unit of measurement for specifying the thickness of the material is micrometres (4H). | X9: Mandatory if 'Packaging material type code' equals ‘METAL_ALUMINUM’. Mandatory if 'Packaging material type code' is 'COMPOSITE' and 'Composite material detail packaging material type code' is ‘METAL_ALUMINUM’ for at least one of the material components and the weight of the ‘METAL_ALUMINUM’ components is 50% or more of the total weight of composite material. | Y9: Packaging | Z9: /catalogue_item_notification:catalogueItemNotificationMessage/transaction/documentCommand/catalogue_item_notification:catalogueItemNotification/catalogueItem/tradeItem/tradeItemInformation/extension/*[namespace-uri()='urn:gs1:gdsn:packaging_information:xsd:3' and local-name()='packagingInformationModule']/packaging/packagingMaterial/packagingMaterialThickness | AC9: GDSN | AD9: S0026.3 | AE9: FF | AF9: 0.114 | AG9: 999 | AH9: Épaisseur du matériau | AI9: L'épaisseur du matériau d'emballage. | AJ9: Pour tous les matériaux d’emballage monocomposant en aluminium (METAL_ALUMINUM), l’épaisseur du matériau d’emballage doit être indiquée. Exemple: matériau mono en aluminium * Code du type d’emballage : CNG (canette) * Code de matériau d’emballage : METAL_ALUMINUM (Aluminium) * Épaisseur du matériau d’emballage: 100 * Unité de mesure de l’épaisseur du matériau d’emballage: 4H (Micromètre) Pour les matériaux d’emballage composites (COMPOSITE ou LAMINATED_CARTON) contenant des composants en aluminium (METAL_ALUMINUM) dont le poids représente au minimum 50 % du poids total du matériau composite, spécifier l’épaisseur du matériau d’emballage. Il est recommandé de spécifier également l’épaisseur de chaque composant aluminium du composite dans le champ 'Matériau d’emballage composite : Épaisseur'. Exemple: matériau composite contenant un composant en aluminium * Code du type d’emballage: BG (sachet) * Code de matériau d’emballage: COMPOSITE * Épaisseur du matériau d’emballage : 120 * Unité de mesure de l’épaisseur du matériau d’emballage : 4H (Micromètre) * Matériau d’emballage composite : Code du matériau d’emballage : POLYMER_PE (Polyéthylène (PE)) * Matériau d’emballage composite : Code du matériau d’emballage : METAL_ALUMINUM (Aluminium) * Matériau d’emballage composite : Épaisseur: 100 * Matériau d’emballage composite : Unité de mesure de l’épaisseur: 4H (Micromètre) L'unité de mesure recommandée est le micromètre (4H). | AK9: Obligatoire si 'Code de matériau d'emballage' est égal à 'METAL_ALUMINUM'. Obligatoire si le 'Code de matériau d'emballage' est égal à 'COMPOSITE' et si le 'Matériau d’emballage composite : Code du matériau d'emballage' est 'METAL_ALUMINUM' pour au moins un des composants matériels, et si le poids des composants 'METAL_ALUMINUM' représente 50 % ou plus du poids total du matériau composite. | AM9: 2218 | AO9: CHANGE-4107
A10: 0.119 | D10: Samengesteld verpakkingsmateriaal - Code verpakkingsmateriaal | E10: De materialen die voor de verpakking van het artikel zijn gebruikt, bijvoorbeeld glas of kunststof. Deze materiaalinformatie kan door data-afnemers worden gebruikt voor: - Berekening van belastingen/bijdragen/accijnzen. - Berekening/schatting van koolstofvoetafdruk (optimalisatie van hulpbronnen). - Het bepalen van het gebruikte materiaal. | F10: Bepaal voor elk samengesteld (composiet) verpakkingsmateriaal , uit welke verschillende materiaalcomponenten het is opgebouwd. Gebruik de codes ‘PLASTIC_BIO_PLASTIC’, ‘PLASTIC_OTHER’ of ‘PLASTIC_THERMOPLASTICS’ niet. Gebruik in plaats daarvan een van de POLYMER‑codes. Een samengesteld materiaal is een materiaal dat bestaat uit twee of meer verschillende materialen die, wanneer ze worden gecombineerd, eigenschappen hebben die verschillen van de afzonderlijke componenten. Deze afzonderlijke componenten kunnen niet mechanisch van elkaar gescheiden worden. Voorbeeld: * Code verpakkingstype: BG (zak) * Code verpakkingsmateriaal: COMPOSITE * Samengesteld verpakkingsmateriaal - Code verpakkingsmateriaal: POLYMER_PE (Polyethyleen (PE)) * Samengesteld verpakkingsmateriaal - Code verpakkingsmateriaal: METAL_ALUMINUM (Aluminium) | H10: Picklist | I10: 1 | J10: 80 | L10: GLASS | N10: PackagingMaterialTypeCode | P10: No | S10: 9.4.0 | T10: packagingMaterialTypeCode | U10: Composite material detail packaging material type code | V10: The materials used for the packaging of the trade item, for example glass or plastic. This material information can be used by data recipients for: - Tax calculations/fees/duties calculation - Carbon footprint calculations/estimations (resource optimisation) - To determine the material used. | W10: For each composite packaging material, list the different material components it consists of. Do not use codes ‘PLASTIC_BIO_PLASTIC’, ‘PLASTIC_OTHER’ or ‘PLASTIC_THERMOPLASTICS’. Use one of the POLYMER codes instead. A composite material is a material that is made of two or more different materials when combined, produce a material with characteristics different from the individual components. These individual components cannot be separated mechanically. Example: * Packaging type code: BG (bag) * Packaging material type code: COMPOSITE * Composite material detail packaging material type code: POLYMER_PE (Polyethylene (PE)) * Composite material detail packaging material type code: METAL_ALUMINUM (Aluminium) | Y10: Packaging | Z10: /catalogue_item_notification:catalogueItemNotificationMessage/transaction/documentCommand/catalogue_item_notification:catalogueItemNotification/catalogueItem/tradeItem/tradeItemInformation/extension/*[namespace-uri()='urn:gs1:gdsn:packaging_information:xsd:3' and local-name()='packagingInformationModule']/packaging/packagingMaterial/compositeMaterialDetail/packagingMaterialTypeCode | AC10: GDSN | AD10: S0026.7 | AE10: FF | AF10: 0.119 | AG10: 999 | AH10: Matériau d’emballage composite : Code du matériau d'emballage | AI10: Les matériaux utilisés pour l'emballage de l'article, par exemple du verre ou du plastique. Ces informations de matériaux peuvent être utilisées par des collecteurs de données pour: - Le calcul d'impôts/taxes/accises. - Le calcul/l'estimation de l'empreinte carbone (optimisation des ressources). - La détermination du matériau utilisé. | AJ10: Pour chaque matériau d’emballage composite (COMPOSITE ou LAMINATED_CARTON), specifiez les différents composants matériels qui le constituent. N’utilisez pas les codes PLASTIC_BIO_PLASTIC, PLASTIC_OTHER ou PLASTIC_THERMOPLASTICS. Utilisez l’un des codes POLYMER. Un matériau composite est un matériau constitué de deux ou plusieurs matériaux différents qui, une fois combinés, présentent des caractéristiques différentes de celles des composants individuels. Ces composants ne peuvent pas être séparés mécaniquement. Exemple: matériau composite * Code du type d’emballage: BG (sachet) * Code de matériau d’emballage: COMPOSITE * Matériau d’emballage composite : Code du matériau d’emballage: POLYMER_PE (Polyéthylène (PE)) * Matériau d’emballage composite : Code du matériau d’emballage: METAL_ALUMINUM (Aluminium) | AM10: 2237 | AO10: CHANGE-4107
A11: 0.121 | D11: Samengesteld verpakkingsmateriaal - Materiaaldikte | E11: De dikte van het verpakkingsmateriaal. | F11: Het advies is om de dikte in te voeren van de aluminiummateriaal-componenten (METAL_ALUMINUM) waaruit het samengestelde verpakkingsmateriaal is opgebouwd. Voorbeeld: samengesteld verpakkingsmateriaal dat een metalen materiaalcomponent bevat. * Code verpakkingstype: BG (zak) * Code verpakkingsmateriaal: COMPOSITE * Verpakkingsmateriaal dikte: 120 * Eenheid materiaaldikte: 4H (Micrometer) * Samengesteld verpakkingsmateriaal - Code verpakkingsmateriaal: POLYMER_PE (Polyethyleen (PE)) * Samengesteld verpakkingsmateriaal - Code verpakkingsmateriaal: METAL_ALUMINUM (Aluminium) * Samengesteld verpakkingsmateriaal - Materiaaldikte: 100 * Samengesteld verpakkingsmateriaal - Eenheid materiaaldikte: 4H (Micrometre) De aanbevolen meeteenheid voor het opgeven van de dikte van het materiaal is micrometer (4H). | H11: NumberPicklist | I11: 1 | J11: 70 | K11: 3 | L11: 30 (4H) | N11: MeasurementUnitCode_GDSN | P11: No | S11: 9.4.0 | T11: packagingMaterialThickness | U11: Composite Material detail packaging material thickness | V11: The thickness of a packaging material. | W11: Advice to enter the thickness of the aluminium material (METAL_ALUMINUM) components that make up the composite packaging material. Example: composite packaging material containing a metal material component * Packaging type code: BG (bag). * Packaging material code: COMPOSITE * Packaging material thickness: 120 * Packaging material thickness UOM: 4H (Micrometre) * Composite material detail packaging material type code: POLYMER_PE (Polyethylene (PE)) * Composite material detail packaging material type code: METAL_ALUMINUM (Aluminium) * Composite material detail packaging material thickness: 100 * Composite material detail packaging material thickness UOM: 4H (Micrometre) The recommended unit of measurement to specify the thickness of the material is micrometres (4H). | Y11: Packaging | Z11: /catalogue_item_notification:catalogueItemNotificationMessage/transaction/documentCommand/catalogue_item_notification:catalogueItemNotification/catalogueItem/tradeItem/tradeItemInformation/extension/*[namespace-uri()='urn:gs1:gdsn:packaging_information:xsd:3' and local-name()='packagingInformationModule']/packaging/packagingMaterial/compositeMaterialDetail/packagingMaterialThickness | AC11: GDSN | AD11: S0026.9 | AE11: FF | AF11: 0.119 | AG11: 999 | AH11: Emballage composite: épaisseur | AI11: L'épaisseur du matériau d'emballage. | AJ11: Il est recommandé de préciser l’épaisseur des composants en aluminium (METAL_ALUMINUM) qui constituent le matériau d’emballage composite. Exemple: matériau composite contenant un composant en aluminium * Code du type d’emballage: BG (sachet) * Code de matériau d’emballage: COMPOSITE * Épaisseur du matériau d’emballage : 120 * Unité de mesure de l’épaisseur du matériau d’emballage : 4H (Micromètre) * Matériau d’emballage composite : Code du matériau d’emballage : POLYMER_PE (Polyéthylène (PE)) * Matériau d’emballage composite : Code du matériau d’emballage : METAL_ALUMINUM (Aluminium) * Matériau d’emballage composite : Épaisseur: 100 * Matériau d’emballage composite : Unité de mesure de l’épaisseur: 4H (Micromètre) L'unité de mesure recommandée est le micromètre (4H). | AM11: 2240 | AO11: CHANGE-4107
A12: 0.124 | D12: Code grondstof in de verpakking | E12: Een code die het type grondstof of gerecycleerd materiaal beschrijft waarvan het verpakkingsmateriaal is gemaakt. | F12: Als een enkelvoudig (mono) verpakkingsmateriaal grondstoffen bevat van gerecycleerde oorsprong, selecteer dan de code ‘RECYCLED’ en specificeer het percentage gebruikte gerecycleerde grondstof in het veld ‘Percentage grondstof in de verpakking’. Als een enkelvoudig (mono) verpakkingsmateriaal kunststof grondstoffen van biologisch oorsprong bevat, selecteer dan de code ‘BIOLOGICAL_PLASTIC’ en specificeer het percentage gebruikte kunststof van biologisch oorsprong in het veld ‘Percentage grondstof in de verpakking’. Het is niet verplicht om informatie op te geven voor grondstof codes ‘CRUDE_OIL’ (Ruwe olie) en ‘NEW_RAW_MATERIAL_OTHER’ (Nieuwe grondstof overig). Green-Score: Wanneer GDSN wordt gebruikt om productinformatie te delen die vereist is voor het bereken van de Green-Score van een product conform de 'Green-Score' methodologie van het 'Green-Score Collective' is de volgende instructie van toepassing: Als je in het veld 'Code verpakkingsmateriaal' (packagingMaterialTypeCode) een van de volgende waarden hebt ingevuld: CORRUGATED_BOARD_DOUBLE_WALL, CORRUGATED_BOARD_OTHER, CORRUGATED_BOARD_SINGLE_WALL, CORRUGATED_BOARD_TRIPLE_WALL, PAPER_MOLDED_PULP, PAPER_OTHER, PAPER_PAPER, PAPER_PAPERBOARD, dan vul je de code 'RECYCLED' in het veld 'Code grondstof in de verpakking' (packagingRawMaterialCode) in. Raadpleeg de 'Handleiding aanlevering Green-Score gerelateerde product informatie' voor meer informatie over het delen van Green-Score relevante productinformatie in GDSN: https://www.gs1belu.org/nl/documentatie/handleiding-aanlevering-green-score-gerelateerde-product-informatie | G12: Verplicht wanneer product informatie die nodig is om de Green-Score van het product te berekenen of wanneer de herkomst van het verpakkingsmateriaal moet worden gedeeld. Verplicht voor NL doelmarkt als enkelvoudig verpakkingsmateriaal gerecycleerde grondstoffen of biogebaseerde kunststofgrondstoffen bevat. | H12: Picklist | I12: 1 | J12: 35 | L12: RECYCLED | N12: PackagingRawMaterialCode | P12: No | S12: 3.1.23 | T12: packagingRawMaterialCode | U12: Packaging raw material code | V12: A code describing the type of raw or recycled material the packaging material is made from. | W12: If a single (mono) packaging material contains raw materials of recycled origin, select code ‘RECYCLED’ and specify the % of recycled raw material used in field ‘Packaging raw material content percentage’. If a single (mono) packaging material contains plastic/polymer raw materials of bological origin, select code ‘BIOLOGICAL_PLASTIC’ and specify the % of plastic/polymer raw material of biological origin used in field ‘Packaging raw material content percentage’. It is not mandatory to supply information on raw materal codes ‘CRUDE_OIL’ nor ‘NEW_RAW_MATERIAL_OTHER’. Green-Score: In case GDSN is used to share product information required to calculate the product's Green-Score in line with the 'Green-Score' methodology of 'Green-Score Collective' the following instruction applies: If you filled out one of the values (CORRUGATED_BOARD_DOUBLE_WALL, CORRUGATED_BOARD_OTHER, CORRUGATED_BOARD_SINGLE_WALL, CORRUGATED_BOARD_TRIPLE_WALL, PAPER_MOLDED_PULP, PAPER_OTHER, PAPER_PAPER, PAPER_PAPERBOARD) in the field 'Packaging material type code' (packagingMaterialTypeCode), then also fill out the code value 'RECYCLED' in the field 'Packaging raw material code' (packagingRawMaterialCode). For more information on how to share Green-Score relevant information in GDSN check out 'Manual on the delivery of Green-Score related product information': https://www.gs1belu.org/en/documentation/manual-delivery-green-score-related-product-information | X12: Mandatory in case product information required to calculate the products Green-Score or when the origin of the packaging material must be shared. Mandatory for NL target market if mono packaging material contains recycled or biobased plastic raw materials. | Y12: Packaging | Z12: /catalogue_item_notification:catalogueItemNotificationMessage/transaction/documentCommand/catalogue_item_notification:catalogueItemNotification/catalogueItem/tradeItem/tradeItemInformation/extension/*[namespace-uri()='urn:gs1:gdsn:packaging_information:xsd:3' and local-name()='packagingInformationModule']/packaging/packagingMaterial/packagingRawMaterialInformation/packagingRawMaterialCode | AC12: GDSN | AD12: S0033-1 | AE12: FF | AF12: 0.124 | AG12: 999 | AH12: Code matière première de l'emballage | AI12: Un code décrivant le type de matériau brut ou recyclé à partir duquel le matériau d'emballage est fabriqué. | AJ12: Si un matériau d’emballage monocomposant (mono) contient des matières premières d’origine recyclée, sélectionnez le code 'RECYCLED' et indiquez le pourcentage de matière première recyclée utilisée dans le champ 'Pourcentage de la matière première dans l’emballage'. Si un matériau d’emballage monocomposant (mono) contient des matières premières d’origine plastique biosourcée, sélectionnez le code ' BIOLOGICAL_PLASTIC' et indiquez le pourcentage de matière première d’origine plastique biosourcée utilisée dans le champ 'Pourcentage de la matière première dans l’emballage'. Il n’est pas obligatoire de fournir des informations pour les codes de matières premières 'CRUDE_OIL' (Pétrole brut) et 'NEW_RAW_MATERIAL_OTHER' (Nouvelle matière première autre). Green-Score: Si GDSN est utilisé pour partager les informations des produits nécessaires au calcul de l'écoscore des produits conformément à la méthodologie 'Green-Score' du 'Collectif Green-Score', l'instruction suivante s'applique. Si le 'Code de type de matériau d'emballage' est égal à l'une des valeurs suivantes (CORRUGATED_BOARD_DOUBLE_WALL, CORRUGATED_BOARD_OTHER, CORRUGATED_BOARD_SINGLE_WALL, CORRUGATED_BOARD_TRIPLE_WALL, PAPER_MOLDED_PULP, PAPER_OTHER, PAPER_PAPER, PAPER_PAPERBOARD), l'attribut 'Code de matière première d'emballage' doit être complété par la valeur 'RECYCLED'. Pour plus d'informations sur la manière de partager les informations relatives à l'Green-Score dans le GDSN, consultez 'Manuel consacré à la fourniture des informations produits relatives au Green-score': https://www.gs1belu.org/fr/documentation/manuel-consacre-la-fourniture-des-informations-produits-relatives-au-green-score | AK12: Obligatoire dans le cas où les informations sur le produit sont nécessaires pour calculer le Green-Score du produit ou lorsque l'origine du matériau d'emballage doit être communiquée. Obligatoire pour le marché cible NL si le matériau d’emballage monocomposant (mono) contient des matières premières d’origine plastique biosourcée ou des matières premières recyclées. | AM12: 6306 | AO12: CHANGE-4113
A13: 0.125 | D13: Percentage grondstof in de verpakking | E13: Het percentage van het type grondstof waarvan het verpakkingsmateriaal is gemaakt. | F13: Voer het percentage in van de bijbehorende ‘Code grondstof in de verpakking'. Green-Score: Wanneer GDSN wordt gebruikt om productinformatie te delen die vereist is voor het bereken van de Green-Score van een product conform de 'Green-Score' methodologie van het 'Green-Score Collective' is de volgende instructie van toepassing. Wanneer 'Code grondstof in de verpakking' gelijk is aan 'RECYCLED', dient attribuut 'Percentage grondstof in de verpakking' ingevuld te worden. Vul het % gerecylceerd materiaal in dat werd gebruikt. Raadpleeg 'Handleiding aanlevering Green-Score gerelateerde product informatie' voor meer informatie over het delen van Green-Score relevante productinformatie in GDSN: https://www.gs1belu.org/nl/documentatie/handleiding-aanlevering-Green-Score-gerelateerde-product-informatie | G13: Verplicht wanneer product informatie die nodig is om de Green-Score van het product te berekenen of wanneer de herkomst van het verpakkingsmateriaal moet worden gedeeld. Verplicht voor NL doelmarkt als het veld 'Code grondstof in de verpakking' is ingevuld. | H13: Number | I13: 3 | J13: 70 | K13: 5 | L13: 55 | P13: No | R13: 0.124 | S13: 3.1.23 | T13: packagingRawMaterialContentPercentage | U13: Packaging raw material content percentage | V13: The percentage of the type of raw material the packaging material is made from. | W13: Enter the percentage of the associated 'Packaging raw material code'. Green-Score: In case GDSN is used to share product information required to calculate the product's Green-Score in line with the 'Green-Score' methodology of 'Green-Score Collective' the following instruction applies. If 'Packaging raw composite material code' equals 'RECYCLED', 'Packaging raw composite material content percentage' needs to be entered. Fill in the % of recycled material that is used. For more information on how to share Green-Score relevant information in GDSN check out 'Manual on delivery of Green-Score related product information': https://www.gs1belu.org/en/documentation/manual-delivery-green-score-related-product-information | X13: Mandatory in case product information required to calculate the products Green-Score or when the origin of the packaging material must be shared. Mandatory for NL target market if the field ‘Packaging raw material code’ is populated. | Y13: Packaging | Z13: /catalogue_item_notification:catalogueItemNotificationMessage/transaction/documentCommand/catalogue_item_notification:catalogueItemNotification/catalogueItem/tradeItem/tradeItemInformation/extension/*[namespace-uri()='urn:gs1:gdsn:packaging_information:xsd:3' and local-name()='packagingInformationModule']/packaging/packagingMaterial/packagingRawMaterialInformation/packagingRawMaterialContentPercentage | AC13: GDSN | AD13: S0033-2 | AE13: FF | AF13: 0.124 | AG13: 999 | AH13: Pourcentage de la teneur en type de matière première | AI13: Le pourcentage du type de matière première à partir duquel le matériau d'emballage est fabriqué. | AJ13: Indiquez le pourcentage correspondant au ‘Code de la matière première dans l’emballage’. Green-score: Si GDSN est utilisé pour partager les informations des produits nécessaires au calcul du Green-score des produits conformément à la méthodologie 'Green-score' du 'Collectif Green-score', l'instruction suivante s'applique. Si l'attribut 'Code de matière première d'emballage' est égal à 'RECYCLED', il faut également remplir l'attribut 'Pourcentage de la matière première dans l'emballage'. Indiquez le pourcentage de matériaux recyclés qui ont été utilisés. Pour plus d'informations sur la manière de partager les informations relatives au Green-score dans le GDSN, consultez 'Manuel consacré à la fourniture des informations produits relatives au Green-score': https://www.gs1belu.org/fr/documentation/manuel-consacre-la-fourniture-des-informations-produits-relatives-au-green-score | AK13: Obligatoire dans le cas où les informations sur le produit sont nécessaires pour calculer l'Green-Score du produit ou lorsque l'origine du matériau d'emballage doit être communiquée. Obligatoire pour le marché cible NL si le champ Code de la matière première dans l'emballage est renseigné. | AL13: Yes | AM13: 6307 | AO13: CHANGE-4113
A14: 0.126 | D14: Samengesteld verpakkingsmateriaal - Code grondstof in de verpakking | E14: Een code die het type grondstof of gerecycleerd materiaal beschrijft waarvan het verpakkingsmateriaal is gemaakt. | F14: Als een materiaalcomponent van een samengesteld verpakkingsmateriaal grondstoffen van gerecycleerde oorsprong bevat, selecteer dan de code ‘RECYCLED’ en specificeer het percentage gebruikte gerecycleerde grondstof in het veld ‘Percentage composiet grondstof in de verpakking’. Als een materiaalcomponent van een samengesteld verpakkingsmateriaal gebaseerd is op kunststof van biologisch oorsprong, selecteer dan de code ‘BIOLOGICAL_PLASTIC’ en specificeer het percentage gebruikte kunststof van biologisch oorsprong in het veld ‘Percentage composiet grondstof in de verpakking’. Het is niet verplicht om informatie op te geven voor grondstof codes ‘CRUDE_OIL’ (Ruwe olie) en ‘NEW_RAW_MATERIAL_OTHER’ (Nieuwe grondstof overig).. Green-Score: Wanneer GDSN wordt gebruikt om productinformatie te delen die vereist is voor het bereken van de Green-Score van een product conform de 'Green-Score' methodologie van het 'Green-Score Collective' is de volgende instructie van toepassing: Als je in het veld 'Samengesteld verpakkingsmateriaal - Code verpakkingsmateriaal' (packagingMaterialTypeCode) een van de volgende waarden hebt ingevuld: CORRUGATED_BOARD_DOUBLE_WALL, CORRUGATED_BOARD_OTHER, CORRUGATED_BOARD_SINGLE_WALL, CORRUGATED_BOARD_TRIPLE_WALL, PAPER_MOLDED_PULP, PAPER_OTHER, PAPER_PAPER, PAPER_PAPERBOARD, dan vul je de code 'RECYCLED' in het veld 'Code composiet grondstof in de verpakking' (packagingRawMaterialCode) in. Raadpleeg de 'Handleiding aanlevering Green-Score gerelateerde product informatie' voor meer informatie over het delen van Green-Score relevante productinformatie in GDSN: https://www.gs1belu.org/nl/documentatie/handleiding-aanlevering-Green-Score-gerelateerde-product-informatie | G14: Verplicht wanneer product informatie die nodig is om de Green-Score van het product te berekenen of wanneer de herkomst van het verpakkingsmateriaal moet worden gedeeld. Verplicht voor NL doelmarkt als de materiaalcomponent van een samgengesteld verpakkingsmateriaal gerecycleerde grondstoffen of biogebaseerde kunststofgrondstoffen bevat. | H14: Picklist | I14: 1 | J14: 35 | L14: RECYCLED | N14: PackagingRawMaterialCode | P14: No | S14: 3.1.23 | T14: packagingRawMaterialCode | U14: Packaging raw composite material code | V14: A code describing the type of raw or recycled material the packaging material is made from. | W14: If a material component of a composite packaging material contains raw materials of recycled origin, select code ‘RECYCLED’ and specify the % of recycled raw material used in field ‘Packaging raw composite material content percentage’. If a material component of a composite packaging material contains plastic/polymer raw materials of bological origin, select code ‘BIOLOGICAL_PLASTIC’ and specify the % of plastic/polymer raw material of biological origin used in field ‘Packaging raw composite material content percentage’. It is not mandatory to supply information on raw materal codes ‘CRUDE_OIL’ nor ‘NEW_RAW_MATERIAL_OTHER’. Green-score: In case GDSN is used to share product information required to calculate the product's Green-scorein line with the 'Green-score' methodology of 'Green-scoreCollective' the following instruction applies: If you filled out one of the values (CORRUGATED_BOARD_DOUBLE_WALL, CORRUGATED_BOARD_OTHER, CORRUGATED_BOARD_SINGLE_WALL, CORRUGATED_BOARD_TRIPLE_WALL, PAPER_MOLDED_PULP, PAPER_OTHER, PAPER_PAPER, PAPER_PAPERBOARD) in the field 'Composite packaging material type code' (packagingMaterialTypeCode), then also fill out the code value 'RECYCLED' in the field 'Packaging raw composite material code' (packagingRawMaterialCode). For more information on how to share Green-score relevant information in GDSN check out 'Manual on delivery of Green-score related product information':https://www.gs1belu.org/nl/documentatie/handleiding-aanlevering-green-score-gerelateerde-product-informatie | X14: Mandatory in case product information required to calculate the products Green-Score or when the origin of the packaging material must be shared. Mandatory for NL target market if the material component of a composite packaging material contains recycled or biobased plastic raw materials. | Y14: Packaging | Z14: /catalogue_item_notification:catalogueItemNotificationMessage/transaction/documentCommand/catalogue_item_notification:catalogueItemNotification/catalogueItem/tradeItem/tradeItemInformation/extension/*[namespace-uri()='urn:gs1:gdsn:packaging_information:xsd:3' and local-name()='packagingInformationModule']/packaging/packagingMaterial/compositeMaterialDetail/packagingRawMaterialInformation/packagingRawMaterialCode | AC14: GDSN | AD14: S0033-3 | AE14: FF | AF14: 0.126 | AG14: 999 | AH14: Code matière première composite de l'emballage | AI14: Un code décrivant le type de matériau brut ou recyclé à partir duquel le matériau d'emballage est fabriqué. | AJ14: Si un composant matériel d’un matériau d’emballage composite est à base de matière d’origine recyclée, sélectionnez le code 'RECYCLED' et indiquez le pourcentage de matière recyclée utilisée dans le champ 'Pourcentage de la matière première composite dans l’emballage'. Si un composant matériel d’un matériau d’emballage composite contient des matières premières d’origine plastique biosourcée, sélectionnez le code ' BIOLOGICAL_PLASTIC' et indiquez le pourcentage de matière première d’origine plastique biosourcée utilisée dans le champ 'Pourcentage de la matière première composite dans l’emballage'. Il n’est pas obligatoire de fournir des informations pour les codes de matières premières 'CRUDE_OIL' (Pétrole brut) et 'NEW_RAW_MATERIAL_OTHER' (Nouvelle matière première autre). Green-Score: Si GDSN est utilisé pour partager les informations des produits nécessaires au calcul de l'écoscore des produits conformément à la méthodologie 'Green-Score' du 'Collectif Green-Score', l'instruction suivante s'applique. Si le 'Emballage composite: Code de type d'emballage' est égal à l'une des valeurs suivantes (CORRUGATED_BOARD_DOUBLE_WALL, CORRUGATED_BOARD_OTHER, CORRUGATED_BOARD_SINGLE_WALL, CORRUGATED_BOARD_TRIPLE_WALL, PAPER_MOLDED_PULP, PAPER_OTHER, PAPER_PAPER, PAPER_PAPERBOARD), l'attribut 'Code de la matière première composite dans l'emballage' doit être complété par la valeur 'RECYCLED'. Pour plus d'informations sur la manière de partager les informations relatives à l'Green-Score dans le GDSN, consultez 'Manuel consacré à la fourniture des informations produits relatives au Green-score': https://www.gs1belu.org/fr/documentation/manuel-consacre-la-fourniture-des-informations-produits-relatives-au-green-score | AK14: Obligatoire dans le cas où les informations sur le produit sont nécessaires pour calculer l'Green-Score du produit ou lorsque l'origine du matériau d'emballage doit être communiquée. Obligatoire pour le marché cible NL si un composant matériel d’un matériau d’emballage composite contient des matières premières d’origine plastique biosourcée ou de matières premières recyclées. | AM14: 6311 | AO14: CHANGE-4113
A15: 0.127 | D15: Samengesteld verpakkingsmateriaal - Percentage grondstof in de verpakking | E15: Het percentage van het type grondstof waarvan het verpakkingsmateriaal is gemaakt. | F15: Voer het percentage in van de bijbehorende ‘Code composiet grondstof in de verpakking’. Green-Score: Wanneer GDSN wordt gebruikt om productinformatie te delen die vereist is voor het bereken van de Green-Score van een product conform de 'Green-Score' methodologie van het 'Green-Score Collective' is de volgende instructie van toepassing. Wanneer 'Code composiet grondstof in de verpakking' gelijk is aan 'RECYCLED', dient attribuut 'Percentage composiet grondstof in de verpakking' ingevuld te worden. Vul het % gerecylceerd materiaal in dat werd gebruikt. Raadpleeg 'Handleiding aanlevering Green-Score gerelateerde product informatie' voor meer informatie over het delen van Green-Score relevante productinformatie in GDSN: https://www.gs1belu.org/nl/documentatie/handleiding-aanlevering-green-score-gerelateerde-product-informatie | G15: Verplicht wanneer product informatie die nodig is om de Green-Score van het product te berekenen of wanneer de herkomst van het verpakkingsmateriaal moet worden gedeeld. Verplicht voor de NL doelmarkt als het veld 'Code composiet grondstof in de verpakking' is ingevuld. | H15: Number | I15: 3 | J15: 70 | K15: 5 | L15: 55 | P15: No | R15: 0.126 | S15: 3.1.23 | T15: packagingRawMaterialContentPercentage | U15: Packaging raw composite material content percentage | V15: The percentage of the type of raw material the packaging material is made from. | W15: Enter the percentage of the associated 'Packaging raw composite material code'. Green-Score: In case GDSN is used to share product information required to calculate the product's Green-Score in line with the 'Green-Score' methodology of 'Green-Score Collective' the following instruction applies. If 'Packaging raw composite material code' equals 'RECYCLED', 'Packaging raw composite material content percentage' needs to be entered. Fill in the % of recycled material that is used. For more information on how to share Green-Score relevant information in GDSN check out 'Manual on the delivery of Green-Score related product information': https://www.gs1belu.org/en/documentation/manual-delivery-green-score-related-product-information | X15: Mandatory in case product information required to calculate the products Green-Score or when the origin of the packaging material must be shared. Mandatory for NL target market if the field ‘Packaging raw composite material code’ is populated. | Y15: Packaging | Z15: /catalogue_item_notification:catalogueItemNotificationMessage/transaction/documentCommand/catalogue_item_notification:catalogueItemNotification/catalogueItem/tradeItem/tradeItemInformation/extension/*[namespace-uri()='urn:gs1:gdsn:packaging_information:xsd:3' and local-name()='packagingInformationModule']/packaging/packagingMaterial/compositeMaterialDetail/packagingRawMaterialInformation/packagingRawMaterialContentPercentage | AC15: GDSN | AD15: S0033-4 | AE15: FF | AF15: 0.126 | AG15: 999 | AH15: Pourcentage de la teneur en type de matière première composite | AI15: Le pourcentage du type de matière première à partir duquel le matériau d'emballage est fabriqué. | AJ15: Indiquez le pourcentage correspondant au ‘Code de la matière première composite dans l’emballage’. Green-Score: Si GDSN est utilisé pour partager les informations des produits nécessaires au calcul de l'écoscore des produits conformément à la méthodologie 'Green-Score' du 'Collectif Green-Score', l'instruction suivante s'applique. Si l'attribut 'Code de la matière première composite dans l'emballage' est égal à 'RECYCLED', il faut également remplir l'attribut 'Pourcentage de la matière première composite dans l'emballage'. Indiquez le pourcentage de matériaux recyclés qui ont été utilisés. Pour plus d'informations sur la manière de partager les informations relatives à l'Green-Score dans le GDSN, consultez 'Manuel consacré à la fourniture des informations produits relatives au Green-score': "https://www.gs1belu.org/fr/documentation/manuel-consacre-la-fourniture-des-informations-produits-relatives-au-green-score" | AK15: Obligatoire dans le cas où les informations sur le produit sont nécessaires pour calculer l'Green-Score du produit ou lorsque l'origine du matériau d'emballage doit être communiquée. Obligatoire pour le marché cible NL si le champ "Code de la matière première composite dans l'emballage est renseigné. | AL15: Yes | AM15: 6312 | AO15: CHANGE-4113
A16: 3.009 | D16: Netto-inhoud | E16: Getal dat de inhoud van het artikel in de verpakking aangeeft. Dit wordt meestal op de verpakking weergegeven. | F16: De netto-inhoud kan met verschillende meeteenheden op de verpakking zijn weergegeven. Voer alle varianten die op de verpakking staan in dit veld in. Als bijvoorbeeld zowel het aantal stuks als het gewicht worden genoemd, dan voer je beide in. Gebruik ten minste één van de volgende meeteenheden: CMT (centimeter), MMT (millimeter), KGM (kilogram), GRM (gram), LTR (liter), CLT (centiliter), MLT (milliliter), H87 (stuks), EA (stuks), MTR (meter), 1N (aantal) of PR (paar). Het gebruik van andere meeteenheden naast de hierboven vermelde is ook toegestaan. Voor meervoudige artikelen: - Als een artikel een multipack is (bijvoorbeeld een sixpack), dan voer je altijd het totale aantal stuks in (ook als dat niet op de verpakking staat). Vul vervolgens het veld 'Specificatie van de netto-inhoud' in. Bij multipacks worden de onderliggende artikelen ook in de hiërarchie opgenomen. - Als een artikel uit meerdere deelverpakkingen bestaat (bijvoorbeeld afzonderlijk verpakte mueslirepen in een verpakking) voer je altijd het totale aantal stuks in (ook als dat niet op de verpakking staat). Dit is ook van toepassing op promotieartikelen (bijv. een verpakking met vier flesjes bier en een bierglas). Het veld 'Specificatie van de netto-inhoud' moet ook worden ingevuld. - Als een artikel uit meerdere componenten bestaat (bijvoorbeeld een insectenbestrijdingspakket of een wereldgerecht), dan geef je slechts 1 stuks aan. Voer het totale gewicht of volume alleen in als dit op de verpakking staat vermeld en voer geen informatie in die is gebaseerd op eigen berekeningen. Als het gewicht op het etiket is vermeld in combinatie met een 'geschat'-symbool (℮, ook wel e-teken genoemd) kun je het veld 'Type verordening/richtlijn' gebruiken om het e-teken toe te voegen. Voor gebaksproducten waarbij het gewicht sterk kan fluctueren, is het mogelijk om bij netto-inhoud alleen het aantal stuks in te voeren, ook als het gewicht op de verpakking staat. Voor detergenten: Vul hier aanvullend voor wasmiddelen het aantal standaard wasmachineladingen in. Vul dan ook het veld 'Eenheid netto-eenheid', gebruik daarvoor de code 'E55', die geeft het aantal keren dat het object gebruikt wordt aan. Als de Eenheid netto-inhoud en de Eenheid netto gewicht dezelfde measurementUnitCode bevatten ('KGM' of 'GRM'), moeten de Netto-inhoud en Netto gewicht dezelfde waarde bevatten. Tenzij de verpakking een '℮'-symbool (ook wel e-teken genoemd) bevat, in dat geval vul je in het veld 'Type verordening/richtlijn' de waarde 'E_MARK' in en hoeven Netto-inhoud en Netto gewicht niet gelijk aan elkaar te zijn. | G16: U kunt de netto-inhoud ook in gram of kilogram invullen; in dat geval is de data die u invult gelijk aan het veld 'Nettogewicht'. | H16: NumberPicklist | I16: 1 | J16: 70 | K16: 3 | L16: • 1 gram (GRM) • 1 liter (LTR) | N16: MeasurementUnitCode_GDSN | O16: 9 | P16: No | Q16: Yes | S16: 6.0.2 | T16: netContent | U16: Net-content | V16: Number indicating the content of the article in the packaging. This is usually displayed on the packaging. | W16: The net content can be represented by several units of measurement on the packaging. Enter all variants mentioned on the packaging in this field. For example, when both the number of pieces and the weight are mentioned, enter both. Use at least one of the following units of measurement: CMT (centimetres), MMT (millimetres), KGM (kilograms), GRM (grams), LTR (litres), CLT (centilitres), MLT (millilitres), H87 (pieces), EA (pieces), MTR (metres), 1N (count) or PR (pair). It is also permitted to use other units of measurement in addition to those mentioned here. For products composed of several components: - Where an item is a multi-pack (for example a six-pack), always enter the total number of pieces (even if it is not on the packaging). Consequently, fill the 'Net content statement' field. The next lower level units must be inserted in the hierarchy in the case of multi-packs. - When an item consists of multiple sub packages (for example multiple muesli bars separately packaged inside a packaging), always enter the total number of pieces (also when this is not stated on the label). This also applies to promotional items (such as a pack containing 4 bottles of beer + a beer glass). The 'Net content statement' field must also be populated. - If an item consists of multiple components differing from each other (for example an insect control package or a taco kit), state only 1 number of pieces. Enter the total weight or volume only if this is stated on the packaging and do not enter information based on your own calculations. If the weight is stated on the label together with an estimated sign, ℮, also referred to as the e-mark, you can use the field 'Regulation Type Code' to add the e-mark. For pastry products, where weights can fluctuate, it is possible to enter pieces only, even if the weight is stated on the label. For detergents: Additionally, populate the number of standard washing machine loads for detergents. Use the code 'E55' in the field 'Net content UOM', this indicates the number of times the object is used. If Net content UOM and Net weight UOM contain the same measurementUnitCode, Net Content and Net Weight must be equal to each other. Unless the package contains a '℮' symbol (also known as e-sign), in which case you should enter the value 'E_MARK' in the 'Regulation type code' field and Net Content and Net Weight do not have to be the same. | X16: Net content can also be filled in grams or kilograms. In this case net content will be equal to Netweight. | Y16: Legally required detergent info | Z16: /catalogue_item_notification:catalogueItemNotificationMessage/transaction/documentCommand/catalogue_item_notification:catalogueItemNotification/catalogueItem/tradeItem/tradeItemInformation/extension/*[namespace-uri()='urn:gs1:gdsn:trade_item_measurements:xsd:3' and local-name()='tradeItemMeasurementsModule']/tradeItemMeasurements/netContent | AC16: GDSN | AD16: S0039 | AE16: FF | AH16: Contenu net | AI16: Chiffre indiquant le contenu de l'article dans l'emballage. Cela est généralement affiché sur l'emballage. | AJ16: Le contenu net peut être représenté par plusieurs unités de mesure sur l'emballage. Entrez toutes les variantes mentionnées sur l'emballage dans ce champ. Par exemple, lorsque le nombre de pièces et le poids sont mentionnés, entrez les deux. Utilisez au moins l'une des unités de mesure suivantes: CMT (centimètres), MMT (millimètres), KGM (kilogrammes), GRM (grammes), LTR (litres), CLT (centilitres), MLT (millilitres), H87 (morceaux) , EA (pièces), MTR (mètres), 1N (nombre) ou PR (paire). Il est également permis d'utiliser d'autres unités de mesure en plus de celles mentionnées ici. Pour les produits composés de plusieurs composants: - Si un article est un emballage multiple (par exemple un emballage de six), indiquez toujours le nombre total de pièces (même s'il ne se trouve pas sur l'emballage). Remplissez également le champ 'Déclaration de contenu net'. Les unités de niveau inférieur suivantes doivent être insérées dans la hiérarchie dans le cas de multi-packs. - Lorsqu'un article est constitué de plusieurs sous-paquets (par exemple plusieurs barres de muesli emballées séparément dans un emballage), entrez toujours le nombre total de pièces (même s'il ne se trouve pas sur l'emballage). Ceci s'applique également aux articles promotionnels (comme un paquet contenant 4 bouteilles de bière + un verre à bière). Le champ 'Déclaration de contenu net' peut également être rempli, c'est optionnel. - Si un article est composé de plusieurs composants différents les uns des autres (par exemple un article de lutte contre les insectes ou un kit de tacos), indiquer seulement 1 nombre de pièces. Entrez le poids total ou le volume seulement si cela est indiqué sur l'emballage et ne saisissez pas d'informations basées sur vos propres calculs. Si le poids est indiqué sur l'étiquette avec un signe ℮, également appelé e-mark, vous pouvez utiliser le champ 'Code de type de règlement' pour ajouter l'e-mark. Pour les détergents, entrez supplémentaire le nombre de charges standard de la machine à laver. Remplissez l'unité de mesure en utilisant le code 'E55', qui indique le nombre de fois que l'objet est utilisé. Si l'unité de mesure est le même pour le contenu net et pour le poids net, alors leur valeur doit être identique. Exception: si le colis contient le symbole '℮' (également connu sous le nom de 'signe-e'), alors vous devez saisir la valeur 'E_MARK' dans le champ XYZ (?) . Dans ce cas-là, le contenu net et le poids net peuvent être différent. | AK16: Le contenu net peut aussi être rempli en grammes ou kilogrammes. Dans ce cas, le contenu net sera égale au champ "Poids net". | AM16: 3733 | AO16: CHANGE-4357
A17: 4.162 | B17: 0.163 | C17: 46158 | D17: Verwachte Levensduur (Verplaats naar 0.163) | E17: Getal dat het te verwachten aantal werkzame tijdeenheden aangeeft dat het product mee kan gaan. | F17: De waarde invullen als geheel getal, dus zonder decimalen. Selecteer de juiste tijdseenheid. | H17: NumberPicklist | I17: 0 | J17: 15 | K17: 3 | L17: 160 | N17: 0.006 | P17: No | S17: 6.0.2 | T17: propertyMeasurement | U17: Expected Operating Life (Move to 0.163) | V17: Number indicating the expected number of time units for which the product can be used. | W17: Enter the value as a whole number, i.e. without decimal places. Select the correct time unit of measurement. | Y17: Legally required lamp info | Z17: /catalogue_item_notification:catalogueItemNotificationMessage/transaction/documentCommand/catalogue_item_notification:catalogueItemNotification/catalogueItem/tradeItem/gDSNTradeItemClassification/additionalTradeItemClassification/additionalTradeItemClassificationValue/additionalTradeItemClassificationProperty/propertyMeasurement | AC17: FREE | AD17: S0207 | AE17: CF | AH17: Durée de Vie Escomptée (Déplacez vers 0.163) | AI17: Le nombre indiquant le nombre d’unités de temps de travail que le produit peut durer. | AJ17: Saisir la valeur sous forme de nombre entier, c'est-à-dire sans décimale. Sélectionnez l'unité de temps correcte. | AM17: 195 | AO17: CHANGE-4500
A18: 4.595 | D18: Type Beitel | E18: Code waarmee het type beitel wordt aangegeven. | F18: Kies de juiste waarde(n) uit de waardelijst. | G18: Meerdere waarden kiezen is mogelijk. | H18: Picklist | I18: 0 | J18: 80 | L18: betonpunt_beitel | N18: 4.595 | O18: 99 | P18: No | S18: 6.5 | T18: propertyCode | U18: Chisel Type | V18: Code indicating the type of chisel. | W18: Select the correct value(s) from the picklist. | X18: Multiple values can be selected. | Z18: /catalogue_item_notification:catalogueItemNotificationMessage/transaction/documentCommand/catalogue_item_notification:catalogueItemNotification/catalogueItem/tradeItem/gDSNTradeItemClassification/additionalTradeItemClassification/additionalTradeItemClassificationValue/additionalTradeItemClassificationProperty/propertyCode | AC18: FREE | AD18: S0564 | AE18: CF | AH18: Type de Burin | AI18: Code indiquant le type de burin. | AJ18: Sélectionner la (les) valeur(s) appropriée(s) dans la liste de valeurs. | AK18: Plusieurs valeurs peuvent être sélectionnées. | AM18: 182 | AO18: CHANGE-4519
A19: 4.610 | D19: Type Robuuste Schaar | E19: Code waarmee het type robuuste schaar wordt aangegeven. | F19: Kies de juiste waarde uit de waardelijst. | H19: Picklist | I19: 0 | J19: 80 | L19: betonijzerschaar | N19: 4.610 | P19: No | S19: 6.5 | T19: propertyCode | U19: Heavy-Duty Shears Type | V19: Code indicating the type of heavy-dust shears. | W19: Select the correct value from the picklist. | Z19: /catalogue_item_notification:catalogueItemNotificationMessage/transaction/documentCommand/catalogue_item_notification:catalogueItemNotification/catalogueItem/tradeItem/gDSNTradeItemClassification/additionalTradeItemClassification/additionalTradeItemClassificationValue/additionalTradeItemClassificationProperty/propertyCode | AC19: FREE | AD19: S0579 | AE19: CF | AH19: Type de Cisailles Robustes | AI19: Code indiquant le type de ciseaux robustes. | AJ19: Sélectionner la valeur appropriée dans la liste de valeurs. | AM19: 182 | AO19: CHANGE-4545
A20: 4.622 | B20: 4.610 | C20: 46256 | D20: Type Tegelgereedschap (Verplaats naar 4.610) | E20: Code waarmee het type tegelgereedschap wordt aangegeven. | F20: Kies de juiste waarde(n) uit de waardelijst. | G20: Meerdere waarden kiezen is mogelijk. | H20: Picklist | I20: 0 | J20: 80 | L20: breektang | N20: 4.622 | O20: 999 | P20: No | S20: 6.5 | T20: propertyCode | U20: Tile tool Type (Move to 4.610) | V20: Code indicating the type of tile tool. | W20: Select the correct value(s) from the picklist. | X20: Multiple values can be selected. | Z20: /catalogue_item_notification:catalogueItemNotificationMessage/transaction/documentCommand/catalogue_item_notification:catalogueItemNotification/catalogueItem/tradeItem/gDSNTradeItemClassification/additionalTradeItemClassification/additionalTradeItemClassificationValue/additionalTradeItemClassificationProperty/propertyCode | AC20: FREE | AD20: S0591 | AE20: CF | AH20: Type d’Outils pour Dalles (Déplacez vers 4.610) | AI20: Code indiquant le type d’outil pour dalles. | AJ20: Sélectionner la (les) valeur(s) appropriée(s) dans la liste de valeurs. | AK20: Plusieurs valeurs peuvent être sélectionnées. | AM20: 182 | AO20: CHANGE-4545
A21: 5.012 | D21: Classificatiecode (ADR) | E21: Code waarmee de gedetailleerde classificatie binnen het ADR systeem wordt aangegeven. | F21: Vul dit veld altijd in als er een UN nummer is ingevuld. Is er ook een veiligheidsblad (SDS) aanwezig? Zorg dan dat de code overeenkomt met de ADR classificatiecode in hoofdstuk 14 van het SDS en uit het deel komt voor ADR (wegtransport). | G21: De waarde van de classificatiecode (ADR) is afhankelijk van de waarde van het gegevensveld ADR klasse overeenkomstig het ADR verdrag. Een classificatiecode kan niet voor alle ADR klassen worden bepaald. Als een classificatiecode op het veiligheidsblad is vermeld, moet deze ook worden meegegeven. | H21: Picklist | I21: 1 | J21: 70 | L21: 1B | N21: BNL_ADRClassificationCode | P21: No | S21: 6.0.2 | T21: dangerousGoodsClassificationCode | U21: Dangerous goods classification code | V21: Code specifying the detailed classification within the ADR system. | W21: Mandatory if 'United nations number' is used. Choose the correct value from the picklist. For dangerous substances with a safety sheet (SDS), the value must correspond to the ADR classification code in Chapter 14 of the SDS and come out of the part for ADR (road transport). | X21: The value of the classification code (ADR) depends on the value of the ADR class data field in accordance with the ADR Treaty. A classification code cannot be determined for all ADR classes. If a classification code is listed on the safety sheet, it must also be given. | Y21: Dangerous goods | Z21: /catalogue_item_notification:catalogueItemNotificationMessage/transaction/documentCommand/catalogue_item_notification:catalogueItemNotification/catalogueItem/tradeItem/tradeItemInformation/extension/*[namespace-uri()='urn:gs1:gdsn:transportation_hazardous_classification:xsd:3' and local-name()='transportationHazardousClassificationModule']/transportationClassification/regulatedTransportationMode/hazardousInformationHeader/hazardousInformationDetail/dangerousGoodsClassificationCode | AC21: GDSN | AD21: S0955 | AE21: FF | AF21: 5.010 | AG21: 5 | AH21: Code de classification de produits dangereux (ADR) | AI21: Code indiquant la classification détaillée dans le système ADR. | AJ21: Obligatoire si le "numéro des Nations Unies" est utilisé. Sélectionner la valeur appropriée dans la liste de valeurs. Pour les substances dangereuses avec une fiche de sécurité (FDS),la valeur doit correspondre au code de classification ADR du chapitre 14 de la fiche de données de sécurité (FDS) et provenir uniquement de la partie pour ADR (transport routier). | AK21: La valeur du code de classification (ADR) dépend de la valeur du champ de données Classe ADR conformément au traité ADR. Un code de classification ne peut pas être déterminé pour toutes les classes ADR. Si un code de classification figure sur la fiche de données de sécurité, il doit également être indiqué. | AM21: 3880 | AO21: CHANGE-4335
A22: 7.777 | D22: Indicatie Snijdeel Intrekbaar | E22: Code die aangeeft of het lemmet van het mes intrekbaar is. | F22: Selecteer een waarde uit de picklist. Gebruik enkel 'NOT_APPLICABLE' of 'UNSPECIFIED' indien 'TRUE' of 'FALSE' niet mogelijk is. | H22: Picklist (T/F) | I22: 0 | J22: 80 | L22: FALSE | N22: 0.000 | P22: No | S22: 9.1.0 | T22: propertyCode | U22: Cutting Part Retractable Indicator | V22: Code indicating whether the blade of the knife can be retracted. | W22: Select a value from the picklist. Only use 'NOT_APPLICABLE' or 'UNSPECIFIED' if 'TRUE' or 'FALSE' is not possible. | Z22: /catalogue_item_notification:catalogueItemNotificationMessage/transaction/documentCommand/catalogue_item_notification:catalogueItemNotification/catalogueItem/tradeItem/gDSNTradeItemClassification/additionalTradeItemClassification/additionalTradeItemClassificationValue/additionalTradeItemClassificationProperty/propertyCode | AC22: FREE | AD22: S2539 | AE22: CF | AH22: Indication Partie de Coupe Rétractable | AI22: Code indiquant si la lame du couteau est rétractable. | AJ22: Sélectionner une valeur dans la liste de valeurs. N'utiliser "PAS_APPLICABLE" ou "NON SPÉCIFIÉ" que si "VRAI" ou "FAUX" n'est pas possible. | AM22: 182 | AO22: CHANGE-4500
A23: 3.071 | D23: Contactgegevens | E23: Tekst die de gegevens van het communicatiekanaal aangeeft, bijvoorbeeld een telefoonnummer of e-mailadres. | F23: Als er een e-mailadres, website, faxnummer of telefoonnummer op de verpakking staat vermeld, voert u dat hier in. U kunt slechts een gegeven invullen. Staan er meerdere gegevens op de verpakking, bijvoorbeeld telefoonnummer en e-mailadres of 2 e-mailadressen, dan moet u dit veld herhalen. Deze informatie is optioneel (behalve voor de genoemde productgroepen hieronder), als aanvulling op de contactnaam en het communicatieadres. Voor diervoeding: vul hier het gratis telefoonnummer, een e-mailadres of andere communicatiemiddel in dat de consument kan gebruiken om aanvullende informatie over het product te krijgen. Voor detergenten: Vul zowel telefoonnummer als de website in zoals op de verpakking staat. | G23: Als u dit veld invult, dan moet u ook de velden '3.068 Code type contact' en '3.072 Code soort contactgegevens' invullen. | H23: Text | I23: 1 | J23: 200 | L23: +32 (0) 2 229 18 80 | P23: No | R23: 0.147 | S23: 9.2.0 | T23: communicationValue | U23: Communication value | V23: Text identifying the endpoint for the communication channel, for example a telephone number or an email address. | W23: If there is an email address, website, fax or telephone number shown on the packaging, enter it here. You can only enter one communication value. If there are multiple communication values on the package, for example telephone number and email address or 2 email addresses, you must repeat this field. This information is optional (except for the product groups mentioned below), additional to contactName and contactAddress. Animal nutrition: populate the free telephone number, e-mail address or other appropriate means of communication in order to allow the purchaser to obtain information in addition to the mandatory particulars. Detergents: Enter telephone number(s) and website(s) related to the supplier and to the product, as stated on the packaging. Do not enter websites that refer to packaging marks here. | X23: If you fill in this field, also fill in the corresponding '3.068 Contact type code' field and ‘3.072 Communication channel code’ field. | Y23: Legally required detergent info | Z23: /catalogue_item_notification:catalogueItemNotificationMessage/transaction/documentCommand/catalogue_item_notification:catalogueItemNotification/catalogueItem/tradeItem/tradeItemContactInformation/targetMarketCommunicationChannel/communicationChannel/communicationValue | AC23: GDSN | AD23: S2585 | AE23: FF | AF23: 3.071 | AG23: 999 | AH23: Informations de contact | AI23: Texte identifiant le canal de communication, par exemple un numéro de téléphone ou une adresse e-mail. | AJ23: S'il y a une adresse e-mail, un site web, un numéro de fax ou de téléphone indiqué sur l'emballage, entrez le type de canal de communication ici. Vous ne pouvez entrer qu'un seul canal de communication. S'il existe plusieurs canaux de communication sur le colis, par exemple numéro de téléphone et adresse électronique ou deux adresses électroniques, vous devez répéter ce champ. Ces informations sont facultatives, en plus de contactName et contactAddress. Pour les aliments pour animaux: entrez ici le numéro de téléphone sans frais, une adresse e-mail ou d'autres moyens de communication que le consommateur peut utiliser pour obtenir des informations supplémentaires sur le produit. Pour les détergents, entrez le numéro de téléphone et le site Web tel qu'indiqué sur l'étiquette. | AK23: Lorsque vous remplissez ce champ, remplissez également les champs '3.068 Code du type de contact' et '3.072 Code de type d'informations de contact'. | AL23: No | AM23: 135 | AO23: CHANGE-4500
A24: 3.072 | D24: Code soort contactgegevens | E24: Code die het type communicatiekanaal aangeeft, bijvoorbeeld TELEPHONE. | F24: Als er een e-mailadres, website, faxnummer of telefoonnummer op de verpakking staat vermeld, voert u hier het type communicatiekanaal in. Gebruik de codelijst communicationChannelCode. Deze informatie is optioneel, als aanvulling op de contactnaam en het communicatieadres. | G24: Als u dit veld invult, dan moet u ook de velden '3.068 Code type contact' en '3.071 Contactgegevens' invullen. | H24: Picklist | I24: 1 | J24: 80 | L24: TELEPHONE | N24: CommunicationChannelCode | P24: No | R24: 0.147 | S24: 9.2.0 | T24: communicationChannelCode | U24: Communication channel code | V24: Code specifying the type of communication channel, for example TELEPHONE. | W24: If there is an email address, website, fax or telephone number shown on the packaging, enter the type of communication channel here. Use the 'communicationChannelCode' code list. This information is optional, additional to 'contactName' and 'contactAddress'. | X24: If you fill in this field, also fill in the corresponding '3.068 Contact type code' field and ‘3.071 Communication value’ field. | Y24: Legally required detergent info | Z24: /catalogue_item_notification:catalogueItemNotificationMessage/transaction/documentCommand/catalogue_item_notification:catalogueItemNotification/catalogueItem/tradeItem/tradeItemContactInformation/targetMarketCommunicationChannel/communicationChannel/communicationChannelCode | AC24: GDSN | AD24: S2586 | AE24: FF | AF24: 3.071 | AG24: 999 | AH24: Code de type d'informations de contact | AI24: Code spécifiant le type de canal de communication, par exemple un téléphone. | AJ24: S'il y a une adresse e-mail, un site web, un numéro de fax ou de téléphone indiqué sur l'emballage, entrez le type de canal de communication ici. Utilisez la liste de codes. Ces informations sont facultatives, en plus de contactName et contactAddress. | AK24: Lorsque vous remplissez ce champ, remplissez également les champs '3.068 Code du type de contact' et '3.071 Informations de contact'. | AL24: No | AM24: 134 | AO24: CHANGE-4500
A25: 7.724 | B25: 8.526 | C25: 46158 | D25: CRI (Verplaats naar 8.526) | E25: Getal waarmee de kleurweergave-index van de lamp wordt aangegeven. | F25: De waarde invullen als geheel getal, dus zonder decimalen. | H25: Number | I25: 0 | J25: 15 | K25: 0 | L25: 95 | P25: No | S25: 9.1.0 | T25: propertyInteger | U25: CRI (Move to 8.526) | V25: Number indicating the color rendering index (CRI) of the lamp. | W25: Enter the value as a whole number, meaning no decimals. | Z25: /catalogue_item_notification:catalogueItemNotificationMessage/transaction/documentCommand/catalogue_item_notification:catalogueItemNotification/catalogueItem/tradeItem/gDSNTradeItemClassification/additionalTradeItemClassification/additionalTradeItemClassificationValue/additionalTradeItemClassificationProperty/propertyInteger | AC25: FREE | AD25: S2487 | AE25: CF | AH25: CRI (Déplacez vers 8.526) | AI25: Nombre indiquant l'indice de rendu des couleurs de la lampe. | AJ25: Saisir la valeur en nombre entier sans décimale. | AM25: 194 | AO25: CHANGE-4500
A26: 8.361 | D26: Materiaalcode | E26: De code die het gebruikte materiaal in de samenstelling van het product aangeeft. | F26: Voor batterijen en lampen: vul dit veld in met een materiaalcode als het materiaal in het product een grenswaarde overschrijdt (zie hieronder). Als meerdere materialen de grenswaarde overschrijden vult u dit veld dus meerdere keren in. Voor batterijen geldt: • Meer dan 0,004% lood -> Pb • Meer dan 0,0005% kwik -> Hg • Meer dan 0,002% cadmium -> Cd • Lithium aanwezig -> Li Voor lampen geldt: • Kwik aanwezig -> Hg | G26: Met dit veld geeft u een indicatie of bovenstaande het geval is. Gebruikt de lokale codelijst ‘Materiaalcode’. Vul het veld materialAgencyCode in met de waarde ‘GS1’. | H26: Picklist | I26: 1 | J26: 35 | L26: PB | N26: 8.361 | P26: No | S26: 9.6.0 | T26: materialCode | U26: Material code | V26: The code indicating the material used in the composition of the product. | W26: For batteries and light bulbs: populate this field with a material code if a border value for the material in the product is exceeded (see below for the border values). In case multiple materials exceed the border values, you consequently populate this field multiple times. For batteries: • More than 0,004% lead -> Pb • More than 0,0005% mercury -> Hg • More than 0,002% cadmium -> Cd • Lithium present -> Li For light bulbs: Mercury present -> Hg | X26: By using this field you can indicate whether the above mentioned is true. Use the local code list ‘MaterialCode’. Populate materialAgencyCode with the value ‘GS1’. | Y26: Legally required lamp info; Legally required battery info | Z26: /catalogue_item_notification:catalogueItemNotificationMessage/transaction/documentCommand/catalogue_item_notification:catalogueItemNotification/catalogueItem/tradeItem/tradeItemInformation/extension/*[namespace-uri()='urn:gs1:gdsn:battery_information:xsd:3' and local-name()='batteryInformationModule']/batteryDetail/batteryMaterials/tradeItemMaterialComposition/materialCode | AC26: GDSN | AD26: S3038 | AE26: CF | AF26: 8.583 | AG26: 999 | AH26: Code du matériel | AI26: Le code indiquant le matériau utilisé dans la composition du produit | AJ26: Pour les piles et lampes : remplissez ce champ avec un code matière si la matière contenue dans le produit dépasse une valeur limite (voir ci-dessous). Si plusieurs matières dépassent la valeur limite, veuillez remplir plusieurs fois ce champ. Pour les batteries : • Plus de 0,004% plomb -> Pb • Plus de 0,0005% mercure -> Hg • Plus de 0,002% cadmium -> Cd • Lithium présent -> Li Pour les lampes: Mercure présent -> Hg | AK26: Avec ce champ, vous indiquez si ce qui précède est le cas. Utilise la liste de codes locaux "Code du matériel". Remplissez le champ materialAgencyCode avec la valeur 'GS1'. | AM26: 644 | AO26: CHANGE-4462
A27: 8.584 | B27: 0.163 | C27: 46158 | D27: Range Verwachte Levensduur (Verplaats naar 0.163) | E27: Code waarmee de range met betrekking tot de verwachte levensduur van het product wordt aangegeven (hoe lang gaat het materiaal mee). | F27: Kies de juiste waarde uit de waardelijst. | H27: Picklist | I27: 0 | J27: 80 | L27: __10_jaar | N27: 8.584 | P27: No | S27: 9.15.0 | T27: propertyCode | U27: Expected Life Range (Move to 0.163) | V27: Code indicating the range in relation to the expected life of the product (how long the material is going to last). | W27: Select the correct value from the picklist. | Z27: /catalogue_item_notification:catalogueItemNotificationMessage/transaction/documentCommand/catalogue_item_notification:catalogueItemNotification/catalogueItem/tradeItem/gDSNTradeItemClassification/additionalTradeItemClassification/additionalTradeItemClassificationValue/additionalTradeItemClassificationProperty/propertyCode | AC27: FREE | AD27: S3230 | AE27: CF | AH27: Durée de Vie Attendue (Déplacez vers 0.163) | AI27: Code indiquant la plage par rapport à la durée de vie prévue du produit (combien de temps le matériel va durer). | AJ27: Sélectionner la valeur appropriée dans la liste de valeurs. | AM27: 182 | AO27: CHANGE-4500
A28: 0.163 | D28: Gemiddelde levensduur | E28: De periode waarin het handelsartikel naar verwachting functioneel blijft en zijn beoogde doel vervult voordat vervanging of grote reparaties nodig zijn, bijvoorbeeld: een lamp met een gemiddelde levensduur van 1700 uur, een kaars met een gemiddelde levensduur van 8 uur. | F28: Gebruik dit attribuut om het getal in te vullen dat de levensduur van een product aangeeft. Vul de levensduur van het product in de meeteenheid in, zoals aangegeven op de verpakking. | H28: NumberPicklist | I28: 1 | J28: 70 | K28: 3 | L28: 1700 | N28: 0.006 | O28: 999 | P28: No | S28: 3.1.34 | T28: averageLife | U28: Average Life | V28: The period of time during which the trade item is expected to remain functional and perform its intended purpose before it needs replacement or major repairs, e.g., for a light bulb with an average life of 1700 hours, a candle with an average life of 8 hours. | W28: Indicate the number that specifies the lifespan of a product. Enter the average life of the product in the unit of measure, as indicated on the package. | Z28: /catalogue_item_notification:catalogueItemNotificationMessage/transaction/documentCommand/catalogue_item_notification:catalogueItemNotification/catalogueItem/tradeItem/tradeItemInformation/extension/*[namespace-uri()='urn:gs1:gdsn:trade_item_lifespan:xsd:3' and local-name()='tradeItemLifespanModule']/tradeItemLifespan/averageLife | AC28: GDSN | AD28: S3341-3 | AE28: CF | AH28: Durée de vie moyenne | AI28: La période pendant laquelle l’article commercial est censé rester fonctionnel et remplir sa fonction prévue avant qu’un remplacement ou des réparations majeures ne soient nécessaires, par exemple : une ampoule avec une durée de vie moyenne de 1700 heures, une bougie avec une durée de vie moyenne de 8 heures. | AJ28: À utiliser pour indiquer le nombre qui spécifie la durée de vie du produit. Entrez la durée de vie du produit dans l’unité de mesure, comme indiqué sur l'emballage. | AM28: 8746 | AO28: CHANGE-4542
A29: 0.150 | B29: 0.622 | C29: 46256 | D29: Herstelbaarheidsindex (Verplaats naar 0.622) | E29: Getal dat de herstelbaarheidsindex aangeeft. Voor nu wordt deze toegepast op 5 categorieën huishoudelijke apparaten en elektronische producten. | F29: De herstelbaarheidsindex moet een waarde tussen 0.0 en 10.0 hebben. Waarde 0.0 is de laagste herstelbaarheidsscore en waarde 10.0 is de hoogste. De waarde invullen in cijfers. Gebruik '.' (punt) als scheidingsteken voor decimalen. De herstelbaarheidsindex mag slechts één decimaal na de punt hebben. De leverancier/fabrikant moet de waarde afronden voordat deze in het GS1-productblad wordt verzonden (als de tweede decimaal 0, ... 4 is, naar beneden afronden en als de tweede decimaal 5, ... 9 is, naar boven afronden). Voor alle betrokken productcategorieën (wasmachines met ramen, smartphones, laptops, televisies en elektrische grasmaaiers) dient men tevens de gedetailleerde tabel met berekening van de herstelbaarheidsindex in pdf- of jpeg aageleverd te worden. Gebruik hiervoor attributen referencedFileTypeCode (2999), uniformResourceIdentifier (3000) & fileName (2995). Het attribuut referencedFileTypeCode (2999) moet code waarde 'DOCUMENT' zijn. De naam van de fileName (2995) moet als volgt '[GTIN]_REPAIRABILITY_INDEX' zijn. Gebruik code waarde 'REPAIRABILITY_INDEX' voor attribuut 'packagingMarkedLabelAccreditationCode (2312)' wanneer het logo met de berekende herstelbaarheidsindex op het label vermeld is. | G29: Op 13 juni 2024 werd een Europese richtlijn aangenomen over de herstelbaarheid van producten. Deze is sinds 1 januari 2021 van kracht in Frankrijk en sinds 2 mei 2025 in België. Gebruikt om te voldoen aan de wetgeving tegen afval en om consumenten te informeren over de repareerbaarheid van hun producten. Dit instrument, voorzien door de wet tegen afval voor een circulaire economie, heeft als doel consumenten beter te informeren over de meer of minder herstelbare aard van hun aankopen. Door een score op 10 weer te geven, informeert deze index consumenten over de meer of minder herstelbare aard van de betrokken producten. In eerste instantie gaat het om de volgende categorieën: wasmachines, smartphones, laptops, televisies en elektrische grasmaaiers. | H29: Text | I29: 3 | J29: 4 | L29: 5.0 | P29: No | S29: 3.1.31 | T29: stringAVP[@attributeName='repairabilityIndex'] | U29: Repairability Index (Move to 0.622) | V29: Number indicating the repairability index. It has been deployed in 5 categories of household appliances and electronic products for now. | W29: The repairability index must have a value between 0.0 inclusive and 10.0 inclusive. Value 0.0 being the lowest repairability rating and value 10.0 being the highest. Enter the value as a number. Use a ‘.’ (dot) as the decimal separator. The repairability index may only have one decimal place after the decimal dot. The supplier/manufacturer must round the value before transmitting it in the GS1 Product Sheet (if the second decimal is 0, ... 4, round down and if the second decimal is 5, ... 9, round up). For all the product categories concerned (washing machines with windows, smartphones, laptops, televisions and electric lawnmowers), the detailed table calculating the repairability index should also be provided in PDF or jpeg format. For this, use attributes referencedFileTypeCode (2999), uniformResourceIdentifier (3000) & fileName (2995). The attribute referencedFileTypeCode (2999) must have the value 'DOCUMENT'. The name of the linked file in fileName (2995) must be written as follow '[GTIN]_REPAIRABILITY_INDEX'. Use code value 'REPAIRABILITY_INDEX' in attribute packagingMarkedLabelAccreditationCode (2312) when the logo with the calculated repairability index is listed on the label. | X29: On 13 June 2024, an European directive was adopted on repair goods. It has been in force in France since 1 January 2021 and in Belgium since 2 May 2025. Used to comply with anti-waste legislation and inform consumers about the repairability of their products. This tool, provided for by the anti-waste law for a circular economy, aims to better inform consumers about the more or less repairable nature of their purchases. By displaying a score out of 10, this index informs consumers about the more or less repairable nature of the products concerned. Initially, it concerns the following categories: window washing machines, smartphones, laptops, televisions and electric lawn mowers. | Y29: Electric Electronic Thermal | Z29: /catalogue_item_notification:catalogueItemNotificationMessage/transaction/documentCommand/catalogue_item_notification:catalogueItemNotification/catalogueItem/tradeItem/avpList/stringAVP/@attributeName | AB29: No | AC29: GDSN | AD29: S3795 | AE29: CF | AH29: Indice de réparabilité (Déplacez vers 0.622) | AI29: Nombre indiquant l'indice de réparabilité. Il est pour l'instant déployé sur 5 catégories de produits électroménagers et électroniques. | AJ29: L'indice de réparabilité doit avoir une valeur comprise entre 0.0 inclus et 10.0 inclus. La valeur 0.0 correspond à l'indice de réparabilité le plus faible et la valeur 10.0 à l'indice le plus élevé. Saisir la valeur en chiffres. Utiliser « . » (point) comme séparateur de décimales. L'indice de réparabilité ne peut avoir qu'une seule décimale après le point. Le fournisseur/fabricant devra arrondir la valeur avant de la transmettre dans la fiche-produit GS1 (si la seconde décimale est 0, … 4, il faudra Arrondir à la décimale inférieur et si la seconde décimale vaut 5, … 9 on arrondit à la décimale supérieure). Pour toutes les catégories de produits concernées (lave-linge à hublot, smartphones, ordinateurs portables, téléviseurs et tondeuses à gazon électriques), le tableau détaillé avec le calcul de l'indice de réparabilité doit également être fourni au format PDF ou JPEG. Pour ce faire, utilisez les attributs referencedFileTypeCode (2999), uniformResourceIdentifier (3000) & fileName (2995). L'attribut referencedFileTypeCode (2999) doit avoir la valeur 'DOCUMENT'. Le nom de fileName (2995) doit être écrit comme suit '[GTIN]_REPAIRABILITY_INDEX'. Utilisez la valeur 'REPAIRABILITY_INDEX' à l'attribut packagingMarkedLabelAccreditationCode (2312) lorsque le logo avec l'indice de réparabilité calculé figure sur l'étiquette. | AK29: Depuis le 13 juin 2024, une directive Européenne a été adopté par rapport à la réparabilité des produits. En vigueur en France depuis le 1er janvier 2021 et en Belgique depuis le 2 mai 2025. Utilisé pour répondre à la loi anti gaspillage et informer le consommateur sur le caractère plus ou moins réparable de son produit. Cet outil, prévu par la loi anti-gaspillage pour une économie circulaire, vise une meilleure information du consommateur sur le caractère plus ou moins réparable de ses achats. En affichant une note sur 10, cet indice informe les consommateurs sur le caractère plus ou moins réparable des produits concernés. Dans un premier temps, il concerne les catégories suivantes : lave-linge à hublot, smartphones, ordinateurs portables, téléviseurs et tondeuses à gazon électriques. | AM29: 109 | AO29: CHANGE-4386
A30: 0.617 | D30: Code Type Prijsvergelijking | E30: Code die aangeeft hoe de waarde in Prijsvergelijkingsmeting wordt gebruikt om de vergelijkingsprijs te berekenen, die op schapetiketten wordt afgedrukt. | F30: Kies hier het juiste type o.b.v. waarvan prijzen vergeleken worden. Als het prijsvergelijk op liters is gebaseerd en de inhoud is 500 ML, vul hier dan Per Liter (PER_LITRE ) in en vul 0,5 LTR in bij prijsvergelijkingsmeting. Is het prijsvergelijk op wasbeurten gebaseerd en per wasbeurt heb je 2 stuks nodig en in de verpakking zitten 40 stuks, dan vul je hier Per wasbeurt (PER_WASH) in en in prijsvergelijkingsmeting vul je 20 wasbeurten in (a.d.h.v. meeteenheid 'H87' (stuks)). | H30: Picklist | I30: 0 | J30: 80 | L30: PER_LITRE | N30: PriceComparisonContentTypeCode | P30: No | S30: 3.1.35 | T30: priceComparisonContentTypeCode | U30: Price Comparison Content Type Code | V30: Code indicating how the value in Price Comparison Measurement is used to calculate the comparative price, which is printed on shelf labels. | W30: Select the correct type here based on which prices are compared. If the price comparison is based on litres and the content is 500 ml, enter Per Litre (PER_LITRE) here and enter 0.5 LTR in the price comparison measurement. If the price comparison is based on washes and you need 2 items per wash and there are 40 items in the package, enter Per Wash (PER_WASH) here and enter 20 washes (using unit of measure 'H87' (pieces)) in price comparison measurement. | Z30: /catalogue_item_notification:catalogueItemNotificationMessage/transaction/documentCommand/catalogue_item_notification:catalogueItemNotification/catalogueItem/tradeItem/tradeItemInformation/extension/*[namespace-uri()='urn:gs1:gdsn:sales_information:xsd:3' and local-name()='salesInformationModule']/salesInformation/priceComparisonContentTypeCode | AC30: GDSN | AD30: S3815 | AE30: FF | AH30: Code du type de contenu de comparaison des prix | AI30: Code indiquant comment la valeur de la mesure de comparaison des prix est utilisée pour calculer le prix comparatif, qui est imprimé sur les étiquettes en rayon. | AJ30: Sélectionnez ici le type approprié sur la base duquel les prix sont comparés. Si la comparaison des prix est basée sur les litres et que le contenu est de 500 ml, entrez Par litre (PER_LITRE) ici et dans mesure de comparaison des prix, entrez 0,5 LTR. Si la comparaison de prix est basée sur le nombre de lavages et que vous avez besoin de 2 pièces par lavage et que l'emballage contient 40 pièces, entrez ici « Par lavage » (PER_WASH), et indiquez 20 lavages (avec comme unité de mesure 'H87' (pièces)) dans le champ « mesure de comparaison des prix ». | AM30: 3329 | AO30: CHANGE-4422
A31: 0.618 | D31: Prijsvergelijkingsmeting | E31: De hoeveelheid van het product bij gebruik. Van toepassing op geconcentreerde producten en producten waarvan de vergelijkingsprijs wordt berekend op basis van een andere maatstaf dan de netto-inhoud. Dit veld is afhankelijk van de populatie van Code Type Prijsvergelijking en is vereist wanneer Code Type Prijsvergelijking wordt gebruikt. | F31: Als het prijsvergelijk op liters is gebaseerd en de inhoud is 500 ML vul hier dan 0,5 in en bij prijsvergelijkingstypecode vul je Per Liter (PER_LITRE ) in. Is het prijsvergelijk op wasbeurten gebaseerd en per wasbeurt heb je 2 stuks nodig en in de verpakking zitten 40 stuks dan vul je hier 20 wasbeurten in (a.d.h.v. meeteenheid 'H87' (stuks)). Bij prijsvergelijkingstype vul je dan Per wasbeurt (PER_WASH) in. Verplicht als het veld 'Code Type Prijsvergelijking' is ingevuld. | G31: Meerdere waarden kiezen is mogelijk. | H31: NumberPicklist | I31: 1 | J31: 70 | K31: 3 | L31: 4 | N31: MeasurementUnitCode_GDSN | O31: 999 | P31: No | S31: 3.1.35 | T31: priceComparisonMeasurement | U31: Price Comparison Measurement | V31: The quantity of the product at usage. Applicable for concentrated products and products where the comparison price is calculated based on a measurement other than netContent. This field is dependent on the population of priceComparisonContentType and is required when priceComparisonContentType is used. | W31: If the price comparison is based on litres and the content is 500 ml, enter 0.5 LTR here and enter Per Litre (PER_LITRE) in the price comparison type code. If the price comparison is based on washes and you need 2 items per wash and there are 40 items in the package, enter 20 washes (using unit of measure 'H87' (pieces)). For the price comparison type, enter Per Wash (PER_WASH). Mandatory if the 'Price Comparison Content Type Code' field is populated. | X31: Multiple values can be selected. | Z31: /catalogue_item_notification:catalogueItemNotificationMessage/transaction/documentCommand/catalogue_item_notification:catalogueItemNotification/catalogueItem/tradeItem/tradeItemInformation/extension/*[namespace-uri()='urn:gs1:gdsn:sales_information:xsd:3' and local-name()='salesInformationModule']/salesInformation/priceComparisonMeasurement | AC31: GDSN | AD31: S3816 | AE31: FF | AH31: Mesure de comparaison des prix | AI31: Quantité du produit à l'utilisation. Applicable aux produits concentrés et aux produits dont le prix de comparaison est calculé sur la base d'une mesure autre que le contenu net. Ce champ dépend de la population de Code du type de contenu de comparaison des prix et est obligatoire lorsque le Code du type de contenu de comparaison des prix est utilisé. | AJ31: Si la comparaison des prix est basée sur les litres et que le contenu est de 500 ml, entrez 0,5 ici et dans le code de type de comparaison des prix, entrez Par litre (PER_LITRE). Si la comparaison de prix est basée sur le nombre de lavages et que vous avez besoin de 2 pièces par lavage et que l'emballage contient 40 pièces, entrez ici 20 lavages (avec comme unité de mesure 'H87' (pièces)). Dans le champ « Type de comparaison de prix », indiquez « Par lavage » (PER_WASH). Obligatoire si le champ 'Code du type de contenu de comparaison des prix' est rempli. | AK31: Plusieurs valeurs peuvent être sélectionnées. | AM31: 3330 | AO31: CHANGE-4422
A32: 9.162 | D32: Indicatie Stofwerend | E32: Code die aangeeft of het product bestand is tegen stof. | F32: Selecteer een waarde uit de picklist. Gebruik enkel 'NOT_APPLICABLE' of 'UNSPECIFIED' indien 'TRUE' of 'FALSE' niet mogelijk is. | H32: Picklist | I32: 0 | J32: 80 | L32: TRUE | N32: 0.000 | O32: 0 | P32: No | S32: 3.1.35 | T32: propertyCode | U32: Dust Resistance Indicator | V32: Code indicating whether the product resists to dust. | W32: Select a value from the picklist. Only use 'NOT_APPLICABLE' or 'UNSPECIFIED' if 'TRUE' or 'FALSE' is not possible. | Z32: /catalogue_item_notification:catalogueItemNotificationMessage/transaction/documentCommand/catalogue_item_notification:catalogueItemNotification/catalogueItem/tradeItem/gDSNTradeItemClassification/additionalTradeItemClassification/additionalTradeItemClassificationValue/additionalTradeItemClassificationProperty/propertyCode | AC32: FREE | AD32: S3817 | AE32: CF | AH32: Indication Résistant à la Poussière | AI32: Code indiquant si le produit résiste à la poussière. | AJ32: Sélectionner une valeur dans la liste de valeurs. N'utiliser "PAS_APPLICABLE" ou "NON SPÉCIFIÉ" que si "VRAI" ou "FAUX" n'est pas possible. | AM32: 182 | AO32: CHANGE-4364
A33: 9.163 | D33: Geschikt Voor Applicatie | E33: Code die aangeeft voor welke applicatie het product geschikt is. | F33: Kies de juiste waarde(n) uit de waardelijst. | G33: Meerdere waarden kiezen is mogelijk. | H33: Picklist | I33: 0 | J33: 80 | L33: google_find_hub | N33: 9.163 | O33: 999 | P33: No | S33: 3.1.35 | T33: propertyCode | U33: Suitable For Application | V33: Code indicating for which application the product is suitable for. | W33: Select the correct value(s) from the picklist. | X33: Multiple values can be selected. | Z33: /catalogue_item_notification:catalogueItemNotificationMessage/transaction/documentCommand/catalogue_item_notification:catalogueItemNotification/catalogueItem/tradeItem/gDSNTradeItemClassification/additionalTradeItemClassification/additionalTradeItemClassificationValue/additionalTradeItemClassificationProperty/propertyCode | AC33: FREE | AD33: S3818 | AE33: CF | AH33: Convient à l'Application | AI33: Code indiquant à quelle type d'application le produit convient. | AJ33: Sélectionner la (les) valeur(s) appropriée(s) dans la liste de valeurs. | AK33: Plusieurs valeurs peuvent être sélectionnées. | AM33: 182 | AO33: CHANGE-4364
A34: 9.164 | D34: Vorm van Objectzoeker/Tracker voor Persoonlijke Voorwerpen | E34: Code die de vorm van de objectzoeker/tracker voor persoonlijke voorwerpen aangeeft. | F34: Kies de juiste waarde uit de waardelijst. | H34: Picklist | I34: 0 | J34: 80 | L34: tag | N34: 9.164 | O34: 0 | P34: No | S34: 3.1.35 | T34: propertyCode | U34: Shape of Object Locator/Personal Item Tracker | V34: Code depicting the shape of object locator/personal item tracker | W34: Select the correct value from the picklist. | Z34: /catalogue_item_notification:catalogueItemNotificationMessage/transaction/documentCommand/catalogue_item_notification:catalogueItemNotification/catalogueItem/tradeItem/gDSNTradeItemClassification/additionalTradeItemClassification/additionalTradeItemClassificationValue/additionalTradeItemClassificationProperty/propertyCode | AC34: FREE | AD34: S3819 | AE34: CF | AH34: Forme d'Objet Localisateur/Traceur d'Objets Personnels | AI34: Code décrivant la forme de l'objet localisateur/du traceur d'objets personnels. | AJ34: Sélectionner la valeur appropriée dans la liste de valeurs. | AM34: 182 | AO34: CHANGE-4364
A35: 0.619 | D35: Code fysieke staat | E35: Elke fysieke staat waarin een chemisch ingrediënt zich kan bevinden, bijvoorbeeld LIQUID. | F35: Voer de code in die overeenkomt met de fysieke toestand van het product tijdens transport of opslag. Kies hiervoor een code uit de lijst 'PhaseOfMatterCode'. | H35: Picklist | I35: 0 | J35: 80 | L35: LIQUID | N35: PhaseOfMatterCode | O35: 0 | P35: No | S35: 3.1.35 | T35: physicalStateCode | U35: Physical state code | V35: Any physical state a chemical ingredient may be in for example LIQUID. | W35: Enter the code that corresponds to the physical state of the product during transport or storage. Select a code from the code list ‘PhaseOfMatterCode’. | Z35: /catalogue_item_notification:catalogueItemNotificationMessage/transaction/documentCommand/catalogue_item_notification:catalogueItemNotification/catalogueItem/tradeItem/tradeItemInformation/extension/*[namespace-uri()='urn:gs1:gdsn:safety_data_sheet:xsd:3' and local-name()='safetyDataSheetModule']/safetyDataSheetInformation/physicalChemicalPropertyInformation/physicalStateCode | AC35: GDSN | AD35: S3820 | AE35: FF | AH35: Code état physique | AI35: Tout état physique dans lequel un ingrédient chimique peut se trouver, par exemple LIQUID. | AJ35: Indiquez le code correspondant à l'état physique du produit pendant le transport ou stockage. Utilisez un code de la liste 'PhaseOfMatterCode'. | AM35: 3266 | AO35: CHANGE-4318
A36: 0.620 | D36: Duurzaamheidsprogramma Code | E36: De code die het duurzaamheidsprogramma identificeert, waarop het product is beoordeeld. | F36: Selecteer het juiste duurzaamheidsprogramma uit de codelijst wanneer je duurzaamheidsprogramma‑informatie over het product wilt delen. Gebruik daarnaast de attributen ‘Duurzaamheidswaarde’ en/of ‘Duurzaamheidsscore’ om de productspecifieke waardes van het geselecteerde duurzaamheidsprogramma op te geven. Voor producten bestemd voor de Belgische doelmarkt waarvoor de herstelbaarheidsindex van toepassing is (Koninklijk Besluit van 25 mei 2024 tot vaststelling van de goederen waarop de herstelbaarheidsindex betrekking heeft: wasmachines met ramen, smartphones, laptops, televisies, elektrische grasmaaiers, ...), selecteer je de codewaarde ‘REPAIRABILITY_INDEX’ en geef je de volgende duurzaamheidsprogramma‑informatie op: 1. Vul de 'Duurzaamheidsscore' (7248) met de herstelbaarheidsindex die een waarde is tussen 0.0 en 10.0. Een waarde van 0.0 vertegenwoordigt de laagste herstelbaarheid en een waarde van 10.0 de hoogste herstelbaarheid. 2. Het gedetailleerde berekeningsoverzicht van de herstelbaarheidsindex moet eveneens worden aangeleverd (PDF of JPEG). Gebruik hiervoor de volgende attributen: - referencedFileTypeCode (2999) → codewaarde: ‘REPAIRABILITY_INDEX_TABLE_DETAILS’ - fileName (2995) → formaat: ‘[GTIN]_REPAIRABILITY_INDEX_TABLE_DETAILS’ - uniformResourceIdentifier (3000) → link of bestandspad 3. Als het logo met de berekende herstelbaarheidsindex op het label wordt weergegeven, vul het attribuut packagingMarkedLabelAccreditationCode (2312) met de codewaarde ‘REPAIRABILITY_INDEX’. | G36: Verplicht voor doelmarkt België voor producten bepaald door het Koninklijk Besluit van 25 mei 2024 tot vaststelling van de goederen waarop de herstelbaarheidsindex betrekking heeft. | H36: Picklist | I36: 0 | J36: 80 | L36: REPAIRABILITY_INDEX | N36: SustainabilityProgramCode | O36: 0 | P36: No | S36: 3.1.35 | T36: sustainabilityProgramCode | U36: Sustainability Program Code | V36: The code identifying the sustainability program, against which the product was evaluated. | W36: Select the appropriate sustainability program from the code list when you want to share sustainability program information about the product. Also use the attributes ‘Sustainability Value’ and/or ‘Sustainability Score’ to provide the product‑specific values of the selected sustainability program. For products for Belgian target market to which the repairability index applies (Royal Decree of 25 May 2024 determining the goods to which the repairability index applies : front‑loading washing machines, smartphones, laptops, televisions and electric lawnmowers, ...) select code value 'REPAIRABILITY_INDEX' and supply following sustainability program information: 1. Fill the 'Sustainability Score' (7248) with the repairability index which is a value between 0.0 and 10.0. Value 0.0 represents the lowest repairability and value 10.0 represents the highest repairability. 2. The detailed calculation sheet of the repairability index must also be provided (PDF or JPEG). Use the following attributes for this: - referencedFileTypeCode (2999) → code value: ‘REPAIRABILITY_INDEX_TABLE_DETAILS’ - fileName (2995) → format: ‘[GTIN]_REPAIRABILITY_INDEX_TABLE_DETAILS’ - uniformResourceIdentifier (3000) → link or file location 3. If the logo with the calculated repairability index is displayed on the label, fill the attribute packagingMarkedLabelAccreditationCode (2312) with the value ‘REPAIRABILITY_INDEX’. | X36: Mandatory for the Belgian target market for products defined by the Royal Decree of 25 May 2024 determining the goods to which the repairability index applies. | Z36: /catalogue_item_notification:catalogueItemNotificationMessage/transaction/documentCommand/catalogue_item_notification:catalogueItemNotification/catalogueItem/tradeItem/tradeItemInformation/extension/*[namespace-uri()='urn:gs1:gdsn:sustainability_module:xsd:3' and local-name()='sustainabilityModule']/sustainabilityInformation/sustainabilityProgramInformation/sustainabilityProgramCode | AC36: GDSN | AD36: S3821 | AE36: CF | AH36: Code du Programme de Durabilité | AI36: Le code identifiant le programme de durabilité selon lequel le produit a été évalué. | AJ36: Sélectionnez le programme de durabilité approprié dans la liste des codes lorsque vous souhaitez partager des informations relatives au programme de durabilité concernant le produit. Utilisez également les attributs 'Valeur de Durabilité' et/ou 'Score de Durabilité' pour fournir les valeurs spécifiques au produit du programme de durabilité sélectionné. Pour les produits destinés au marché belge auxquels s’applique l’indice de réparabilité (Arrêté royal du 25 mai 2024 fixant les biens auxquels l’indice de réparabilité s’applique: machines à laver à hublot, smartphones, ordinateurs portables, téléviseurs, tondeuses électriques, …), sélectionnez la valeur de code 'REPAIRABILITY_INDEX' et fournissez les informations suivantes relatives au programme de durabilité: 1. Remplissez le 'Score de Durabilité' (7248) avec l’indice de réparabilité qui est une valeur comprise entre 0.0 et 10.0. Une valeur de 0.0 représente la réparabilité la plus faible et une valeur de 10.0 la réparabilité la plus élevée. 2. La fiche détaillée de calcul de l’indice de réparabilité doit également être fournie (PDF ou JPEG). Utilisez pour cela les attributs suivants : - referencedFileTypeCode (2999) → valeur de code : «REPAIRABILITY_INDEX_TABLE_DETAILS» - fileName (2995) → format : «[GTIN]_REPAIRABILITY_INDEX_TABLE_DETAILS» - uniformResourceIdentifier (3000) → lien ou emplacement du fichier 3. Si le logo avec l’indice de réparabilité calculé est affiché sur l’étiquette, complétez l’attribut packagingMarkedLabelAccreditationCode (2312) avec la valeur de code 'REPAIRABILITY_INDEX'. | AK36: Obligatoire pour le marché belge pour les produits définis par l’Arrêté royal du 25 mai 2024 fixant les biens auxquels s’applique l’indice de réparabilité. | AM36: 7246 | AO36: CHANGE-4386
A37: 0.621 | D37: Duurzaamheidswaarde | E37: De numerieke waarde die aan een product wordt toegekend door het bijbehorende duurzaamheidsprogramma. Raadpleeg de lokale regelgeving met betrekking tot de waarde. | F37: Voer in dit kenmerk de score in die door het relevante duurzaamheidsprogramma aan het product is toegekend. | H37: Number | I37: 1 | J37: 70 | K37: 5 | L37: 3 | O37: 0 | P37: No | Q37: No | S37: 3.1.35 | T37: sustainabilityValue | U37: Sustainability Value | V37: The numeric value assigned to a product by the associated sustainability program. Please refer to any local regulations concerning the value. | W37: Enter in this attribute the score assigned to the product by the relevant sustainability programme. | Z37: /catalogue_item_notification:catalogueItemNotificationMessage/transaction/documentCommand/catalogue_item_notification:catalogueItemNotification/catalogueItem/tradeItem/tradeItemInformation/extension/*[namespace-uri()='urn:gs1:gdsn:sustainability_module:xsd:3' and local-name()='sustainabilityModule']/sustainabilityInformation/sustainabilityProgramInformation/sustainabilityValue | AC37: GDSN | AD37: S3822 | AE37: CF | AH37: Valeur de Durabilité | AI37: Valeur numérique attribuée à un produit par le programme de développement durable associé. Veuillez vous référer à la réglementation locale en vigueur concernant cette valeur. | AJ37: Entrez dans cet attribut la note attribuée au produit par le programme de durabilité concerné. | AM37: 7249 | AO37: CHANGE-4386
A38: 0.622 | D38: Duurzaamheidsscore | E38: De score, op basis van punten of een beoordelingssysteem, die aan een product wordt toegekend door het bijbehorende duurzaamheidsprogramma. Raadpleeg de lokale regelgeving met betrekking tot de waarde. | F38: Voer in dit kenmerk de numerieke waarde in die door het betreffende duurzaamheidsprogramma aan het product is toegekend. Indien het duurzaamheidsprogramma REPAIRABILITY_INDEX wordt gebruikt, moet het attribuut Duurzaamheidsscore worden ingevuld. Volgende aanvullende instructies zijn van toepassing: - 'Duurzaamheidsscore' mloet een waarde tussen 0.0 en 10.0 hebben. Waarde 0.0 is de laagste herstelbaarheidsscore en waarde 10.0 is de hoogste. - De waarde invullen in cijfers. Gebruik '.' (punt) als scheidingsteken voor decimalen. De herstelbaarheidsindex mag slechts één decimaal na de punt hebben. De leverancier/fabrikant moet de waarde afronden voordat deze in het GS1-productblad wordt verzonden (als de tweede decimaal 0, ... 4 is, naar beneden afronden en als de tweede decimaal 5, ... 9 is, naar boven afronden). | G38: Op 13 juni 2024 werd een Europese richtlijn aangenomen over de herstelbaarheid van producten. Deze is sinds 1 januari 2021 van kracht in Frankrijk en sinds 2 mei 2025 in België. Gebruikt om te voldoen aan de wetgeving tegen afval en om consumenten te informeren over de repareerbaarheid van hun producten. Dit instrument, voorzien door de wet tegen afval voor een circulaire economie, heeft als doel consumenten beter te informeren over de meer of minder herstelbare aard van hun aankopen. Door een score op 10 weer te geven, informeert deze index consumenten over de meer of minder herstelbare aard van de betrokken producten. In eerste instantie gaat het om de volgende categorieën: wasmachines, smartphones, laptops, televisies en elektrische grasmaaiers. Verplicht als het veld 'Duurzaamheidsprogramma Code' gelijk is aan 'REPAIRABILITY_INDEX'. | H38: Text | I38: 1 | J38: 80 | L38: A 5.0 | O38: 0 | P38: No | Q38: No | R38: 0.620 | S38: 3.1.35 | T38: sustainabilityScore | U38: Sustainability Score | V38: The score, using points or a rating system, assigned to a product by the associated sustainability program. Please refer to any local regulations concerning score. | W38: Enter in this attribute the numerical value assigned to the product by the relevant sustainability programme. If the sustainability program REPAIRABILITY_INDEX is used, this attribute 'Sustainability Score' must bepopulated. Following instructions apply: - The 'Sustainability Score' must have a value between 0.0 inclusive and 10.0 inclusive. Value 0.0 being the lowest repairability rating and value 10.0 being the highest. - Enter the value as a number. Use a ‘.’ (dot) as the decimal separator. The repairability index may only have one decimal place after the decimal dot. The supplier/manufacturer must round the value before transmitting it in the GS1 Product Sheet (if the second decimal is 0, ... 4, round down and if the second decimal is 5, ... 9, round up). | X38: On 13 June 2024, an European directive was adopted on repair goods. It has been in force in France since 1 January 2021 and in Belgium since 2 May 2025. Used to comply with anti-waste legislation and inform consumers about the repairability of their products. This tool, provided for by the anti-waste law for a circular economy, aims to better inform consumers about the more or less repairable nature of their purchases. By displaying a score out of 10, this index informs consumers about the more or less repairable nature of the products concerned. Initially, it concerns the following categories: window washing machines, smartphones, laptops, televisions and electric lawn mowers. Mandatory if field 'Sustainability Program Code' equals 'REPAIRABILITY_INDEX'. | Z38: /catalogue_item_notification:catalogueItemNotificationMessage/transaction/documentCommand/catalogue_item_notification:catalogueItemNotification/catalogueItem/tradeItem/tradeItemInformation/extension/*[namespace-uri()='urn:gs1:gdsn:sustainability_module:xsd:3' and local-name()='sustainabilityModule']/sustainabilityInformation/sustainabilityProgramInformation/sustainabilityScore | AB38: No | AC38: GDSN | AD38: S3823 | AE38: CF | AH38: Score de Durabilité | AI38: Le score, basé sur un système de points ou de notation, attribué à un produit par le programme de durabilité associé. Veuillez vous référer à la réglementation locale en vigueur concernant cette valeur. | AJ38: Entrez dans cet attribut la valeur numérique attribuée au produit par le programme de durabilité concerné. Si le programme de durabilité REPAIRABILITY_INDEX est utilisé, l’attribut 'Score de Durabilité' doit être renseigné. Les instructions suivantes s’appliquent : - le 'Score de Durabilité' doit avoir une valeur comprise entre 0.0 inclus et 10.0 inclus. La valeur 0.0 correspond à l'indice de réparabilité le plus faible et la valeur 10.0 à l'indice le plus élevé. - Saisir la valeur en chiffres. Utiliser « . » (point) comme séparateur de décimales. L'indice de réparabilité ne peut avoir qu'une seule décimale après le point. Le fournisseur/fabricant devra arrondir la valeur avant de la transmettre dans la fiche-produit GS1 (si la seconde décimale est 0, … 4, il faudra Arrondir à la décimale inférieur et si la seconde décimale vaut 5, … 9 on arrondit à la décimale supérieure). | AK38: Depuis le 13 juin 2024, une directive Européenne a été adopté par rapport à la réparabilité des produits. En vigueur en France depuis le 1er janvier 2021 et en Belgique depuis le 2 mai 2025. Utilisé pour répondre à la loi anti gaspillage et informer le consommateur sur le caractère plus ou moins réparable de son produit. Cet outil, prévu par la loi anti-gaspillage pour une économie circulaire, vise une meilleure information du consommateur sur le caractère plus ou moins réparable de ses achats. En affichant une note sur 10, cet indice informe les consommateurs sur le caractère plus ou moins réparable des produits concernés. Dans un premier temps, il concerne les catégories suivantes : lave-linge à hublot, smartphones, ordinateurs portables, téléviseurs et tondeuses à gazon électriques. Obligatoire si le champ 'Code du Programme de Durabilité' est égal à 'REPAIRABILITY_INDEX'. | AL38: Yes | AM38: 7248 | AO38: CHANGE-4386

Sheet Picklists
C1: GS1 data pool - Data attributes do-it-yourself, garden and pets
C2: Picklists
A3: 1 | B3: 2 | C3: 3 | D3: 4 | E3: 5 | F3: 6 | G3: 7
A4: Picklist ID | B4: Code value | C4: Values in Dutch used for user interface | D4: Values in English used for user interface | E4: Values in French used for user interface | F4: Dutch Attribute name | G4: Changed in this version
A5: 0.045 | B5: GL | C5: Gram Per Liter | D5: Gram Per Litre | E5: Gramme par litre | F5: Picklist g/L | G5: CHANGE-4500
A6: 4.586 | B6: geen | C6: Geen | D6: None | E6: Aucun | F6: Meeteenheid op Meetinstrument | G6: CHANGE-4540
A7: 4.610 | B7: breektang | C7: Breektang | D7: Breaking pliers | E7: Pince à casser ou découper | F7: Type Robuuste Schaar | G7: CHANGE-4545
A8: 4.610 | B8: tegelgatsnijder | C8: Tegelgatsnijder | D8: Tile hole cutter | E8: Coupe-trou pour carrelage | F8: Type Robuuste Schaar | G8: CHANGE-4545
A9: 4.610 | B9: tegelgattang | C9: Tegelgattang | D9: Tile hole pliers | E9: Pince à percer le carrelage | F9: Type Robuuste Schaar | G9: CHANGE-4545
A10: 4.610 | B10: tegelkniptang | C10: Tegelkniptang | D10: Tile cutting pliers | E10: Pince perroquet | F10: Type Robuuste Schaar | G10: CHANGE-4545
A11: 4.610 | B11: tegelsnijder | C11: Tegelsnijder | D11: Tile cutter | E11: Coupe-carrelage | F11: Type Robuuste Schaar | G11: CHANGE-4545
A12: 4.610 | B12: tegelsnijtang | C12: Tegelsnijtang | D12: Tile cutting pliers | E12: Pince à rogner les carreaux | F12: Type Robuuste Schaar | G12: CHANGE-4545
A13: 4.610 | B13: tegelzaag | C13: Tegelzaag | D13: Tile saw | E13: Scie à carrelage | F13: Type Robuuste Schaar | G13: CHANGE-4545
A14: 4.621 | B14: kabelschaar | C14: Kabelschaar (NIET GEBRUIKEN) | D14: Cable shears (DO NOT USE) | E14: Pince coupe câbles (NE PAS UTILISER) | F14: Type Tang | G14: CHANGE-4500
A15: 4.629 | B15: schaaf | C15: Schaaf (NIET GEBRUIKEN) | D15: Plane (DO NOT USE) | E15: Rabot (NE PAS UTILISER) | F15: Type Zaag | G15: CHANGE-4500
A16: 4.650 | B16: 23 | C16: 2.3 Audio-videoapparatuur met een schermoppervlakte > 100 cm² | D16: 2.3 Audio and video equipment with a screen area > 100 cm² | E16: 2.3 Équipements audio-vidéo dont la surface de l'écran > 100 cm² | F16: Code Recupel | G16: CHANGE-4217
A17: 4.650 | B17: 24 | C17: 2.4 ICT-apparatuur met een schermoppervlakte > 100 cm² | D17: 2.4 ICT equipment with a screen area > 100 cm² | E17: 2.4 Équipements ICT dont la surface de l'écran > 100 cm² | F17: Code Recupel | G17: CHANGE-4217
A18: 4.650 | B18: 49 | C18: 4.9 Medische hulpmiddelen voor gebruik in huishoudelijke omgeving >50cm | D18: 4.9 Medical devices for use in a domestic environment >50cm | E18: 4.9 Dispositifs médicaux destinés à être utilisés dans un environnement domestique >50 cm | F18: Code Recupel | G18: CHANGE-4551
A19: 4.650 | B19: 454 | C19: 4.54 Laadstations voor elektrische voertuigen voor exclusief gebruik in professionele omgeving > 50 cm | D19: 4.54 Charging stations for electric vehicles exclusively for professional use > 50 cm | E19: 4.54 Bornes de recharge pour véhicules électriques à usage exclusivement professionnel > 50 cm | F19: Code Recupel | G19: CHANGE-4551
A20: 4.650 | B20: 55_3 | C20: 5.5.3 Laadstations voor elektrische voertuigen ≤ 50 cm | D20: 5.5.3 Charging stations for electric vehicles ≤ 50 cm | E20: 5.5.3 Stations de recharge pour véhicules électriques ≤ 50 cm | F20: Code Recupel | G20: CHANGE-4551
A21: 4.650 | B21: 554 | C21: 5.54 Laadstations voor elektrische voertuigen voor exclusief gebruik in professionele omgeving ≤ 50 cm | D21: 5.54 Charging stations for electric vehicles for exclusive use in professional environments ≤ 50 cm | E21: 5.54 Stations de recharge pour véhicules électriques à usage exclusif dans un environnement professionnel ≤ 50 cm | F21: Code Recupel | G21: CHANGE-4551
A22: 4.651 | B22: AZZZZZZ101 | C22: Bebat nomenclatuurnummer | D22: Bebat nomenclature number | E22: Bebat numéro de nomenclature | F22: Bebat Code | G22: CHANGE-4500
A23: 4.651 | B23: AZZZZZZ102 | C23: Bebat nomenclatuurnummer | D23: Bebat nomenclature number | E23: Bebat numéro de nomenclature | F23: Bebat Code | G23: CHANGE-4500
A24: 4.651 | B24: AZZZZZZ103 | C24: Bebat nomenclatuurnummer | D24: Bebat nomenclature number | E24: Bebat numéro de nomenclature | F24: Bebat Code | G24: CHANGE-4500
A25: 4.651 | B25: AZZZZZZ104 | C25: Bebat nomenclatuurnummer | D25: Bebat nomenclature number | E25: Bebat numéro de nomenclature | F25: Bebat Code | G25: CHANGE-4500
A26: 4.651 | B26: AZZZZZZ105 | C26: Bebat nomenclatuurnummer | D26: Bebat nomenclature number | E26: Bebat numéro de nomenclature | F26: Bebat Code | G26: CHANGE-4500
A27: 4.651 | B27: AZZZZZZ106 | C27: Bebat nomenclatuurnummer | D27: Bebat nomenclature number | E27: Bebat numéro de nomenclature | F27: Bebat Code | G27: CHANGE-4500
A28: 4.651 | B28: AZZZZZZ107 | C28: Bebat nomenclatuurnummer | D28: Bebat nomenclature number | E28: Bebat numéro de nomenclature | F28: Bebat Code | G28: CHANGE-4500
A29: 4.651 | B29: AZZZZZZ108 | C29: Bebat nomenclatuurnummer | D29: Bebat nomenclature number | E29: Bebat numéro de nomenclature | F29: Bebat Code | G29: CHANGE-4500
A30: 4.651 | B30: AZZZZZZ109 | C30: Bebat nomenclatuurnummer | D30: Bebat nomenclature number | E30: Bebat numéro de nomenclature | F30: Bebat Code | G30: CHANGE-4500
A31: 4.651 | B31: AZZZZZZ110 | C31: Bebat nomenclatuurnummer | D31: Bebat nomenclature number | E31: Bebat numéro de nomenclature | F31: Bebat Code | G31: CHANGE-4500
... A608: 4.653 | B608: S111001100 | C608: Stibat nomenclatuurnummer | D608: Stibat nomenclature number | E608: Stibat numéro de nomenclature | F608: Stibat Code | G608: CHANGE-4499
A609: 5.012 | B609: 1A | C609: Samengeperst gas, verstikkend | D609: Compressed gas, asphyxiant | E609: Gaz comprimé, asphyxiant | G609: CHANGE-4335
A610: 5.012 | B610: 1C | C610: Samengeperst gas, bijtend | D610: Compressed gas, corrosive | E610: Gaz comprimé, corrosif | G610: CHANGE-4335
A611: 5.012 | B611: 1CO | C611: Samengeperst gas, bijtend, oxiderend | D611: Compressed gas, corrosive, oxidizing | E611: Gaz comprimé, corrosif, comburant | G611: CHANGE-4335
A612: 5.012 | B612: 1F | C612: Samengeperst gas, brandbaar | D612: Compressed gas, flammable | E612: Gaz comprimé, inflammable | G612: CHANGE-4335
A613: 5.012 | B613: 1FC | C613: Samengeperst gas, brandbaar, bijtend | D613: Compressed gas, flammable, corrosive | E613: Gaz comprimé, inflammable, corrosif | G613: CHANGE-4335
A614: 5.012 | B614: 1O | C614: Samengeperst gas, oxiderend | D614: Compressed gas, oxidizing | E614: Gaz comprimé, comburant | G614: CHANGE-4335
A615: 5.012 | B615: 1T | C615: Samengeperst gas, giftig | D615: Compressed gas, toxic | E615: Gaz comprimé, toxique | G615: CHANGE-4335
A616: 5.012 | B616: 1TC | C616: Samengeperst gas, giftig, bijtend | D616: Compressed gas, toxic, corrosive | E616: Gaz comprimé, toxique, corrosif | G616: CHANGE-4335
A617: 5.012 | B617: 1TF | C617: Samengeperst gas, giftig, brandbaar | D617: Compressed gas, toxic, flammable | E617: Gaz comprimé, toxique, inflammable | G617: CHANGE-4335
A618: 5.012 | B618: 1TFC | C618: Samengeperst gas, giftig, brandbaar, bijtend | D618: Compressed gas, toxic, flammable, corrosive | E618: Gaz comprimé, toxique, inflammable, corrosif | G618: CHANGE-4335
A619: 5.012 | B619: 1TO | C619: Giftig, oxiderend | D619: Toxic, oxidizing | E619: Toxique, comburant | G619: CHANGE-4335
A620: 5.012 | B620: 1TOC | C620: Samengeperst gas, giftig, oxiderend, bijtend | D620: Compressed gas, toxic, oxidizing, corrosive | E620: Gaz comprimé, toxique, comburant, corrosif | G620: CHANGE-4335
... A821: 5.012 | B821: WT2 | C821: Vaste stoffen die in contact met water brandbare gassen ontwikkelen, giftig | D821: Solid substances that develop flammable gases when in contact with water, toxic | E821: Matières solides qui, au contact de l'eau, dégagent des gaz inflammables, toxiques | G821: CHANGE-4335
A822: 7.097 | B822: bbq_handschoen | C822: Barbecue handschoen (NIET GEBRUIKEN) | D822: Barbecue glove (DO NOT USE) | E822: Gant pour barbecue (NE PAS UTILISER) | F822: Type Handschoen | G822: CHANGE-4500
A823: 7.097 | B823: ovenhandschoen | C823: Ovenwant/-handschoen (NIET GEBRUIKEN) | D823: Oven glove (DO NOT USE) | E823: Gant de cuisine (NE PAS UTILISER) | F823: Type Handschoen | G823: CHANGE-4500
A824: 7.129 | B824: behangschaar | C824: Behangschaar - NIET GEBRUIKEN | D824: Wallpaper scissors - DO NOT USE | E824: Ciseaux pour papier peint - NE PAS UTILISER | F824: Type Schaar | G824: CHANGE-4500
A825: 7.543 | B825: afkaphamer | C825: Afkaphamer (NIET GEBRUIKEN) | D825: Brick hammer (DO NOT USE) | E825: Marteau de maçon (NE PAS UTILISER) | F825: Type Hamer | G825: CHANGE-4500
A826: 7.543 | B826: lathamer | C826: Lathamer (NIET GEBRUIKEN) | D826: Scaffold hammer (DO NOT USE) | E826: Marteau d'échafaudeur (NE PAS UTILISER) | F826: Type Hamer | G826: CHANGE-4500
A827: 8.157 | B827: kittenstrijker | C827: Kittenstrijker (NIET GEBRUIKEN) | D827: Kitten iron (DO NOT USE) | E827: Couteau à colle cranté (NE PAS UTILISER) | F827: Type Troffel | G827: CHANGE-4500
A828: 8.584 | B828: __10_jaar | C828: < 10 jaar | D828: less than 10 years | E828: moins de 10 ans | F828: Range Verwachte Levensduur (Verplaats naar 0.163) | G828: CHANGE-4500
A829: 8.584 | B829: 10_20_jaar | C829: 10 tot 20 jaar | D829: 10 to 20 years | E829: 10 à 20 ans | F829: Range Verwachte Levensduur (Verplaats naar 0.163) | G829: CHANGE-4500
A830: 8.584 | B830: 20__jaar | C830: > 20 jaar | D830: more than 20 years | E830: plus de 20 ans | F830: Range Verwachte Levensduur (Verplaats naar 0.163) | G830: CHANGE-4500
A831: 9.163 | B831: apple_find_my | C831: Apple find my | D831: Apple find my | E831: Apple find my | F831: Geschikt Voor Applicatie | G831: CHANGE-4364
A832: 9.163 | B832: google_find_hub | C832: Google find hub | D832: Google find hub | E832: Google find hub | F832: Geschikt Voor Applicatie | G832: CHANGE-4364
A833: 9.164 | B833: fietslamp | C833: Fietslamp | D833: Bike light | E833: Phare de vélo | F833: Vorm van Objectzoeker/Tracker voor Persoonlijke Voorwerpen | G833: CHANGE-4364
... A1384: TaxTypeCode | B1384: X127 | C1384: Belgische accijns | D1384: Belgian excise | E1384: Code d'accises belge | F1384: TaxTypeCode | G1384: CHANGE-4217

Sheet Data for Attributes per Brick
C1: GS1 data pool - Data attributes do-it-yourself, garden and pets
C2: Data for Attributes per Brick
A3: 1 | B3: 2 | C3: 3 | D3: 4 | E3: 5 | F3: 6 | G3: 7 | H3: 8 | I3: 9
A4: Brick | B4: FieldID | C4: 0 = Optional 1 = Mandatory | D4: Brick name | E4: SortOrder | F4: Attribute name | G4: Added in version? | H4: GDSN Attribute Name | I4: Changed in this version
A5: 10000436 | B5: 8.293 | C5: 0 | D5: Niet-persoonlijke Afweermiddelen | E5: 100004368.293 | F5: Aantal Recytyre | G5: 7.0 | H5: propertyInteger | I5: CHANGE-4500
A6: 10000552 | B6: 4.162 | C6: 0 | D6: Gloeilampen/Buizen/LED Lampen | E6: 100005524.162 | F6: Verwachte Levensduur (Verplaats naar 0.163) | G6: 6.8 | H6: propertyMeasurement | I6: CHANGE-4500
A7: 10000635 | B7: 4.470 | C7: 0 | D7: Wegwerptafelgerei/Wegwerptafelbekleding | E7: 100006354.470 | F7: Lengte Rol | G7: 3.1.19 | H7: propertyMeasurement | I7: CHANGE-4500
A8: 10000693 | B8: 4.470 | C8: 0 | D8: Wegwerpverpakkingsfolie voor Levensmiddelen | E8: 100006934.470 | F8: Lengte Rol | G8: 9.8.0 | H8: propertyMeasurement | I8: CHANGE-4500
A9: 10001145 | B9: 0.620 | C9: 0 | D9: Personal Computers - Draagbaar | E9: 100011450.620 | F9: Duurzaamheidsprogramma Code | G9: 7.1.0 | H9: sustainabilityProgramCode | I9: CHANGE-4386
A10: 10001145 | B10: 0.621 | C10: 0 | D10: Personal Computers - Draagbaar | E10: 100011450.621 | F10: Duurzaamheidswaarde | G10: 7.1.0 | H10: sustainabilityValue | I10: CHANGE-4386
A11: 10001145 | B11: 0.622 | C11: 0 | D11: Personal Computers - Draagbaar | E11: 100011450.622 | F11: Duurzaamheidsscore | G11: 7.1.0 | H11: sustainabilityScore | I11: CHANGE-4386
A12: 10001145 | B12: 4.171 | C12: 1 | D12: Personal Computers - Draagbaar | E12: 100011454.171 | F12: Indicatie Touchscreen | G12: 7.1.0 | H12: propertyCode | I12: CHANGE-4219
A13: 10001242 | B13: 0.138 | C13: 0 | D13: Rekenmachines/Valutaomzetters (Elektrisch) | E13: 100012420.138 | F13: Typecode Stroomvoorziening | G13: 3.1.35 | H13: powerSupplyTypecode | I13: CHANGE-4500
A14: 10001242 | B14: 4.292 | C14: 0 | D14: Rekenmachines/Valutaomzetters (Elektrisch) | E14: 100012424.292 | F14: Indicator accu's/batterijen inbegrepen | G14: 3.1.35 | H14: areBatteriesIncluded | I14: CHANGE-4500
A15: 10001242 | B15: 4.297 | C15: 0 | D15: Rekenmachines/Valutaomzetters (Elektrisch) | E15: 100012424.297 | F15: Indicator accu's/batterijen vereist | G15: 3.1.35 | H15: areBatteriesRequired | I15: CHANGE-4500
A16: 10001242 | B16: 5.051 | C16: 0 | D16: Rekenmachines/Valutaomzetters (Elektrisch) | E16: 100012425.051 | F16: Indicator accu's/batterijen ingebouwd | G16: 3.1.35 | H16: areBatteriesBuiltIn | I16: CHANGE-4500
... A369: 10008504 | B369: 8.300 | C369: 0 | D369: Beschermhoezen voor gazon/tuin | E369: 100085048.300 | F369: Eigenschap Materiaal | G369: 3.1.35 | H369: propertyCode | I369: CHANGE-4505
A370: 10008504 | B370: 9.039 | C370: 1 | D370: Beschermhoezen voor gazon/tuin | E370: 100085049.039 | F370: Indicatie Geleverd op Rol | G370: 3.1.35 | H370: propertyCode | I370: CHANGE-4505
A371: 10008505 | B371: 0.122 | C371: 0 | D371: Waterspeelgoed voor Bad/Zwembad (Aangedreven) | E371: 100085050.122 | F371: Code geslacht van de doelgroep | G371: 3.1.35 | H371: targetConsumerGender | I371: CHANGE-4506
A372: 10008505 | B372: 4.012 | C372: 0 | D372: Waterspeelgoed voor Bad/Zwembad (Aangedreven) | E372: 100085054.012 | F372: Materiaal | G372: 3.1.35 | H372: propertyCode | I372: CHANGE-4506
A373: 10008505 | B373: 4.014 | C373: 0 | D373: Waterspeelgoed voor Bad/Zwembad (Aangedreven) | E373: 100085054.014 | F373: Kleur (Detail) | G373: 3.1.35 | H373: propertyDescription | I373: CHANGE-4506
A374: 10008505 | B374: 4.015 | C374: 1 | D374: Waterspeelgoed voor Bad/Zwembad (Aangedreven) | E374: 100085054.015 | F374: Kleurfamilie | G374: 3.1.35 | H374: propertyCode | I374: CHANGE-4506
A375: 10008505 | B375: 4.018 | C375: 0 | D375: Waterspeelgoed voor Bad/Zwembad (Aangedreven) | E375: 100085054.018 | F375: Toepassing | G375: 3.1.35 | H375: propertyDescription | I375: CHANGE-4506
A376: 10008505 | B376: 4.020 | C376: 0 | D376: Waterspeelgoed voor Bad/Zwembad (Aangedreven) | E376: 100085054.020 | F376: Lijn of Serie | G376: 3.1.35 | H376: propertyDescription | I376: CHANGE-4506
A377: 10008505 | B377: 4.023 | C377: 0 | D377: Waterspeelgoed voor Bad/Zwembad (Aangedreven) | E377: 100085054.023 | F377: Aantal Bebat | G377: 3.1.35 | H377: propertyInteger | I377: CHANGE-4506
A378: 10008505 | B378: 4.033 | C378: 0 | D378: Waterspeelgoed voor Bad/Zwembad (Aangedreven) | E378: 100085054.033 | F378: Gewicht Bebat | G378: 3.1.35 | H378: propertyMeasurement | I378: CHANGE-4506
A379: 10008505 | B379: 4.036 | C379: 0 | D379: Waterspeelgoed voor Bad/Zwembad (Aangedreven) | E379: 100085054.036 | F379: Afwerking | G379: 3.1.35 | H379: propertyCode | I379: CHANGE-4506
A380: 10008505 | B380: 4.062 | C380: 0 | D380: Waterspeelgoed voor Bad/Zwembad (Aangedreven) | E380: 100085054.062 | F380: Aantal Stibat | G380: 3.1.35 | H380: propertyInteger | I380: CHANGE-4506
A381: 10008505 | B381: 4.064 | C381: 0 | D381: Waterspeelgoed voor Bad/Zwembad (Aangedreven) | E381: 100085054.064 | F381: Gewicht Stibat | G381: 3.1.35 | H381: propertyMeasurement | I381: CHANGE-4506
A382: 10008505 | B382: 4.098 | C382: 1 | D382: Waterspeelgoed voor Bad/Zwembad (Aangedreven) | E382: 100085054.098 | F382: Maximale (Werk)Hoogte | G382: 3.1.35 | H382: propertyMeasurement | I382: CHANGE-4506
... A398: 10008406 | B398: 7.724 | C398: 0 | D398: Onderkast- en spiegelverlichting | E398: 100084067.724 | F398: CRI | G398: 3.1.27 | H398: propertyInteger | I398: CHANGE-4500

Sheet Validations
C1: GS1 data pool - Data attributes do-it-yourself, garden and pets
C2: Validations | J2: Hidden Columns for SRC only | K2: Hidden Columns for SRC only
A3: 1 | B3: 2 | C3: 3 | D3: 4 | E3: 5 | F3: 6 | G3: 7 | H3: 8 | I3: 9 | J3: 10 | K3: 11 | L3: 12
A4: ValidationID | B4: FieldID (if) | C4: Attributename Dutch (if) | D4: GDSN/ FREE? (if) | E4: Value | F4: FieldID (then mandatory) | G4: Attribute name (then mandatory) | H4: GDSN/ FREE? (then) | I4: Added in version? | J4: IfFieldIdSRC | K4: ThenFieldIdSRC | L4: Changed in this version
A5: 520.653 | B5: 3.067 | C5: Type verordening/richtlijn | D5: GDSN | E5: BIOCIDE_REGULATION | F5: 8.365 | G5: Toelatingsnummer einddatum | H5: GDSN | I5: 3.1.19 | L5: CHANGE-4500
A6: 520.698 | B6: 8.698 | C6: Code productkenmerk | D6: GDSN | E6: averageLife | F6: 8.526 | G6: Kleurweergave-index (CRI) | H6: GDSN | I6: 3.1.20 | L6: CHANGE-4500

Sheet Bricks added in version
B1: GS1 data pool - Data attributes do-it-yourself, garden and pets
B2: Bricks added in version
A3: 1 | B3: 2 | C3: 3 | D3: 4
A4: Brick_code | B4: Brick Description NL | C4: Added in version | D4: Changed in this version
A5: 10001242 | B5: Rekenmachines/Valutaomzetters (Elektrisch) | C5: 3.1.35 | D5: CHANGE-4500
A6: 10003771 | B6: Kantoorbenodigdheden/Kantoorapparaten/Schrijfwaren/Feestartikelen - Assortimenten | C6: 3.1.35 | D6: CHANGE-4500
A7: 10003787 | B7: Beitels/Gutsen - Assortimenten | C7: 3.1.35 | D7: CHANGE-4519
A8: 10006729 | B8: E-Sigaretten | C8: 3.1.35 | D8: CHANGE-4500
A9: 10006730 | B9: E-Sigaretten - Accessoires | C9: 3.1.35 | D9: CHANGE-4500
A10: 10008499 | B10: Medicijnkastjes | C10: 3.1.35 | D10: CHANGE-4503
A11: 10008503 | B11: Objectzoekers/Trackers voor persoonlijke voorwerpen | C11: 3.1.35 | D11: CHANGE-4364
A12: 10008504 | B12: Beschermhoezen voor gazon/tuin | C12: 3.1.35 | D12: CHANGE-4505
A13: 10008505 | B13: Waterspeelgoed voor Bad/Zwembad (Aangedreven) | C13: 3.1.35 | D13: CHANGE-4506

Sheet Bricks
A1: ; | D1: GS1 data pool - Data attributes do-it-yourself, garden and pets
D2: Bricks
A3: 1 | B3: 2 | D3: 4 | F3: 6 | H3: 8 | I3: 9 | J3: 10 | K3: 11 | L3: 12 | M3: 13 | N3: 14 | O3: 15 | P3: 16 | Q3: 17 | R3: 18 | S3: 19 | T3: 20 | U3: 21 | X3: 24
A4: Brick Code | B4: Brick activated | C4: Brick Title | D4: NL Brick Title | E4: Brick Definition (Include) | F4: NL Brick Definition (Include) | G4: Brick Definition (Exclude) | H4: NL Brick Definition (Exclude) | I4: Segment Code | J4: Segment Title | K4: NL Segment Title | L4: Family Code | M4: Family Title | N4: NL Family Title | O4: Class Code | P4: Class Title | Q4: NL Class Title | R4: FR Brick Title | S4: FR Segment Title | T4: FR Family Title | U4: FR Class Title | V4: FR Brick Definition (Include) | W4: FR Brick Definition (Exclude) | X4: Changed in this version
A5: 10000005 | B5: No | C5: Vegetables - Unprepared/Unprocessed (Frozen) | D5: Groenten - Onbewerkt/Onverwerkt (Diepvries) | E5: Includes any products that can be described/observed as any variety of frozen vegetables, combination of vegetables or fruit vegetables, which may be whole, chopped, cleaned and trimmed, but has not gone through any further manufacturing processes, such as reformed, cooked, dried, salted or smoked, however these products can be coated, in sauce, stuffed or filled. These products must be frozen to extend their consumable life. | F5: Omvat alle producten die kunnen worden omschreven / waargenomen als elke variant van bevroren groenten, combinatie van groente of fruit, eventueel geheel, gehakt, gereinigd en gebruiksklaar, maar niet verdere productieprocessen heeft ondergaan, zoals vervormd, gekookt, gedroogd, gezouten of gerookt, maar deze producten kunnen worden voorzien van saus of zijn gevuld. Deze producten worden bevroren om hun houdbaarheid te verlengen. | G5: Excludes products such as vegetables with additional dough or grains, fresh and shelf stable unprepared and unprocessed vegetable, all prepared and processed vegetables, and aquatic plants. | H5: Exclusief producten waaraan ingrediënten zijn toegevoegd, zoals rijst, couscous en pasta. Deze producten moeten worden ingevroren om de houdbaarheid te verlengen. Uitgesloten zijn producten als vis met toegevoegde groenten, deeg of granen, houdbare en bederfelijke vis, onbereide en onverwerkte vis, alle bereide en verwerkte vis. | I5: 50000000 | J5: Food/Beverage | K5: Levensmiddelen/Dranken | L5: 50290000 | M5: Vegetables – Unprepared/Unprocessed (Frozen) | N5: Groenten - Niet-bereid/Niet-bewerkt (Diepvries) | O5: 50290100 | P5: Vegetables – Unprepared/Unprocessed (Frozen) | Q5: Groenten - Niet-bereid/Niet-bewerkt (Diepvries) | R5: Légumes – Non Préparé/Non Transformé (Surgelé) | S5: Nourriture/Boisson | T5: Légumes - Non Préparé/Non Transformé (Surgelé) | U5: Légumes – Non Préparé/Non Transformé (Surgelé) | V5: Comprend tous les produits qui peuvent être décrits/observés comme étant toute variété de légume surgelé ou une combinaison de légumes ou de fruits-légumes surgelés, qui peuvent être entiers, hachés, lavés et parés, mais qui ne sont pas passés par une transformation industrielle quelconque pour être reconstitués, cuits, séchés, salés ou fumés mais qui ont pu cependant être nappés, préparés en sauce, fourrés ou farcis. Ces produits doivent être congelés pour allonger leur durée de consommation. | W5: Exclut des produits tels que les légumes additionnés de pâte ou de céréales, les légumes frais et longue conservation non préparés et non transformés, tous les légumes préparés et transformés et toutes les plantes aquatiques. | X5: CHANGE-4508
A6: 10000006 | B6: No | C6: Vegetables - Unprepared/Unprocessed (Shelf Stable) | D6: Groenten - Onbewerkt/Onverwerkt (Houdbaar) | E6: Includes any products that can be described/observed as any variety of vegetables, combination of vegetables or fruit vegetables, which may be whole, chopped, cleaned and trimmed, but has not gone through any further manufacturing processes, such as reformed, cooked, dried, salted or smoked, however these products can be coated, in sauce, stuffed or filled. These products have been treated or packaged in such a way as to extend their consumable life. | F6: Omvat alle producten die kunnen worden omschreven / waargenomen als elke variant van bevroren groenten, combinatie van groente of fruit, eventueel geheel, gehakt, gereinigd en gebruiksklaar, maar niet verdere productieprocessen heeft ondergaan, zoals vervormd, gekookt, gedroogd, gezouten of gerookt, maar deze producten kunnen worden voorzien van saus of zijn gevuld. Deze producten zijn bewerkt of verpakt om hun houdbaarheid te verlengen. | G6: Excludes products that have added ingredients such as rice, couscous and pasta. Excludes products such as vegetables with additional dough or grains, frozen and fresh unprepared and unprocessed vegetables, all prepared and processed vegetables, and aquatic plants. | H6: Met uitzondering van producten waaraan ingrediënten zijn toegevoegd, zoals rijst, couscous en pasta. Deze producten zijn zodanig behandeld of verpakt dat de houdbaarheid wordt verlengd. Met uitzondering van producten zoals Groenten met extra deeg of granen, Bevroren en verse Onbereide en Onverwerkte groenten, alle Bereide en Verwerkte groenten. | I6: 50000000 | J6: Food/Beverage | K6: Levensmiddelen/Dranken | L6: 50320000 | M6: Vegetables – Unprepared/Unprocessed (Shelf Stable) | N6: Groenten - Niet-bereid/Niet-bewerkt (Houdbaar) | O6: 50320100 | P6: Vegetables – Unprepared/Unprocessed (Shelf Stable) | Q6: Groenten - Niet-bereid/Niet-bewerkt (Houdbaar) | R6: Légumes – Non Préparé/Non Transformé (Longue Conservation) | S6: Nourriture/Boisson | T6: Légumes – Non Préparé/Non Transformé (Longue Conservation) | U6: Légumes – Non Préparé/Non Transformé (Longue Conservation) | V6: Comprend tous les produits qui peuvent être décrits/observés comme étant toute variété de légume ou une combinaison de légumes ou de fruits-légumes, qui peuvent être entiers, hachés, lavés et parés, qui ne sont pas passés par une transformation industrielle quelconque pour être reconstitués, cuits, séchés, salés ou fumés mais qui ont pu cependant être nappés, préparés en sauce, fourrés ou farcis. Ces produits ont été traités ou emballés de manière à allonger leur durée de consommation. | W6: Exclut des produits qui comprennent des ingrédients ajoutés tels que le riz, le couscous et les pâtes. Exclut des produits tels que les légumes additionnés de pâte ou de céréales, les légumes surgelés et frais non préparés et non transformés, tous les légumes préparés et transformés et toutes les plantes aquatiques. | X6: CHANGE-4508
A7: 10000016 | B7: No | C7: Fish - Prepared/Processed (Perishable) | D7: Vis - Bereid/Bewerkt (Beperkt Houdbaar) | E7: Includes any products that can be described/observed as any variety of fish or a combination of fish, that has gone through further manufacturing processes, such as reformed, cooked, dried and salted, however these products can also be coated, in sauce, stuffed or filled. These products must be refrigerated to extend their consumable life. | F7: Omvat alle producten die kunnen worden omschreven / waargenomen als elke variant aan vis of een combinatie van vis, die verdere productieprocessen heeft ondergaan, zoals vervormd, gekookt, gedroogd en gezouten, maar deze producten kunnen ook worden voorzien van saus of zijn gevuld. | G7: Excludes products such as fish with additional vegetables, dough or grains, shelf stable and frozen prepared and processed fish, all unprepared and unprocessed fish. | H7: Exclusief producten waaraan ingrediënten zijn toegevoegd, zoals rijst, couscous en pasta. Deze producten moeten worden gekoeld om de houdbaarheid te verlengen. Uitgesloten zijn producten zoals vis met toegevoegde groenten, deeg of granen, bevroren en houdbare bereide en verwerkte vis, alle niet-bereide en onverwerkte vis. | I7: 50000000 | J7: Food/Beverage | K7: Levensmiddelen/Dranken | L7: 50120000 | M7: Fish and Seafood | N7: Vis/Schaaldieren/Schelpdieren | O7: 50121900 | P7: Fish – Prepared/Processed | Q7: Vis - Bereid/Bewerkt | R7: Poisson - Préparé/Transformé (Périssable) | S7: Nourriture/Boisson | T7: Poissons et Fruits de Mer | U7: Poisson - Préparé/Transformé | V7: Comprend tous les produits qui peuvent être décrits/observés comme étant des poissons ou une combinaison de variétés de poissons qui sont passés par diverses transformations industrielles pour être reconstitués, cuits, séchés ou salés et ont pu aussi être nappés, préparés en sauce, fourrés ou farcis. Les produits peuvent contenir une petite quantité de légumes tels que préparés en sauce, fourrés ou farcis. Ces produits doivent être réfrigérés pour allonger leur durée de consommation. | W7: Exclut des produits tels que les poissons accompagnées de légumes, de pâte ou de céréales, les poissons surgelés et de longue conservation préparés et transformés et tous les poissons non préparés et non transformés. | X7: CHANGE-4508
A8: 10000017 | B8: No | C8: Fish - Prepared/Processed (Frozen) | D8: Vis - Bereid/Bewerkt (Diepvries) | E8: Includes any products that can be described/observed as any variety of fish or a combination of fish, that has gone through further manufacturing processes, such as reformed, cooked, dried and salted, however these products can also be coated, in sauce, stuffed or filled. These products must be frozen to extend their consumable life. | F8: Omvat alle producten die kunnen worden omschreven / waargenomen als elke variant aan vis of een combinatie van vis, die verdere productieprocessen heeft ondergaan, zoals vervormd, gekookt, gedroogd en gezouten, maar deze producten kunnen ook worden voorzien van saus of zijn gevuld. | G8: Excludes products such as fish with additional vegetables, dough or grains, shelf stable and perishable prepared and processed fish, all unprepared and unprocessed fish. | H8: Exclusief producten waaraan ingrediënten zijn toegevoegd, zoals rijst, couscous en pasta. Deze producten moeten worden ingevroren om de houdbaarheid te verlengen. Uitgesloten zijn producten als vis met toegevoegde groenten, deeg of granen, houdbare en bederfelijke bereide en verwerkte vis, alle niet-bereide en onverwerkte vis. | I8: 50000000 | J8: Food/Beverage | K8: Levensmiddelen/Dranken | L8: 50120000 | M8: Fish and Seafood | N8: Vis/Schaaldieren/Schelpdieren | O8: 50121900 | P8: Fish – Prepared/Processed | Q8: Vis - Bereid/Bewerkt | R8: Poisson - Préparé/Transformé (Surgelé) | S8: Nourriture/Boisson | T8: Poissons et Fruits de Mer | U8: Poisson - Préparé/Transformé | V8: Comprend tous les produits qui peuvent être décrits/observés comme étant des poissons ou une combinaison de variétés de poissons qui sont passés par diverses transformations industrielles pour être reconstitués, cuits, séchés ou salés et ont pu aussi être nappés, préparés en sauce, fourrés ou farcis. Les produits peuvent contenir une petite quantité de légumes tels que préparés en sauce, fourrés ou farcis. Ces produits doivent être surgelés pour allonger leur durée de consommation. | W8: Exclut des produits tels que les poissons accompagnées de légumes, de pâte ou de céréales, les poissons périssables et de longue conservation préparés et transformés et tous les poissons non préparés et non transformés. | X8: CHANGE-4508
A9: 10000018 | B9: No | C9: Fish - Prepared/Processed (Shelf Stable) | D9: Vis - Bereid/Bewerkt (Houdbaar) | E9: Includes any products that can be described/observed as any variety of fish or a combination of fish, that has gone through further manufacturing processes, such as reformed, cooked, dried and salted, however these products can also be coated, in sauce, stuffed or filled. Products may contain a small quantity of vegetables such as those in a sauce or stuffing/filling. These products have been treated or packaged in such a way as to extend their consumable life. | F9: Omvat alle producten die kunnen worden omschreven / waargenomen als elke variant aan vis of een combinatie van vis, die door verdere productieprocessen is gegaan, zoals vervormd, gekookt, gedroogd en gezouten, maar deze producten kunnen ook worden voorzien/omhuld met saus of zijn gevuld. | G9: Excludes products such as fish with additional vegetables, dough or grains, frozen and perishable prepared and processed fish, all unprepared and unprocessed fish. | H9: Exclusief producten waaraan ingrediënten zijn toegevoegd, zoals rijst, couscous en pasta. Deze producten zijn zodanig behandeld of verpakt dat de houdbaarheid wordt verlengd. Uitgesloten zijn producten als vis met toegevoegde groenten, deeg of granen, bevroren en bederfelijke bereide en verwerkte vis, en alle niet-bereide en onverwerkte vis. | I9: 50000000 | J9: Food/Beverage | K9: Levensmiddelen/Dranken | L9: 50120000 | M9: Fish and Seafood | N9: Vis/Schaaldieren/Schelpdieren | O9: 50121900 | P9: Fish – Prepared/Processed | Q9: Vis - Bereid/Bewerkt | R9: Poisson - Préparé/Transformé (Longue Conservation) | S9: Nourriture/Boisson | T9: Poissons et Fruits de Mer | U9: Poisson - Préparé/Transformé | V9: Comprend tous les produits qui peuvent être décrits/observés comme étant des poissons ou une combinaison de variétés de poissons qui sont passés par diverses transformations industrielles pour être reconstitués, cuits, séchés ou salés et ont pu aussi être nappés, préparés en sauce, fourrés ou farcis. Les produits peuvent contenir une petite quantité de légumes tels que préparés en sauce, fourrés ou farcis. Ces produits ont été traités ou emballés de manière à allonger leur durée de consommation. | W9: Exclut des produits tels que les poissons accompagnées de légumes, de pâte ou de céréales, les poissons surgelés et périssables préparés et transformés et tous les poissons non préparés et non transformés. | X9: CHANGE-4508
A10: 10000019 | B10: No | C10: Shellfish - Unprepared/Unprocessed (Perishable) | D10: Schaal-/Schelpdieren - Niet-bereid/Niet-bewerkt (Beperkt Houdbaar) | E10: Includes any products that can be described/observed as aquatic animal whose external covering consists of a shell, as in oysters, clams, lobsters and crabs, that has not gone through any further manufacturing processes, such as reformed, cooked, dried and salted, however these products can be coated, in sauce, stuffed or filled. Products include sea snails and molluscs. However products may contain a small quantity of vegetables such as those in a sauce or stuffing/filling. These products must be refrigerated to extend their consumable life. | F10: Omvat alle producten die kunnen worden omschreven / waargenomen als waterdieren waarvan de buitenzijde bestaat uit een mantel, zoals in oesters, mosselen, kreeft en krabben, dat geen verdere productieprocessen heeft ondergaan, zoals vervormd, gekookt, gedroogd en gezouten, maar deze producten kunnen zijn voorzien van saus of zijn gevuld. Producten omvatten zeeslakken en weekdieren. | G10: Excludes products such as shellfish with additional vegetables, dough or grains, shelf stable and frozen unprepared and unprocessed shellfish, all prepared and processed shellfish. Specifically excludes products that have added ingredients included such as rice, couscous and pasta. | H10: Exclusief producten met toegevoegde ingrediënten zoals rijst, couscous en pasta. Deze producten moeten worden gekoeld om de houdbaarheid te verlengen. Exclusief producten zoals schelpdieren met toegevoegde groenten, deeg of granen, houdbare en diepgevroren onbewerkte en onbewerkte schelpdieren, alle bereide en bewerkte schelpdieren. | I10: 50000000 | J10: Food/Beverage | K10: Levensmiddelen/Dranken | L10: 50120000 | M10: Fish and Seafood | N10: Vis/Schaaldieren/Schelpdieren | O10: 50121700 | P10: Shellfish Unprepared/Unprocessed | Q10: Schaal-/Schelpdieren - Niet-bereid/Niet-bewerkt | R10: Crustacés et Mollusques - Non Préparé/Non Transformé (Périssable) | S10: Nourriture/Boisson | T10: Poissons et Fruits de Mer | U10: Crustacés et Mollusques - Non Préparé/Non Transformé | V10: Comprend tous les produits qui peuvent être décrits/observés comme étant des animaux marins dont l'enveloppe extérieure consiste en une coquille ou en une carapace, tel que les huîtres, les coquillages, les homards ou les crabes, qui ne sont pas passés par une transformation industrielle quelconque pour être reconstitués, cuits, séchés ou salés mais qui ont pu cependant être nappés, préparés en sauce, fourrés ou farcis. Comprend les produits tels que les bulots et les mollusques. Les produits peuvent contenir une petite quantité de légumes tels que préparés en sauce, fourrés ou farcis. Ces produits doivent être réfrigérés pour allonger leur durée de consommation. | W10: Exclut des produits tels que les crustacés et mollusques accompagnés de légumes, de pâte ou de céréales, surgelés et de longue conservation non préparés et non transformés, tous les crustacés et mollusques préparés et transformés. Exclut spécifiquement les produits contenant des ingrédients ajoutés tels que le riz, le couscous et les pâtes. | X10: CHANGE-4508
A11: 10000020 | B11: No | C11: Shellfish - Unprepared/Unprocessed (Frozen) | D11: Schaal-/Schelpdieren - Niet-bereid/Niet-bewerkt (Diepvries) | E11: Includes any products that can be described/observed as an aquatic animal whose external covering consists of a shell, as in oysters, clams, lobsters and crabs, that has not gone through any further manufacturing processes, such as reformed, cooked, dried and salted, however these products can be coated, in sauce, stuffed or filled. Products include sea snails and molluscs. However products may contain a small quantity of vegetables such as those in a sauce or stuffing/filling. These products must be frozen to extend their consumable life. | F11: Omvat alle producten die kunnen worden omschreven / waargenomen als waterdieren waarvan de buitenzijde bestaat uit een mantel, zoals in oesters, mosselen, kreeft en krabben, dat geen verdere productieprocessen heeft ondergaan, zoals vervormd, gekookt, gedroogd en gezouten, maar deze producten kunnen zijn voorzien van saus of zijn gevuld. Producten omvatten zeeslakken en weekdieren. | G11: Excludes products such as shellfish with additional vegetables, dough or grains, shelf stable and perishable unprepared and unprocessed shellfish, all prepared and processed shellfish. Specifically excludes products that have added ingredients included such as rice, couscous and pasta. | H11: Exclusief producten met toegevoegde ingrediënten zoals rijst, couscous en pasta. Deze producten moeten worden ingevroren om de houdbaarheid te verlengen. Uitgesloten zijn producten zoals schelpdieren met toegevoegde groenten, deeg of granen, houdbare en bederfelijke onbewerkte en onbewerkte schelpdieren, alle bereide en bewerkte schelpdieren. | I11: 50000000 | J11: Food/Beverage | K11: Levensmiddelen/Dranken | L11: 50120000 | M11: Fish and Seafood | N11: Vis/Schaaldieren/Schelpdieren | O11: 50121700 | P11: Shellfish Unprepared/Unprocessed | Q11: Schaal-/Schelpdieren - Niet-bereid/Niet-bewerkt | R11: Crustacés et Mollusques - Non Préparé/Non Transformé (Surgelé) | S11: Nourriture/Boisson | T11: Poissons et Fruits de Mer | U11: Crustacés et Mollusques - Non Préparé/Non Transformé | V11: Comprend tous les produits qui peuvent être décrits/observés comme étant des animaux marins dont l'enveloppe extérieure consiste en une coquille ou en une carapace, tel que les huîtres, les coquillages, les homards ou les crabes, qui ne sont pas passés par une transformation industrielle quelconque pour être reconstitués, cuits, séchés ou salés mais qui ont pu cependant être nappés, préparés en sauce, fourrés ou farcis. Comprend les produits tels que les bulots et les mollusques. Les produits peuvent contenir une petite quantité de légumes tels que préparés en sauce, fourrés ou farcis. Ces produits doivent être congelés pour allonger leur durée de consommation. | W11: Exclut des produits tels que les crustacés et mollusques accompagnés de légumes, de pâte ou de céréales, de longue conservation et périssables non préparés et non transformés, tous les crustacés et mollusques préparés et transformés. Exclut spécifiquement les produits contenant des ingrédients ajoutés tels que le riz, le couscous et les pâtes. | X11: CHANGE-4508
A12: 10000021 | B12: No | C12: Shellfish - Unprepared/Unprocessed (Shelf Stable) | D12: Schaal-/Schelpdieren - Niet-bereid/Niet-bewerkt (Houdbaar) | E12: Includes any products that can be described/observed as an aquatic animal whose external covering consists of a shell, as in oysters, clams, lobsters and crabs, that has not gone through any further manufacturing processes, such as reformed, cooked, dried and salted, however these products can be coated, in sauce, stuffed or filled. Products include sea snails and molluscs. However products may contain a small quantity of vegetables such as those in a sauce or stuffing/filling. These products have been treated or packaged in such a way as to extend their consumable life. | F12: Omvat alle producten die kunnen worden omschreven / waargenomen als waterdieren waarvan de buitenzijde bestaat uit een mantel, zoals in oesters, mosselen, kreeft en krabben, dat geen verdere productieprocessen heeft ondergaan, zoals vervormd, gekookt, gedroogd en gezouten, maar deze producten kunnen zijn voorzien van saus of zijn gevuld. Producten omvatten zeeslakken en weekdieren. | G12: Excludes products such as shellfish with additional vegetables, dough or grains, frozen and perishable unprepared and unprocessed shellfish, all prepared and processed shellfish. Specifically excludes products that have added ingredients included such as rice, couscous and pasta. | H12: Exclusief producten met toegevoegde ingrediënten zoals rijst, couscous en pasta. Deze producten moeten worden ingevroren om de houdbaarheid te verlengen. Uitgesloten zijn producten zoals schelpdieren met toegevoegde groenten, deeg of granen, houdbare en bederfelijke onbewerkte en onbewerkte schelpdieren, alle bereide en bewerkte schelpdieren. | I12: 50000000 | J12: Food/Beverage | K12: Levensmiddelen/Dranken | L12: 50120000 | M12: Fish and Seafood | N12: Vis/Schaaldieren/Schelpdieren | O12: 50121700 | P12: Shellfish Unprepared/Unprocessed | Q12: Schaal-/Schelpdieren - Niet-bereid/Niet-bewerkt | R12: Crustacés et Mollusques - Non Préparé/Non Transformé (Longue Conservation) | S12: Nourriture/Boisson | T12: Poissons et Fruits de Mer | U12: Crustacés et Mollusques - Non Préparé/Non Transformé | V12: Comprend tous les produits qui peuvent être décrits/observés comme étant des animaux marins dont l'enveloppe extérieure consiste en une coquille ou en une carapace, tel que les huîtres, les coquillages, les homards ou les crabes, qui ne sont pas passés par une transformation industrielle quelconque pour être reconstitués, cuits, séchés ou salés mais qui ont pu cependant être nappés, préparés en sauce, fourrés ou farcis. Comprend les produits tels que les bulots et les mollusques. Les produits peuvent contenir une petite quantité de légumes tels que préparés en sauce, fourrés ou farcis. Ces produits ont été traités ou emballés de manière à allonger leur durée de consommation. | W12: Exclut des produits tels que les crustacés et mollusques accompagnés de légumes, de pâte ou de céréales, surgelés et périssables non préparés et non transformés, tous les crustacés et mollusques préparés et transformés. Exclut spécifiquement les produits contenant des ingrédients ajoutés tels que le riz, le couscous et les pâtes. | X12: CHANGE-4508
A13: 10000137 | B13: No | C13: Aquatic Plants Unprepared/Unprocessed (Perishable) | D13: Waterplanten - Niet-bereid/Niet-bewerkt (Beperkt Houdbaar) | E13: Includes any products that can be described/observed as any fresh edible plant that grows in or on the water, that has not gone through any further manufacturing processes, such as reformed, cooked, dried and salted, however these products can be coated, in sauce, stuffed or filled. These products have to be refrigerated to extend their consumable life. | F13: Omvat alle producten die kunnen worden omschreven / waargenomen als elke eetbare plant die groeit in of op het water, die geen verdere productieprocessen heeft ondergaan, zoals vervormd, gekookt, gedroogd en gezouten, maar deze producten kunnen worden voorzien van saus of zijn gevuld. | G13: Excludes products such as aquatic plants with additional vegetables, dough or grains, shelf stable and frozen unprepared and unprocessed aquatic plants, all prepared and processed aquatic plants. | H13: Met uitzondering van producten waaraan ingrediënten zijn toegevoegd, zoals groenten, rijst, couscous en pasta. Deze producten moeten worden gekoeld om de houdbaarheid te verlengen. Met uitzondering van producten zoals waterplanten met toegevoegde groenten, deeg of granen, houdbare en diepgevroren Onbereide en Onverwerkte waterplanten, alle Bereide en Verwerkte waterplanten. | I13: 50000000 | J13: Food/Beverage | K13: Levensmiddelen/Dranken | L13: 50120000 | M13: Fish and Seafood | N13: Vis/Schaaldieren/Schelpdieren | O13: 50121800 | P13: Aquatic Plants Unprepared/Unprocessed | Q13: Waterplanten - Niet-bereid/Niet-bewerkt | R13: Plantes Aquatiques - Non Préparé/Non Transformé (Périssable) | S13: Nourriture/Boisson | T13: Poissons et Fruits de Mer | U13: Plantes Aquatiques - Non Préparé/Non Transformé | V13: Comprend tous les produits qui peuvent être décrits/observés comme étant des plantes comestibles qui poussent dans ou sur l'eau, qui ne sont pas passées par une transformation industrielle quelconque pour être reconstituées, cuites, séchées ou salées mais qui ont pu être nappées, préparées en sauce, fourrées ou farcies. Ces produits doivent être réfrigérés pour allonger leur durée de consommation. | W13: Exclut des produits tels que les plantes aquatiques accompagnées de légumes, de pâte ou de céréales, les plantes aquatiques de longue conservation et surgelées non préparées et non transformées et toutes les plantes aquatiques préparées et transformées. | X13: CHANGE-4508
A14: 10000138 | B14: No | C14: Aquatic Plants Unprepared/Unprocessed (Frozen) | D14: Waterplanten - Niet-bereid/Niet-bewerkt (Diepvries) | E14: Includes any products that can be described/observed as an edible plant that grows in or on the water, that has not gone through any further manufacturing processes, such as reformed, cooked, dried and salted, however these products can be coated, in sauce, stuffed or filled. These products must be frozen to extend their consumable life. | F14: Omvat alle producten die kunnen worden omschreven / waargenomen als elke eetbare plant die groeit in of op het water, die geen verdere productieprocessen heeft ondergaan, zoals vervormd, gekookt, gedroogd en gezouten, maar deze producten kunnen worden voorzien van saus of zijn gevuld. | G14: Excludes products such as aquatic plants with additional vegetables, dough or grains, shelf stable and perishable unprepared and unprocessed aquatic plants, all prepared and processed aquatic plants. | H14: Exclusief producten waaraan ingrediënten zijn toegevoegd, zoals groenten, rijst, couscous en pasta. Deze producten moeten worden ingevroren om de houdbaarheid te verlengen. Exclusief producten zoals waterplanten met toegevoegde groenten, deeg of granen, houdbare en bederfelijke onbereide en onverwerkte waterplanten, alle bereide en verwerkte waterplanten | I14: 50000000 | J14: Food/Beverage | K14: Levensmiddelen/Dranken | L14: 50120000 | M14: Fish and Seafood | N14: Vis/Schaaldieren/Schelpdieren | O14: 50121800 | P14: Aquatic Plants Unprepared/Unprocessed | Q14: Waterplanten - Niet-bereid/Niet-bewerkt | R14: Plantes Aquatiques - Non Préparé/Non Transformé (Surgelé) | S14: Nourriture/Boisson | T14: Poissons et Fruits de Mer | U14: Plantes Aquatiques - Non Préparé/Non Transformé | V14: Comprend tous les produits qui peuvent être décrits/observés comme étant des plantes comestibles qui poussent dans ou sur l'eau, qui ne sont pas passées par une transformation industrielle quelconque pour être reconstituées, cuites, séchées ou salées mais qui ont pu être nappées, préparées en sauce, fourrées ou farcies. Ces produits doivent être congelés pour allonger leur durée de consommation. | W14: Exclut des produits tels que les plantes aquatiques accompagnées de légumes, de pâte ou de céréales, les plantes aquatiques de longue conservation et périssables non préparées et non transformées et toutes les plantes aquatiques préparées et transformées. | X14: CHANGE-4508
A15: 10000139 | B15: No | C15: Aquatic Plants Unprepared/Unprocessed (Shelf Stable) | D15: Waterplanten - Niet-bereid/Niet-bewerkt (Houdbaar) | E15: Includes any products that can be described/observed as any edible plant that grows in or on the water, that has not gone through any further manufacturing processes, such as reformed, cooked, dried and salted, however these products can be coated, in sauce, stuffed or filled. These products have been treated or packaged in such a way as to extend their consumable life. | F15: Omvat alle producten die kunnen worden omschreven / waargenomen als elke eetbare plant die groeit in of op het water, die geen verdere productieprocessen heeft ondergaan, zoals vervormd, gekookt, gedroogd en gezouten, maar deze producten kunnen worden voorzien van saus of zijn gevuld. | G15: Excludes products such as aquatic plants with additional vegetables, dough or grains, frozen and perishable unprepared and unprocessed aquatic plants, all prepared and processed aquatic plants. | H15: Met uitzondering van producten waaraan ingrediënten zijn toegevoegd, zoals groenten, rijst, couscous en pasta, die zo zijn behandeld of verpakt dat de houdbaarheid wordt verlengd. Met uitzondering van producten zoals waterplanten met toegevoegde groenten, deeg of granen, diepgevroren en bederfelijke onbereide en onverwerkte waterplanten, alle bereide en verwerkte waterplanten. | I15: 50000000 | J15: Food/Beverage | K15: Levensmiddelen/Dranken | L15: 50120000 | M15: Fish and Seafood | N15: Vis/Schaaldieren/Schelpdieren | O15: 50121800 | P15: Aquatic Plants Unprepared/Unprocessed | Q15: Waterplanten - Niet-bereid/Niet-bewerkt | R15: Plantes Aquatiques - Non Préparé/Non Transformé (Longue Conservation) | S15: Nourriture/Boisson | T15: Poissons et Fruits de Mer | U15: Plantes Aquatiques - Non Préparé/Non Transformé | V15: Comprend tous les produits qui peuvent être décrits/observés comme étant des plantes comestibles qui poussent dans ou sur l'eau, qui ne sont pas passées par une transformations industrielles quelconque pour être reconstituées, cuites, séchées ou salées mais qui ont pu être nappées, préparées en sauce, fourrées ou farcies. Ces produits ont été traités ou emballés de manière à allonger leur durée de consommation. | W15: Exclut des produits tels que les plantes aquatiques accompagnées de légumes, de pâte ou de céréales, les plantes aquatiques surgelées et périssables non préparées et non transformées et toutes les plantes aquatiques préparées et transformées. | X15: CHANGE-4508
A16: 10000145 | B16: No | C16: Aquatic Invertebrates - Prepared/Processed (Frozen) | D16: Ongewervelde Waterdieren - Bereid/Bewerkt (Diepvries) | E16: Includes any products that can be described/observed as any frozen edible animal, such as an insect or mollusc that lacks a backbone or spinal column and has no external shell, that lives in, on or near the water, that has gone through further manufacturing processes, such as reformed, cooked, dried and salted, however these products can also be coated, in sauce, stuffed or filled. These products must be frozen to extend their consumable life. | F16: Omvat alle producten die kunnen worden omschreven / waargenomen als bevroren eetbare dieren, zoals insecten of weekdieren waar een skelet of wervelkolom ontbreekt en geen uitwendige mantel heeft, die leeft in, op of nabij het water, dat door verdere productie processen is gegaan, zoals vervormd, gekookt, gedroogd en gezouten, maar deze producten kunnen ook worden voorzien/omhuld van saus of zijn gevuld. | G16: Excludes products such as aquatic invertebrates with additional vegetables, dough or grains, shelf stable and perishable prepared and processed aquatic invertebrates, all unprepared and unprocessed aquatic invertebrates. | H16: Met uitzondering van producten met toegevoegde ingrediënten, zoals groenten, rijst, couscous en pasta. Deze producten moeten worden ingevroren om de houdbaarheid te verlengen. Exclusief producten zoals aquatische ongewervelden met extra groenten, deeg of granen, houdbare en bederfelijke bereide en verwerkte aquatische ongewervelden, alle onbereide en onverwerkte aquatische ongewervelden. | I16: 50000000 | J16: Food/Beverage | K16: Levensmiddelen/Dranken | L16: 50120000 | M16: Fish and Seafood | N16: Vis/Schaaldieren/Schelpdieren | O16: 50122000 | P16: Aquatic Invertebrates – Prepared/Processed | Q16: Ongewervelde Waterdieren - Bereid/Bewerkt | R16: Invertébrés Aquatiques - Préparé/Transformé (Surgelé) | S16: Nourriture/Boisson | T16: Poissons et Fruits de Mer | U16: Invertébrés Aquatiques - Préparé/Transformé | V16: Comprend tous les produits qui peuvent être décrits/observés comme étant des animaux comestibles surgelés tels que des insectes ou des mollusques, sans colonne vertébrale ni carapace ou coquille, vivant dans l'eau ou près de l'eau et qui sont passés par diverses transformations industrielles pour être reconstitués, cuits, séchés ou salés et ont pu aussi être nappés, préparés en sauce, fourrés ou farcis. Ces produits doivent être congelés pour allonger leur durée de consommation. | W16: Exclut des produits tels que les invertébrés aquatiques accompagnés de légumes, de pâte ou de céréales, les invertébrés aquatiques périssables et de longue conservation préparés et transformés et tous les invertébrés aquatiques non préparés et non transformés. | X16: CHANGE-4508
... A200: 10006240 | B200: No | C200: Audio (Non-Music) - Digital | D200: Audio (Niet Muziek) - Digitaal | E200: Includes any products that can be described/observed as digital audio content which is downloaded or streamed to a audio playing device. They are typically intended for use in conjunction with an MP3 player, smart phone, or computer. Includes digital audio content for instruction, inspiration, audio books, and radio podcasts. | F200: Omvat alle producten die kunnen worden beschreven/waargenomen als digitale audiocontent die wordt gedownload of gestreamd naar een audioapparaat. Ze zijn doorgaans bedoeld voor gebruik in combinatie met een MP3-speler, smartphone of computer. Omvat digitale audiocontent voor instructie, inspiratie, audioboeken en radiopodcasts. | G200: Excludes pre-recorded CDs, DVDs, and audio cassettes which contain music, ring tones, and audio books, etc. | H200: Exclusief vooraf opgenomen cd's, dvd's en audiocassettes met muziek, beltonen en audioboeken, enz. | I200: 68000000 | J200: Audio Visual/Photography | K200: Audio/Video/Fotografie | L200: 68040000 | M200: Audio Visual Media | N200: Audio/Video Opslagmedia | O200: 68040100 | P200: Pre-Recorded or Digital Content Media | Q200: Voorbespeelde Media | R200: Audio (Non-Musique) – Numérique | S200: Audiovisuel/Photographie | T200: Media Audiovisuel | U200: Contenu de Média Préenregistrés ou Numériques | V200: Comprend tous les produits qui peuvent être décrits/observé comme étant un contenu audio numérique qui est téléchargé ou transmis à un dispositif de lecture audio. Ils sont généralement destinés à être utilisés en conjonction avec un lecteur MP3, téléphone intelligent (smart phone) ou un ordinateur. Comprend contenu audio numérique pour l'enseignement, de l'inspiration, des livres audio, podcasts et radio. | W200: Exclut les CD, DVD et cassettes audio préenregistrés qui comprennent de la musique, des sonneries et des livres audio, etc. | X200: CHANGE-4508
A201: 10006250 | B201: No | C201: Cereal Products - Not Ready to Eat (Frozen) | D201: Graanproducten - Niet-gebruiksklaar (Diepvries) | E201: Includes any product that can be described/observed as a cereal combining all or some of the following ingredients: oats, muesli, wheat, rice, seeds, bran, fruit, nuts, cereal and honey, which has gone through further manufacturing processes such as cooking, milling, drying, and reforming, which will require preparation/cooking prior to consumption. These products are frozen to extend their consumable life. Includes products such as porridge oats, couscous and tapioca. | F201: Omvat elk product dat kan worden omschreven / waargenomen als een graan combinatie van alle of sommige van de volgende ingrediënten: haver, muesli, tarwe, rijst, zaden, zemelen, vruchten, granen en honing, die is gegaan door verdere productieprocessen zoals koken, malen, drogen en hervormen, waarbij het preparaat koken vereist voor consumptie. Deze producten worden bevroren om hun houdbaarheid te verlengen. Omvat producten zoals havermout, couscous en tapioca. | I201: 50000000 | J201: Food/Beverage | K201: Levensmiddelen/Dranken | L201: 50220000 | M201: Cereal/Grain/Pulse Products | N201: Graanproducten/Peulvruchtproducten | O201: 50221200 | P201: Processed Cereal Products | Q201: Verwerkte Graanproducten | R201: Produits de Céréals – Non prêt à Consommer (Surgelé) | S201: Nourriture/Boisson | T201: Céréales, Grains et Légumes Secs | U201: Produits Céréaliers transformés | V201: Comprend tout les produits qui peuvent-être décrits /observés comme une céréale produite à partir de blé, le seigle, l'orge, l'avoine ou d'autres types de céréales, qui à travers les procédés de fabrication supplémentaires telles que la cuisine, le fraisage, le séchage, et la réformé, qui nécessitera une préparation/cuisson avant consommation.Ces produits sont congelés pour prolonger leur durée de vie des consommables.Inclus les produits tels que l'avoine bouillie, le couscous et le tapioca. Comprend tout les produits qui peuvent-être décrits /observés comme une céréale produite à partir de blé, le seigle, l'orge, l'avoine ou d'autres types de céréales, qui à travers les procédés de fabrication supplémentaires telles que la cuisine, le fraisage, le séchage, et la réformé, qui nécessitera une préparation/cuisson avant consommation.Ces produits sont congelés pour prolonger leur durée de vie des consommables.Inclus les produits tels que l'avoine bouillie, le couscous et le tapioca. | X201: CHANGE-4469
A202: 10006334 | B202: No | C202: Anise | D202: Anijs | E202: Includes any product that can be described/observed as a fresh commercial variety of Anise, grown from Pimpinella anisum, to be supplied fresh. | F202: Omvat elk product dat kan worden omschreven / waargenomen als een verse commerciële variant van diverse anijs, gegroeid uit Pimpinella anisum, vers geleverd. | G202: Excludes prepared, processed or unprepared, unprocessed shelf stable or frozen Anise and variety packs of Anise mixed with other items. | H202: Specifiek uitgesloten zijn: Bereide/verwerkte of Onbereide/onbewerkte en Houdbare of Bevroren Anijs en Variatieverpakkingen van Anijs gemengd met andere artikelen. | I202: 50000000 | J202: Food/Beverage | K202: Levensmiddelen/Dranken | L202: 50260000 | M202: Vegetables (Non Leaf) – Unprepared/Unprocessed (Fresh) | N202: Groenten (Niet Blad) - Onbewerkt/Onverwerkt (Vers) | O202: 50261300 | P202: Herbs | Q202: Verse Kruiden | R202: Anis Vert | S202: Nourriture/Boisson | T202: Légumes (Sans feuille) – Non Préparé/Non Transformé (Frais) | U202: Herbes | V202: Comprend tous les produits qui peuvent être décrits/observés comme comme une variété commerciale fraiche d'Anis Vert, issu du Pimpinella anisum, à fournir fraîche. | W202: Exclut les Anis Vert Préparés/Transformés ou Non Préparés /Non Transformés et de longue conservation ou Congelés et les assortiments d'Anis Vert et d'autres produits. | X202: CHANGE-4508
A203: 10006346 | B203: No | C203: Loganberries | D203: Loganbessen | E203: Includes any product that can be described/observed as a fresh commercial variety of Loganberries, grown from Rubus loganobaccus, to be supplied fresh. | F203: Omvat elk product dat kan worden omschreven / waargenomen als een verse commerciële variant van diverse Loganbessen, gegroeid uit Rubus loganobaccus, vers geleverd. | G203: Excludes prepared, processed or unprepared, unprocessed and shelf stable or frozen Loganberries and variety packs of Loganberries mixed with other items. | H203: Exclusief bereide/verwerkte of onbereide/onverwerkte en houdbare of ingevroren loganbessen en pakjes met verschillende soorten loganbessen gemengd met andere producten. | I203: 50000000 | J203: Food/Beverage | K203: Levensmiddelen/Dranken | L203: 50250000 | M203: Fruits – Unprepared/Unprocessed (Fresh) | N203: Fruit - Onbewerkt/Onverwerkt (Vers) | O203: 50251000 | P203: Berries/Small Fruit | Q203: Bessen/Zachtfruit/Kleinfruit | R203: Mûres de Logan | S203: Nourriture/Boisson | T203: Fruits – Non préparés/Non Transformés (Frais) | U203: Baies/Petits Fruits | V203: Comprend tout produit qui peut être décrit/observé comme une variété commerciale de Mûres de Logan, issues du Rubus loganobaccus destiné à être livré frais. | W203: Exclut les mûres de Logan Préparées /Transformées ou Non Préparées/Non Transformées et de longue conservation ou congelées et toutes les autres baies. | X203: CHANGE-4508
A204: 10006347 | B204: No | C204: Madrona | D204: Aardbeiboomvruchten | E204: Includes any product that can be described/observed as a fresh commercial variety of Madrona, grown from Arbutus unedo, to be supplied fresh. | F204: Omvat elk product dat kan worden omschreven / waargenomen als een verse commerciële variant van diverse Aardbeiboomvruchten, gegroeid uit Arbutus unedo, vers geleverd. | G204: Excludes prepared, processed or unprepared, unprocessed and shelf stable or frozen Madrona and variety packs of Madrona mixed with other items. | H204: Exclusief Bereide/verwerkte of Onbereide/onverwerkte en houdbare of bevroren Aardbeien.Met uitzondering van alle andere soorten Bessen. | I204: 50000000 | J204: Food/Beverage | K204: Levensmiddelen/Dranken | L204: 50250000 | M204: Fruits – Unprepared/Unprocessed (Fresh) | N204: Fruit - Onbewerkt/Onverwerkt (Vers) | O204: 50251000 | P204: Berries/Small Fruit | Q204: Bessen/Zachtfruit/Kleinfruit | R204: Arbouses | S204: Nourriture/Boisson | T204: Fruits – Non préparés/Non Transformés (Frais) | U204: Baies/Petits Fruits | V204: Comprend tout produit qui peut être décrit/observée comme une variété commerciale d'Arbouses, issues de Arbutus unedo, à fournir fraîches. | W204: Exclut les Arbouses Préparées/Transformés ou Non Préparées/Non Transformées et de longue conservation ou congelées et les Assortiments d'Arbouses avec d'autres produits. | X204: CHANGE-4469
A205: 10006353 | B205: No | C205: Sage | D205: Salie | E205: Includes any product that can be described/observed as a fresh commercial variety of Sage, grown from Salvia officinalis, to be supplied fresh. | F205: Omvat elk product dat kan worden omschreven / waargenomen als een verse commerciële variant van Salie, gegroeid uit Salvia officinalis, vers geleverd. | G205: Excludes prepared, processed or unprepared, unprocessed and shelf stable or frozen Sage and variety packs of Sage mixed with other items. | H205: Exclusief Bereide/verwerkte of Onbereide/onverwerkte en Houdbare of Bevroren Salie en Versverpakkingen van Salie gemengd met andere artikelen. | I205: 50000000 | J205: Food/Beverage | K205: Levensmiddelen/Dranken | L205: 50260000 | M205: Vegetables (Non Leaf) – Unprepared/Unprocessed (Fresh) | N205: Groenten (Niet Blad) - Onbewerkt/Onverwerkt (Vers) | O205: 50261300 | P205: Herbs | Q205: Verse Kruiden | R205: Sauge Officinale | S205: Nourriture/Boisson | T205: Légumes (Sans feuille) – Non Préparé/Non Transformé (Frais) | U205: Herbes | V205: Comprend tout produit qui peut être décrit ou observé comme comme une variété commerciale fraiche de Sauge Officinale, issu du Salvia officinalis, destiné à être livré frais. | W205: Exclut précisément: Sauge Officinale Préparées/Transformées ou Non Préparées /Non Transformées et de longue conservation ou Congelés et assortiments de Sauge Officinale et d'autres produits. | X205: CHANGE-4469
A206: 10006354 | B206: No | C206: Saskatoon Berries | D206: Saskatoon Bessen | E206: Includes any product that can be described/observed as a fresh commercial variety of Saskatoon Berries, grown from Amelanchier alnifolia, to be supplied fresh. | F206: Omvat elk product dat kan worden omschreven / waargenomen als een verse commerciële variant van diverse Saskatoon bessen, gegroeid uit Amelanchier alnifolia, vers geleverd. | G206: Excludes prepared, processed or unprepared, unprocessed and shelf stable or frozen Saskatoon Berries and variety packs of Saskatoon Berries mixed with other items. | H206: Specifiek uitgesloten zijn: Bereid/Verwerkt of Onbereid/Verwerkt en Houdbaar of Bevroren Saskatoonbessen en Versverpakkingen van Saskatoonbessen gemengd met andere artikelen. | I206: 50000000 | J206: Food/Beverage | K206: Levensmiddelen/Dranken | L206: 50250000 | M206: Fruits – Unprepared/Unprocessed (Fresh) | N206: Fruit - Onbewerkt/Onverwerkt (Vers) | O206: 50251000 | P206: Berries/Small Fruit | Q206: Bessen/Zachtfruit/Kleinfruit | R206: Baies d'amélanchier | S206: Nourriture/Boisson | T206: Fruits – Non préparés/Non Transformés (Frais) | U206: Baies/Petits Fruits | V206: Comprend tout produit qui peut être décrit/observé comme une variété commerciale de Baies d'amélanchier, issues d'Amelanchier alnifolia, destiné à être livré frais. | W206: Exclut les Baies d'amélanchier préparées/Transformées ou Non Préparées/Non Transformées et de longue conservation ou congelées et les assortiments de Baies d'amélanchier et d'un autre article. | X206: CHANGE-4508
A207: 10006377 | B207: No | C207: Wheel Rim | D207: Velgen | E207: Includes any products that can be described/observed as an item specifically designed to be the inner side of car wheels. | F207: Omvat alle producten die kunnen worden beschreven/waargenomen als een item dat speciaal is ontworpen om de binnenkant van autowielen te zijn. De producten zijn exclusief velgen met banden of andere onderdelen. | G207: Excludes any other car hardware not specifically designed as wheel rim and rim wheels with tyre or any other part. | H207: Exclusief alle andere autohardware die niet specifiek is ontworpen als velg. | I207: 77000000 | J207: Vehicule | K207: Voertuigen | L207: 77010000 | M207: Automotive Accessories and Maintenance | N207: Motorvoertuigen - Onderdelen/Accessoires | O207: 77012800 | P207: Automotive Tyres/Wheels Accessories | Q207: Banden/Wielen van Motorvoertuigen - Accessoires | R207: Jantes | S207: Véhicule | T207: Accessoires et Maintenance Automobile | U207: Automobile Pneus/Roues Accessoires | V207: Comprend tous les produits qui peuvent être décrits/observés comme un article spécifiquement conçu pour constituer la partie intérieure des roues de voiture. | W207: Exclut tous les autres équipements automobiles non spécifiquement conçu pour servir de jante at les jantes munies de pneus ou de toute autre pièce. | X207: CHANGE-4508
A208: 10006393 | B208: No | C208: Roe Deer - Prepared/Processed | D208: Reevlees - Bereid/Bewerkt | E208: Includes products from animals of the species Capreolus capreolus, also known as the European Roe Deer, Western Roe Deer, Chevreuil, or Roe Deer, that have been subjected to one or more further manufacturing processes such as being cooked, dried, cured, ground, or reformed. Includes Roe Deer - Prepared/Processed, Elk/Wapiti - Prepared/Processed, Moose/Elk - Prepared/Processed, Reindeer/Caribou - Prepared/Processed and Meat/Poultry Sausages - Prepared/Processed. | F208: Omvat producten van dieren van de soort Ree(Capreolus capreolus, ook wel de Europese Ree, Western Ree, Chevreuil of Ree), die zijn onderworpen aan een of meer verdere productieprocessen zoals gekookt, gedroogd, gehard, gemalen, of vervormd. | G208: Excludes roe deer unprepared, unprocessed. Specifically excludes all deer other than roe deer, elk.wapiti, moose/elk, reindeer/caribou. | H208: Met name uitgezonderd ree, ander dan ree - bereid/verwerkt, eland/wapiti - bereid/verwerkt, Eland/eend - bereid/verwerkt, rendier/kariboe - bereid/verwerkt en vlees/gevogelteworst - bereid/verwerkt.Met uitzondering van ree - niet-bereid/onbewerkt. | I208: 50000000 | J208: Food/Beverage | K208: Levensmiddelen/Dranken | L208: 50240000 | M208: Meat/Poultry/Other Animals | N208: Vlees/Gevogelte/Wild | O208: 50240100 | P208: Meat/Poultry/Other Animals – Prepared/Processed | Q208: Vlees/Gevogelte/Wild - Bereid/Bewerkt | R208: Chevreuil - Préparé/Transformé | S208: Nourriture/Boisson | T208: Viande/Volaille/Autres Animaux | U208: Viande/Volaille/Autres Animaux - Préparée/Transformée | V208: Comprend tous les produits qui peuvent être décrits/observés comme étant issus de l'animal de l'espèce Capreolus capreolus, aussi connu sous le nom de Chevreuil, qui a fait l'objet d'un ou plusieurs procédé de transformation tels que cuisiné, séché, salé, haché ou reformé. Comprend le chevreuil - préparé/transformé, l'élan/wapiti - préparé/transformé, l'orignal/élan - préparé/transformé, le renne/caribou - préparé/transformé et les saucisses de viande/volaille - préparées/transformées. | W208: Exclut les Chevreuils – non préparés non transformés. Exclut spécifiquement tous les cervidés autres que les chevreuils, les wapitis, les élans, les rennes et les caribous. | X208: CHANGE-4508
